Workbook

Sheet PLANILHA ORÇ.
B10: PREFEITURA MUNICIPAL DE GUARAPARI
B11: SEMOP - SECRETARIA MUNICIPAL DE OBRAS PÚBLICAS
B13: OBRA: | C13: RECONSTRUÇÃO E/OU CONSTRUÇÃO DA PRAÇA DA PRAIA DA CERCA, PRAÇA BELO HORIZONTE, PRAÇA DA BÍBLIA, PRAÇA DA RUA DA MARINHA E PRAÇA PARIS | H13: ÁREA: | I13: 3451,71 m²
B14: LOCAL: | C14: EM DIVERSOS BAIRROS DESTE MUNICÍPIO | H14: DATA: | I14: 44477
B15: TABELAS DE REF.: | C15: DER-ES 06/2021 | H15: *BDI: | I15: 0.3196 | L15: BDI CONFORME 2º FAIXA DA TABELA 01 DA RESOLUÇÃO TC Nº329, DE 24/09/2019 DO TCEES
B17: PLANILHA ORÇAMENTÁRIA
B19: ITEM | C19: FONTE | D19: CÓD. | E19: ESPECIFICAÇÃO DE SERVIÇO | F19: UND. | G19: QUANT. | H19: PREÇO UNITÁRIO | I19: PREÇO TOTAL | K19: VALOR
B20: 1 | E20: SERVIÇOS PRELIMINARES | K20: S/ BDI | L20: C/ BDI | N20: qtd
B21: 1.1 | E21: DEMOLIÇÕES E RETIRADAS
B22: 1.1.1 | C22: DER-ES | D22: 10206 | E22: Demolição de revestimento com azulejos | F22: m² | G22: ='QUANT.RUA MAR'!F6+'QUANT.PRAÇA BÍBLIA'!F7 -> 50.97 | H22: =L22 -> 52.67 | I22: =ROUND(G22*H22,2) -> 2684.59 | K22: 39.91 | L22: =ROUND(K22*(1+I15),2) -> 52.67 | N22: ='QUANT.PRAÇA BÍBLIA'!F7+'QUANT.RUA MAR'!F6 -> 50.97
B23: 1.1.2 | C23: DER-ES | D23: 10201 | E23: Demolição de piso cimentado inclusive lastro de concreto | F23: m² | G23: ='QUANT.PRAÇA CERCA'!F6+'QUANT.RUA MAR'!F7+QUANT.PARIS!F6+'QUANT.PRAÇA BÍBLIA'!F8 -> 2478.32 | H23: =L23 -> 27.38 | I23: =ROUND(G23*H23,2) -> 67856.4 | K23: 20.75 | L23: =ROUND(K23*(1+$I$15),2) -> 27.38 | N23: ='QUANT.PRAÇA BÍBLIA'!F8+QUANT.PARIS!F6+'QUANT.PRAÇA CERCA'!F6+'QUANT.RUA MAR'!F7 -> 2478.32
B24: 1.1.3 | C24: DER-ES | D24: 10209 | E24: Demolição de alvenaria | F24: m³ | G24: =QUANT.PARIS!F8 -> 7.13 | H24: =L24 -> 63.2 | I24: =ROUND(G24*H24,2) -> 450.62 | K24: 47.89 | L24: =ROUND(K24*(1+$I$15),2) -> 63.2 | N24: =QUANT.PARIS!F8 -> 7.13
B25: 1.1.4 | C25: DER-ES | D25: 10216 | E25: Retirada de meio-fio de concreto | F25: m | G25: ='QUANT.PRAÇA BELO HOR.'!F7+'QUANT.PRAÇA CERCA'!F9+'QUANT.RUA MAR'!F10+QUANT.PARIS!F9+'QUANT.PRAÇA BÍBLIA'!F9 -> 509.37 | H25: =L25 -> 10.53 | I25: =ROUND(G25*H25,2) -> 5363.67 | K25: 7.98 | L25: =ROUND(K25*(1+$I$15),2) -> 10.53 | N25: ='QUANT.PRAÇA BÍBLIA'!F9+QUANT.PARIS!F9+'QUANT.PRAÇA BELO HOR.'!F7+'QUANT.PRAÇA CERCA'!F9+'QUANT.RUA MAR'!F10 -> 509.37
B26: 1.1.5 | C26: DER-ES | D26: 10219 | E26: Demolição manual de concreto armado (EMOP 05.001.033) | F26: m³ | G26: ='QUANT.PRAÇA CERCA'!F7 -> 0.18 | H26: =L26 -> 348.94 | I26: =ROUND(G26*H26,2) -> 62.81 | K26: 264.43 | L26: =ROUND(K26*(1+$I$15),2) -> 348.94 | N26: ='QUANT.PRAÇA CERCA'!F7 -> 0.18
B27: 1.1.6 | C27: DER-ES | D27: 10403 | E27: Corte e destocamento de árvores com diâmetro de até 15 cm | F27: und | G27: =QUANT.PARIS!F7+'QUANT.PRAÇA BELO HOR.'!F6+'QUANT.PRAÇA CERCA'!F8 -> 4 | H27: =L27 -> 55.62 | I27: =ROUND(G27*H27,2) -> 222.48 | K27: 42.15 | L27: =ROUND(K27*(1+$I$15),2) -> 55.62 | N27: =QUANT.PARIS!F7+'QUANT.PRAÇA BELO HOR.'!F6+'QUANT.PRAÇA CERCA'!F8 -> 4
B28: 1.1.7 | C28: DER-ES | D28: 10331 | E28: Demolição de piso, soleira, peitoris e escadas em mármore ou granito, exclusive regularização | F28: m² | G28: ='QUANT.RUA MAR'!F9 -> 25.29 | H28: =L28 -> 11.3 | I28: =ROUND(G28*H28,2) -> 285.78 | K28: 8.56 | L28: =ROUND(K28*(1+$I$15),2) -> 11.3 | N28: ='QUANT.RUA MAR'!F9 -> 25.29
B29: 1.1.8 | C29: DER-ES | D29: 10326 | E29: Retirada de estrutura em madeira do telhado | F29: m² | G29: ='QUANT.RUA MAR'!F8 -> 19.32 | H29: =L29 -> 30.96 | I29: =ROUND(G29*H29,2) -> 598.15 | K29: 23.46 | L29: =ROUND(K29*(1+$I$15),2) -> 30.96 | N29: ='QUANT.RUA MAR'!F8 -> 19.32
B30: 1.2 | E30: LIMPEZA DO TERRENO
B31: 1.2.1 | C31: DER-ES | D31: 10402 | E31: Raspagem e limpeza do terreno (manual) | F31: m² | G31: ='QUANT.PRAÇA BELO HOR.'!F9 -> 105.29 | H31: =L31 -> 4.63 | I31: =ROUND(G31*H31,2) -> 487.49 | K31: 3.51 | L31: =ROUND(K31*(1+$I$15),2) -> 4.63 | N31: ='QUANT.PRAÇA BELO HOR.'!F9 -> 105.29
B32: 1.3 | E32: LOCAÇÃO
B33: 1.3.1 | C33: DER-ES | D33: 10501 | E33: Locação de obra com gabarito de madeira | F33: m² | G33: ='QUANT.PRAÇA BELO HOR.'!F11 -> 206.04 | H33: =L33 -> 12.39 | I33: =ROUND(G33*H33,2) -> 2552.84 | K33: 9.39 | L33: =ROUND(K33*(1+$I$15),2) -> 12.39 | N33: ='QUANT.PRAÇA BELO HOR.'!F11 -> 206.04
B34: 2 | E34: INSTALAÇÃO DO CANTEIRO DE OBRAS
B35: 2.1 | E35: TAPUMES, BARRACÕES E COBERTURAS
B36: 2.1.1 | C36: DER-ES | D36: 20305 | E36: Placa de obra nas dimensões de 2.0 x 4.0 m, padrão IOPES | F36: m² | G36: ='QUANT.PRAÇA BELO HOR.'!F14+'QUANT.PRAÇA CERCA'!F12+'QUANT.RUA MAR'!F13+QUANT.PARIS!F12+'QUANT.PRAÇA BÍBLIA'!F12 -> 40 | H36: =L36 -> 377.97 | I36: =ROUND(G36*H36,2) -> 15118.8 | K36: 286.43 | L36: =ROUND(K36*(1+$I$15),2) -> 377.97 | N36: 40
B37: 2.1.2 | C37: DER-ES | D37: 20352 | E37: Aluguel mensal container para escritório, dim. 6.00x2.40m, c/ banheiro (vaso+lavat+chuveiro e básc), incl. porta, 2 janelas, abert p/ ar cond., 2 pt iluminação, 2 tom. elét. e 1 tom.telef. Isolam.térmico(teto e paredes), piso em comp. Naval, cert. NR18, incl. laudo descontaminação. | F37: ms | G37: ='QUANT.PRAÇA BELO HOR.'!F16+'QUANT.PRAÇA CERCA'!F13+'QUANT.RUA MAR'!F14+QUANT.PARIS!F13+'QUANT.PRAÇA BÍBLIA'!F13 -> 24 | H37: =L37 -> 1038.96 | I37: =ROUND(G37*H37,2) -> 24935.04 | K37: 787.33 | L37: =ROUND(K37*(1+$I$15),2) -> 1038.96 | N37: ='QUANT.PRAÇA BÍBLIA'!F13+QUANT.PARIS!F13+'QUANT.PRAÇA CERCA'!F13+'QUANT.PRAÇA BELO HOR.'!F16+'QUANT.RUA MAR'!F14 -> 24
B38: 2.1.3 | C38: DER-ES | D38: 20344 | E38: Mobilização e desmobilização de conteiner locado para barracão de obra | F38: und | G38: ='QUANT.PRAÇA BELO HOR.'!F15+'QUANT.PRAÇA CERCA'!F14+'QUANT.RUA MAR'!F15+QUANT.PARIS!F14+'QUANT.PRAÇA BÍBLIA'!F14 -> 5 | H38: =L38 -> 1366.67 | I38: =ROUND(G38*H38,2) -> 6833.35 | K38: 1035.67 | L38: =ROUND(K38*(1+$I$15),2) -> 1366.67 | N38: 5
B39: 2.1.4 | C39: DER-ES | D39: 20350 | E39: Tapume Telha Metálica Ondulada em aço galvalume 0,50mm Branca h=2,20m, incl. montagem estr. mad. 8"x8", c/adesivo "IOPES" 60x60cm a cada 10m, incl. faixas pint. esmalte sint. cores azul c/ h=30cm e rosa c/ h=10cm (Reaproveitamento 2x) | F39: m | G39: ='QUANT.PRAÇA BELO HOR.'!F17+'QUANT.PRAÇA CERCA'!F15+'QUANT.RUA MAR'!F16+QUANT.PARIS!F15+'QUANT.PRAÇA BÍBLIA'!F15 -> 526.7 | H39: =L39 -> 236.82 | I39: =ROUND(G39*H39,2) -> 124733.09 | K39: 179.46 | L39: =ROUND(K39*(1+$I$15),2) -> 236.82 | N39: ='QUANT.PRAÇA BÍBLIA'!F15+QUANT.PARIS!F15+'QUANT.PRAÇA BELO HOR.'!F17+'QUANT.PRAÇA CERCA'!F15+'QUANT.RUA MAR'!F16 -> 526.7
B40: 2.2 | E40: INSTALAÇÃO DO CANTEIRO DE OBRAS (UTILIZAÇÃO 2 VEZES), PROJETO PADRÃO LABOR - NR.18 (OBRAS COM PRAZO DE EXECUÇÃO DE 6 A 12 MESES)
B41: 2.2.1 | C41: DER-ES | D41: 20812 | E41: Rede de água, com padrão de entrada d'água diâm. 3/4", conf. espec. CESAN, incl. tubos e conexões para alimentação, distribuição, extravasor e limpeza, cons. o padrão a 25m, conf. projeto (2 utilizações) | F41: m | G41: ='QUANT.PRAÇA BELO HOR.'!F19+'QUANT.PRAÇA CERCA'!F17+'QUANT.RUA MAR'!F18+QUANT.PARIS!F17+'QUANT.PRAÇA BÍBLIA'!F17 -> 28 | H41: =L41 -> 38.82 | I41: =ROUND(G41*H41,2) -> 1086.96 | K41: 29.42 | L41: =ROUND(K41*(1+$I$15),2) -> 38.82 | N41: ='QUANT.PRAÇA BÍBLIA'!F17+QUANT.PARIS!F17+'QUANT.PRAÇA BELO HOR.'!F19+'QUANT.PRAÇA CERCA'!F17+'QUANT.RUA MAR'!F18 -> 28
B42: 2.2.2 | C42: DER-ES | D42: 20713 | E42: Rede de luz, incl. padrão entrada de energia trifás., cabo de ligação até barracões, quadro de distrib., disj. E chave de força (quando necessário), cons. 20m entre padrão entrada e QDG, conf. projeto (1 utilização) | F42: m | G42: ='QUANT.PRAÇA BELO HOR.'!F20+'QUANT.PRAÇA CERCA'!F18+'QUANT.RUA MAR'!F19+QUANT.PARIS!F18+'QUANT.PRAÇA BÍBLIA'!F18 -> 40 | H42: =L42 -> 805.52 | I42: =ROUND(G42*H42,2) -> 32220.8 | K42: 610.43 | L42: =ROUND(K42*(1+$I$15),2) -> 805.52 | N42: ='QUANT.PRAÇA BÍBLIA'!F18+QUANT.PARIS!F18+'QUANT.PRAÇA BELO HOR.'!F20+'QUANT.PRAÇA CERCA'!F18+'QUANT.RUA MAR'!F19 -> 40
B43: 3 | E43: MOVIMENTO DE TERRA
B44: 3.1 | E44: ESCAVAÇÕES
B45: 3.1.1 | C45: DER-ES | D45: 30101 | E45: Escavação manual em material de 1a. categoria, até 1.50 m de profundidade | F45: m³ | G45: ='QUANT.PRAÇA BELO HOR.'!F23+'QUANT.PRAÇA CERCA'!F21+'QUANT.RUA MAR'!F22+QUANT.PARIS!F21+'QUANT.PRAÇA BÍBLIA'!F21 -> 21.31 | H45: =L45 -> 60.25 | I45: =ROUND(G45*H45,2) -> 1283.93 | K45: 45.66 | L45: =ROUND(K45*(1+$I$15),2) -> 60.25 | N45: ='QUANT.PRAÇA BÍBLIA'!F21+QUANT.PARIS!F21+'QUANT.PRAÇA BELO HOR.'!F23+'QUANT.PRAÇA CERCA'!F21+'QUANT.RUA MAR'!F22 -> 21.31
B46: 3.1.2 | C46: DER-ES | D46: 30103 | E46: Escavação mecânica em material de 1a. Categoria | F46: m³ | G46: =QUANT.PARIS!F22 -> 61.32 | H46: =L46 -> 13.02 | I46: =ROUND(G46*H46,2) -> 798.39 | K46: 9.87 | L46: =ROUND(K46*(1+$I$15),2) -> 13.02 | N46: =QUANT.PARIS!F22 -> 61.32
B47: 3.1.3 | C47: DER-ES | D47: 30119 | E47: Apiloamento do fundo de vala com maço de 30 a 60kg | F47: m² | G47: ='QUANT.PRAÇA BELO HOR.'!F24+'QUANT.PRAÇA CERCA'!F22+'QUANT.RUA MAR'!F23+QUANT.PARIS!F23+'QUANT.PRAÇA BÍBLIA'!F22 -> 66.09 | H47: =L47 -> 31.53 | I47: =ROUND(G47*H47,2) -> 2083.82 | K47: 23.89 | L47: =ROUND(K47*(1+$I$15),2) -> 31.53 | N47: ='QUANT.PRAÇA BÍBLIA'!F22+QUANT.PARIS!F23+'QUANT.PRAÇA BELO HOR.'!F24+'QUANT.PRAÇA CERCA'!F22+'QUANT.RUA MAR'!F23 -> 66.09
B48: 3.2 | E48: REATERRO E COMPACTAÇÃO
B49: 3.2.1 | C49: DER-ES | D49: 30201 | E49: Reaterro apiloado de cavas de fundação, em camadas de 20 cm | F49: m³ | G49: ='QUANT.PRAÇA BELO HOR.'!F26+'QUANT.PRAÇA CERCA'!F23+'QUANT.RUA MAR'!F24+QUANT.PARIS!F24+'QUANT.PRAÇA BÍBLIA'!F23 -> 13.05 | H49: =L49 -> 64.9 | I49: =ROUND(G49*H49,2) -> 846.95 | K49: 49.18 | L49: =ROUND(K49*(1+$I$15),2) -> 64.9 | N49: ='QUANT.PRAÇA BÍBLIA'!F23+QUANT.PARIS!F24+'QUANT.PRAÇA BELO HOR.'!F26+'QUANT.PRAÇA CERCA'!F23+'QUANT.RUA MAR'!F24 -> 13.05
B50: 3.2.2 | C50: DER-ES | D50: 30210 | E50: Aterro compactado utilizando compactador de placa vibratória com reaproveitamento do material | F50: m³ | G50: ='QUANT.PRAÇA BELO HOR.'!F27 -> 26.32 | H50: =L50 -> 32.29 | I50: =ROUND(G50*H50,2) -> 849.87 | K50: 24.47 | L50: =ROUND(K50*(1+$I$15),2) -> 32.29 | N50: ='QUANT.PRAÇA BELO HOR.'!F27 -> 26.32
B51: 3.3 | E51: TRANSPORTES
B52: 3.3.1 | C52: DER-ES | D52: 30304 | E52: Índice de preço para remoção de entulho decorrente da execução de obras (Classe A CONAMA - NBR 10.004 - Classe II-B), incluindo aluguel da caçamba, carga, transporte e descarga em área licenciada | F52: m³ | G52: ='QUANT.PRAÇA BELO HOR.'!F29+'QUANT.PRAÇA CERCA'!F25+'QUANT.RUA MAR'!F26+QUANT.PARIS!F26+'QUANT.PRAÇA BÍBLIA'!F25 -> 329.84 | H52: =L52 -> 64.46 | I52: =ROUND(G52*H52,2) -> 21261.49 | K52: 48.85 | L52: =ROUND(K52*(1+$I$15),2) -> 64.46 | N52: ='QUANT.PRAÇA BÍBLIA'!F25+QUANT.PARIS!F26+'QUANT.PRAÇA BELO HOR.'!F29+'QUANT.PRAÇA CERCA'!F25+'QUANT.RUA MAR'!F26 -> 329.84
B53: 4 | E53: PAREDES E PAINÉIS
B54: 4.1 | E54: ALVENARIA DE VEDAÇÃO EMPREGANDO ARGAMASSA DE CIMENTO, CAL E AREIA
B55: 4.1.1 | C55: DER-ES | D55: 50601 | E55: Alvenaria de blocos de concreto 9x19x39cm, c/ resist. mínimo a compres. 2.5 MPa, assent. c/ arg. De cimento, cal hidratada CH1 e areia no traço 1:0.5:8 esp. das juntas 10mm e esp. das paredes, s/ rev. 9cm (canteiros) | F55: m² | G55: =QUANT.PARIS!F43+'QUANT.PRAÇA BÍBLIA'!F28 -> 41.99 | H55: =L55 -> 71.36 | I55: =G55*H55 -> 2996.4064 | K55: 54.08 | L55: =ROUND(K55*(1+$I$15),2) -> 71.36 | N55: ='QUANT.PRAÇA BÍBLIA'!F28+QUANT.PARIS!F43 -> 41.99
B56: 5 | E56: REVESTIMENTO DE PAREDES
B57: 5.1 | E57: REVESTIMENTO COM ARGAMASSA
B58: 5.1.1 | C58: DER-ES | D58: 120101 | E58: Chapisco de argamassa de cimento e areia média ou grossa lavada, no traço 1:3, espessura 5 mm (canteiros) | F58: m² | G58: =QUANT.PARIS!F46+'QUANT.PRAÇA BÍBLIA'!F31 -> 84.83 | H58: =L58 -> 7.35 | I58: =G58*H58 -> 623.5005 | K58: 5.57 | L58: =ROUND(K58*(1+$I$15),2) -> 7.35 | N58: ='QUANT.PRAÇA BÍBLIA'!F31+QUANT.PARIS!F46 -> 84.83
B59: 5.1.2 | C59: DER-ES | D59: 120301 | E59: Emboço de argamassa de cimento, cal hidratada CH1 e areia média ou grossa lavada no traço 1:0.5:6, espessura 20 mm (canteiros) | F59: m² | G59: =QUANT.PARIS!F47+'QUANT.PRAÇA BÍBLIA'!F32 -> 84.83 | H59: =L59 -> 36.12 | I59: =G59*H59 -> 3064.0596 | K59: 27.37 | L59: =ROUND(K59*(1+$I$15),2) -> 36.12 | N59: ='QUANT.PRAÇA BÍBLIA'!F32+QUANT.PARIS!F47 -> 84.83
B60: 5.2 | E60: ACABAMENTOS
B61: 5.2.1 | C61: COMP.17 | E61: Piso porcelanato deck legno maso (ripado), dim. 26x106cm, Biancogres/equiv, utilizando dupla colagem de argamassa colante para porcelanato tipo ACIII e rejunte 1mm para porcelanato (canteiros) | F61: m² | G61: ='QUANT.RUA MAR'!F29+QUANT.PARIS!F49+'QUANT.PRAÇA BÍBLIA'!F34 -> 103.95 | H61: =L61 -> 147.3 | I61: =G61*H61 -> 15311.835 | K61: =COMPOSIÇOES!F586 -> 111.6282 | L61: =ROUND(K61*(1+$I$15),2) -> 147.3 | N61: ='QUANT.PRAÇA BÍBLIA'!F34+QUANT.PARIS!F49+'QUANT.RUA MAR'!F29 -> 103.95
B62: 6 | E62: IMPERMEABILIZAÇÃO
B63: 6.1 | E63: IMPERMEABILIZAÇÃO CALHAS, LAJES DESCOBERTAS, BALDRAMES, PAREDES E JARDINEIRAS
B64: 6.1.1 | C64: IOPES | D64: 100203 | E64: Pintura impermeabilizante com igolflex ou equivalente a 3 demãos (canteiros) | F64: m² | G64: ='QUANT.RUA MAR'!F32+QUANT.PARIS!F52+'QUANT.PRAÇA BÍBLIA'!F37 -> 109.56 | H64: =L64 -> 55.08 | I64: =ROUND(G64*H64,2) -> 6034.56 | K64: 41.74 | L64: =ROUND(K64*(1+$I$15),2) -> 55.08 | N64: ='QUANT.PRAÇA BÍBLIA'!F37+QUANT.PARIS!F52+'QUANT.RUA MAR'!F32 -> 109.56
B65: 7 | E65: PISOS INTERNOS E EXTERNOS
B66: 7.1 | E66: LASTRO DE CONTRAPISO
B67: 7.1.1 | C67: DER-ES | D67: 130112 | E67: Lastro de concreto não estrutural, espessura de 6 cm | F67: m² | G67: ='QUANT.PRAÇA BELO HOR.'!F32+'QUANT.PRAÇA CERCA'!F28+'QUANT.RUA MAR'!F37+QUANT.PARIS!F29+'QUANT.PRAÇA BÍBLIA'!F42 -> 1515.48 | H67: =L67 -> 51.53 | I67: =ROUND(G67*H67,2) -> 78092.68 | K67: 39.05 | L67: =ROUND(K67*(1+$I$15),2) -> 51.53 | N67: ='QUANT.PRAÇA BÍBLIA'!F42+QUANT.PARIS!F29+'QUANT.PRAÇA BELO HOR.'!F32+'QUANT.PRAÇA CERCA'!F28+'QUANT.RUA MAR'!F37 -> 1515.48
B68: 7.1.2 | C68: DER-ES | D68: 130103 | E68: Regularização de base p/ revestimento cerâmico, com argamassa de cimento e areia no traço 1:5, espessura 3cm | F68: m² | G68: ='QUANT.PRAÇA BELO HOR.'!F33+'QUANT.PRAÇA CERCA'!F29+'QUANT.RUA MAR'!F38+QUANT.PARIS!F30+'QUANT.PRAÇA BÍBLIA'!F43 -> 671.94 | H68: =L68 -> 25.31 | I68: =ROUND(G68*H68,2) -> 17006.8 | K68: 19.18 | L68: =ROUND(K68*(1+$I$15),2) -> 25.31 | N68: ='QUANT.PRAÇA BÍBLIA'!F43+QUANT.PARIS!F30+'QUANT.PRAÇA BELO HOR.'!F33+'QUANT.PRAÇA CERCA'!F29+'QUANT.RUA MAR'!F38 -> 671.94
B69: 7.1.3 | C69: SINAPI | D69: 97087 | E69: Camada separadora para execução de radier, em lona plástica. af_09/2017 | F69: m² | G69: ='QUANT.PRAÇA BELO HOR.'!F34+'QUANT.PRAÇA CERCA'!F30+'QUANT.RUA MAR'!F35+QUANT.PARIS!F31+'QUANT.PRAÇA BÍBLIA'!F40 -> 1515.48 | H69: =L69 -> 2.61 | I69: =ROUND(G69*H69,2) -> 3955.4 | K69: 1.98 | L69: =ROUND(K69*(1+$I$15),2) -> 2.61 | N69: ='QUANT.PRAÇA BÍBLIA'!F40+QUANT.PARIS!F31+'QUANT.PRAÇA BELO HOR.'!F34+'QUANT.PRAÇA CERCA'!F30+'QUANT.RUA MAR'!F35 -> 1515.48
B70: 7.1.4 | C70: ORSE | D70: 3637 | E70: Fornecimento e instalação de tela aço soldada nervurada CA-60, Q-92, malha 15x15cm, ferro 4.2mm (1.48 kg/m2), painel 2,45x6,0m, Telcon ou similar | F70: m² | G70: ='QUANT.PRAÇA BELO HOR.'!F35+'QUANT.PRAÇA CERCA'!F31+'QUANT.RUA MAR'!F36+QUANT.PARIS!F32+'QUANT.PRAÇA BÍBLIA'!F41 -> 1515.48 | H70: =L70 -> 49.43 | I70: =ROUND(G70*H70,2) -> 74910.18 | K70: 37.46 | L70: =ROUND(K70*(1+$I$15),2) -> 49.43 | N70: ='QUANT.PRAÇA BÍBLIA'!F41+QUANT.PARIS!F32+'QUANT.PRAÇA BELO HOR.'!F35+'QUANT.PRAÇA CERCA'!F31+'QUANT.RUA MAR'!F36 -> 1515.48
B71: 7.2 | E71: ACABAMENTOS
B72: 7.2.1 | C72: SINAPI | D72: 101092 | E72: Piso em granito aplicado em calçadas ou pisos externos. Af_05/2020 (Pç da Bíblia e Pç. da marinha) | F72: m² | G72: ='QUANT.RUA MAR'!F39+'QUANT.PRAÇA BÍBLIA'!F47 -> 35.42 | H72: =L72 -> 258.03 | I72: =ROUND(G72*H72,2) -> 9139.42 | K72: 195.54 | L72: =ROUND(K72*(1+$I$15),2) -> 258.03 | N72: ='QUANT.PRAÇA BÍBLIA'!F47+'QUANT.RUA MAR'!F39 -> 35.42
B73: 7.2.2 | C73: ORSE | D73: 7675 | E73: Piso de borracha reciclada, granulada, tipo"S", da marca HAIAH ou similar, fornecimento e instalação, exclusive lastro de brita e areia | F73: m² | G73: ='QUANT.PRAÇA CERCA'!F33+'QUANT.RUA MAR'!F41+QUANT.PARIS!F34 -> 321.14 | H73: =L73 -> 256.83 | I73: =ROUND(G73*H73,2) -> 82478.39 | K73: 194.63 | L73: =ROUND(K73*(1+$I$15),2) -> 256.83 | N73: =QUANT.PARIS!F34+'QUANT.PRAÇA CERCA'!F33+'QUANT.RUA MAR'!F41 -> 321.14
B74: 7.2.3 | C74: Comp. 01 | E74: Piso porcelanato long deck maso 26x106cm, Biancogres/equiv, utilizando dupla colagem de argamassa colante para porcelanato tipo ACIII e rejunte 1mm para porcelanato | F74: m² | G74: ='QUANT.PRAÇA BELO HOR.'!F37+QUANT.PARIS!F37+'QUANT.PRAÇA CERCA'!F34+'QUANT.PRAÇA BÍBLIA'!F44 -> 296.12 | H74: =L74 -> 152.82 | I74: =ROUND(G74*H74,2) -> 45253.06 | K74: =COMPOSIÇOES!F37 -> 115.8102 | L74: =ROUND(K74*(1+$I$15),2) -> 152.82 | N74: ='QUANT.PRAÇA BÍBLIA'!F44+QUANT.PARIS!F37+'QUANT.PRAÇA BELO HOR.'!F37+'QUANT.PRAÇA CERCA'!F34 -> 296.12
B75: 7.2.4 | C75: Comp. 03 | E75: Piso argamassa alta resistência tipo granilite ou equiv de qualidade comprovada, esp de 10mm, com juntas plástica em quadros de 1m, na cor cimento queimado, com acabamento anti-derrapante mecanizado, inclusive regularização e=3.0cm | F75: m² | G75: ='QUANT.PRAÇA BELO HOR.'!F38+'QUANT.PRAÇA CERCA'!F35+QUANT.PARIS!F35+'QUANT.PRAÇA BÍBLIA'!F45 -> 453.15 | H75: =L75 -> 144.27 | I75: =ROUND(G75*H75,2) -> 65375.95 | K75: =COMPOSIÇOES!F75 -> 109.32883 | L75: =ROUND(K75*(1+$I$15),2) -> 144.27 | N75: ='QUANT.PRAÇA BÍBLIA'!F45+QUANT.PARIS!F35+'QUANT.PRAÇA BELO HOR.'!F38+'QUANT.PRAÇA CERCA'!F35 -> 453.15
B76: 7.2.5 | C76: Comp. 04 | E76: Piso argamassa alta resistência tipo granilite ou equiv de qualidade comprovada, esp de 10mm, com juntas plástica em quadros de 1m, na cor beje, com acabamento anti-derrapante mecanizado, inclusive regularização e=3.0cm | F76: m² | G76: ='QUANT.PRAÇA BELO HOR.'!F39+'QUANT.PRAÇA CERCA'!F36+QUANT.PARIS!F36+'QUANT.PRAÇA BÍBLIA'!F46 -> 350.26 | H76: =L76 -> 144.27 | I76: =ROUND(G76*H76,2) -> 50532.01 | K76: =COMPOSIÇOES!F112 -> 109.32883 | L76: =ROUND(K76*(1+$I$15),2) -> 144.27 | N76: ='QUANT.PRAÇA BÍBLIA'!F46+QUANT.PARIS!F36+'QUANT.PRAÇA BELO HOR.'!F39+'QUANT.PRAÇA CERCA'!F36 -> 350.26
B77: 7.2.6 | C77: Comp. 05 | E77: Piso argamassa alta resistência tipo granilite ou equiv de qualidade comprovada, esp de 10mm, com juntas plástica em quadros de 1m, na cor amarelo, com acabamento anti-derrapante mecanizado, inclusive regularização e=3.0cm | F77: m² | G77: ='QUANT.RUA MAR'!F40 -> 165.99 | H77: =L77 -> 144.27 | I77: =ROUND(G77*H77,2) -> 23947.38 | K77: =COMPOSIÇOES!F150 -> 109.32883 | L77: =ROUND(K77*(1+$I$15),2) -> 144.27 | N77: ='QUANT.RUA MAR'!F40 -> 165.99
B78: 7.3 | E78: DEGRAUS, RODAPÉS, SOLEIRAS E PEITORIS
B79: 7.3.1 | C79: DER-ES | D79: 130308 | E79: Tabeira de granito esp. 2 cm e largura de 15 cm | F79: m | G79: ='QUANT.PRAÇA BELO HOR.'!F41+'QUANT.PRAÇA CERCA'!F38+'QUANT.RUA MAR'!F44+QUANT.PARIS!F39+'QUANT.PRAÇA BÍBLIA'!F51 -> 525.57 | H79: =L79 -> 52.41 | I79: =ROUND(G79*H79,2) -> 27545.12 | K79: 39.72 | L79: =ROUND(K79*(1+$I$15),2) -> 52.41 | N79: ='QUANT.PRAÇA BÍBLIA'!F51+QUANT.PARIS!F39+'QUANT.PRAÇA BELO HOR.'!F41+'QUANT.PRAÇA CERCA'!F38+'QUANT.RUA MAR'!F44 -> 525.57
B80: 7.3.2 | C80: DER-ES | D80: 130317 | E80: Peitoril de granito cinza polido, 15 cm, esp. 3cm | F80: m | G80: ='QUANT.RUA MAR'!F43+QUANT.PARIS!F40+'QUANT.PRAÇA BÍBLIA'!F49 -> 327.98 | H80: =L80 -> 91.55 | I80: =ROUND(G80*H80,2) -> 30026.57 | K80: 69.38 | L80: =ROUND(K80*(1+$I$15),2) -> 91.55 | N80: ='QUANT.PRAÇA BÍBLIA'!F49+QUANT.PARIS!F40+'QUANT.RUA MAR'!F43 -> 327.98
B81: 7.3.3 | C81: ORSE | D81: 12246 | E81: Polimento de peitoril (Praça da bíblia) | F81: m² | G81: ='QUANT.PRAÇA BÍBLIA'!F50 -> 2.84 | H81: =L81 -> 94.79 | I81: =ROUND(G81*H81,2) -> 269.2 | K81: 71.83 | L81: =ROUND(K81*(1+$I$15),2) -> 94.79 | N81: ='QUANT.PRAÇA BÍBLIA'!F50 -> 2.84
B82: 8 | E82: INSTALAÇÕES ELÉTRICAS
B83: 8.1 | E83: CAIXAS DE PASSAGEM
B84: 8.1.1 | C84: DER-ES | D84: 150614 | E84: Caixa de passagem de alvenaria de blocos de concreto 9x19x39cm, dimensões de 30x30x50cm, com revestimento interno em chapisco e reboco, tampa de concreto esp.5cm e lastro de brita 5 cm | F84: und | G84: ='QUANT.PRAÇA BELO HOR.'!F44+'QUANT.PRAÇA CERCA'!F41+'QUANT.RUA MAR'!F47+QUANT.PARIS!F55+'QUANT.PRAÇA BÍBLIA'!F54 -> 15 | H84: =L84 -> 157.96 | I84: =ROUND(G84*H84,2) -> 2369.4 | K84: 119.7 | L84: =ROUND(K84*(1+$I$15),2) -> 157.96 | N84: ='QUANT.PRAÇA BÍBLIA'!F54+QUANT.PARIS!F55+'QUANT.PRAÇA BELO HOR.'!F44+'QUANT.PRAÇA CERCA'!F41+'QUANT.RUA MAR'!F47 -> 15
B85: 8.1.2 | C85: DER-ES | D85: 150628 | E85: Caixa de embutir marca de referência Tigreflex, 4x2" | F85: und | G85: ='QUANT.PRAÇA BELO HOR.'!F45+'QUANT.PRAÇA CERCA'!F42+'QUANT.RUA MAR'!F48+QUANT.PARIS!F56+'QUANT.PRAÇA BÍBLIA'!F55 -> 163 | H85: =L85 -> 10.08 | I85: =ROUND(G85*H85,2) -> 1643.04 | K85: 7.64 | L85: =ROUND(K85*(1+$I$15),2) -> 10.08 | N85: ='QUANT.PRAÇA BÍBLIA'!F55+QUANT.PARIS!F56+'QUANT.PRAÇA BELO HOR.'!F45+'QUANT.PRAÇA CERCA'!F42+'QUANT.RUA MAR'!F48 -> 163
B86: 8.2 | E86: ELETRODUTOS E CONEXÕES
B87: 8.2.1 | C87: DER-ES | D87: 151133 | E87: Eletroduto flexível corrugado 1", marca de referência TIGRE | F87: m | G87: ='QUANT.PRAÇA BELO HOR.'!F47+'QUANT.PRAÇA CERCA'!F44+'QUANT.RUA MAR'!F50+QUANT.PARIS!F58+'QUANT.PRAÇA BÍBLIA'!F57 -> 194.87 | H87: =L87 -> 13.47 | I87: =ROUND(G87*H87,2) -> 2624.9 | K87: 10.21 | L87: =ROUND(K87*(1+$I$15),2) -> 13.47 | N87: ='QUANT.PRAÇA BÍBLIA'!F57+QUANT.PARIS!F58+'QUANT.PRAÇA BELO HOR.'!F47+'QUANT.PRAÇA CERCA'!F44+'QUANT.RUA MAR'!F50 -> 194.87
B88: 8.2.2 | C88: SINAPI | D88: 91850 | E88: Eletroduto flexível corrugado, pead, dn 40 mm (1 1/4"), para circuitos terminais, instalado em laje - fornecimento e instalação. af_12/2015 | F88: m | G88: ='QUANT.PRAÇA BELO HOR.'!F48+'QUANT.PRAÇA CERCA'!F45+'QUANT.RUA MAR'!F51+QUANT.PARIS!F59+'QUANT.PRAÇA BÍBLIA'!F58 -> 121.12 | H88: =L88 -> 12.63 | I88: =ROUND(G88*H88,2) -> 1529.75 | K88: 9.57 | L88: =ROUND(K88*(1+$I$15),2) -> 12.63 | N88: ='QUANT.PRAÇA BÍBLIA'!F58+QUANT.PARIS!F59+'QUANT.PRAÇA BELO HOR.'!F48+'QUANT.PRAÇA CERCA'!F45+'QUANT.RUA MAR'!F51 -> 121.12
B89: 8.3 | E89: CHAVES, FUSIVEIS E DISJUNTORES
B90: 8.3.1 | C90: DER-ES | D90: 151301 | E90: Mini-Disjuntor monopolar 16 A, curva C - 5KA 220/127VCA (NBR IEC 60947-2), Ref. Siemens, GE, Schneider ou equivalente | F90: und | G90: 10 | H90: =L90 -> 25.07 | I90: =ROUND(G90*H90,2) -> 250.7 | K90: 19 | L90: =ROUND(K90*(1+$I$15),2) -> 25.07 | N90: 10
B91: 8.3.2 | C91: DER-ES | D91: 151302 | E91: Mini-Disjuntor monopolar 20 A, curva C - 5KA 220/127VCA (NBR IEC 60947-2), Ref. Siemens, GE, Schneider ou equivalente | F91: und | G91: 10 | H91: =L91 -> 25.07 | I91: =ROUND(G91*H91,2) -> 250.7 | K91: 19 | L91: =ROUND(K91*(1+$I$15),2) -> 25.07 | N91: 10
B92: 8.4 | E92: FIOS E CABOS
B93: 8.4.1 | C93: DER-ES | D93: 151402 | E93: Fio de cobre termoplástico, com isolamento para 750V, seção de 2.5 mm2 | F93: m | G93: ='QUANT.PRAÇA BELO HOR.'!F53+'QUANT.PRAÇA CERCA'!F50+'QUANT.RUA MAR'!F56+QUANT.PARIS!F64+'QUANT.PRAÇA BÍBLIA'!F63 -> 267.55 | H93: =L93 -> 8.8 | I93: =ROUND(G93*H93,2) -> 2354.44 | K93: 6.67 | L93: =ROUND(K93*(1+$I$15),2) -> 8.8 | N93: ='QUANT.PRAÇA BÍBLIA'!F63+QUANT.PARIS!F64+'QUANT.PRAÇA BELO HOR.'!F53+'QUANT.PRAÇA CERCA'!F50+'QUANT.RUA MAR'!F56 -> 267.55
B94: 8.4.2 | C94: DER-ES | D94: 151403 | E94: Fio ou cabo de cobre termoplástico, com isolamento para 750V, seção de 4.0 mm2 | F94: m | G94: ='QUANT.PRAÇA BELO HOR.'!F54+'QUANT.PRAÇA CERCA'!F51+'QUANT.RUA MAR'!F57+QUANT.PARIS!F65+'QUANT.PRAÇA BÍBLIA'!F64 -> 142.32 | H94: =L94 -> 11.74 | I94: =ROUND(G94*H94,2) -> 1670.84 | K94: 8.9 | L94: =ROUND(K94*(1+$I$15),2) -> 11.74 | N94: ='QUANT.PRAÇA BÍBLIA'!F64+QUANT.PARIS!F65+'QUANT.PRAÇA BELO HOR.'!F54+'QUANT.PRAÇA CERCA'!F51+'QUANT.RUA MAR'!F57 -> 142.32
B95: 8.5 | E95: PONTOS ELETRICOS REVISAO NR-10
B96: 8.5.1 | C96: DER-ES | D96: 151817 | E96: Ponto padrão de tomada de piso - considerando eletroduto PVC rígido de 3/4" inclusive conexões (5.0m), fio isolado PVC de 2.5mm2 (18.0m) e caixa alumínio silício 4x4" (1 und) | F96: und | G96: ='QUANT.PRAÇA BELO HOR.'!F56+'QUANT.PRAÇA CERCA'!F53+'QUANT.RUA MAR'!F59+QUANT.PARIS!F67+'QUANT.PRAÇA BÍBLIA'!F66 -> 30 | H96: =L96 -> 307.24 | I96: =ROUND(G96*H96,2) -> 9217.2 | K96: 232.83 | L96: =ROUND(K96*(1+$I$15),2) -> 307.24 | N96: ='QUANT.PRAÇA BÍBLIA'!F66+QUANT.PARIS!F67+'QUANT.PRAÇA BELO HOR.'!F56+'QUANT.PRAÇA CERCA'!F53+'QUANT.RUA MAR'!F59 -> 30
B97: 9 | E97: APARELHOS ELÉTRICOS
B98: 9.1 | E98: LUMINÁRIAS
B99: 9.1.1 | C99: Comp.06 | E99: Luminária balizador de embutir no piso para lâmpada dicroica de LED 5W GU 10 3000K, em alumínio com pintura eletrostática preta com vidro temperado medidas - 10cm diâmetro x nicho 8cm x profundidade 8,5cm | F99: und | G99: ='QUANT.PRAÇA BELO HOR.'!F59+'QUANT.PRAÇA CERCA'!F56+'QUANT.RUA MAR'!F64+QUANT.PARIS!F70+'QUANT.PRAÇA BÍBLIA'!F70 -> 118 | H99: =L99 -> 136.71 | I99: =ROUND(G99*H99,2) -> 16131.78 | K99: =COMPOSIÇOES!F185 -> 103.601 | L99: =ROUND(K99*(1+$I$15),2) -> 136.71 | N99: ='QUANT.PRAÇA BÍBLIA'!F70+QUANT.PARIS!F70+'QUANT.PRAÇA BELO HOR.'!F59+'QUANT.PRAÇA CERCA'!F56+'QUANT.RUA MAR'!F64 -> 118
B100: 9.1.2 | C100: SINAPI | D100: 97592 | E100: Luminária tipo plafon, de sobrepor, com 1 lâmpada led de 12/13 w, reator - fornecimento e instalação. Af_02/2020 | F100: und | G100: ='QUANT.RUA MAR'!F63 -> 4 | H100: =L100 -> 49.43 | I100: =ROUND(G100*H100,2) -> 197.72 | K100: 37.46 | L100: =ROUND(K100*(1+$I$15),2) -> 49.43 | N100: ='QUANT.RUA MAR'!F63 -> 4
B101: 9.1.3 | C101: Comp.07 | E101: Luminaria Painel Led redonda 100-240v Sobrepor 220 Redondo 18w 6500k.Fornecimento e instalação | F101: und | G101: ='QUANT.PRAÇA CERCA'!F57+QUANT.PARIS!F71+'QUANT.PRAÇA BÍBLIA'!F72 -> 24 | H101: =L101 -> 83.16 | I101: =ROUND(G101*H101,2) -> 1995.84 | K101: =COMPOSIÇOES!F221 -> 63.021 | L101: =ROUND(K101*(1+$I$15),2) -> 83.16 | N101: ='QUANT.PRAÇA BÍBLIA'!F72+QUANT.PARIS!F71+'QUANT.PRAÇA CERCA'!F57 -> 24
B102: 9.1.4 | C102: SEDOP | D102: 170993 | E102: Holofote - 300W (Cônico) | F102: und | G102: ='QUANT.PRAÇA CERCA'!F58+'QUANT.RUA MAR'!F62+QUANT.PARIS!F72+'QUANT.PRAÇA BÍBLIA'!F69 -> 22 | H102: =L102 -> 294.94 | I102: =ROUND(G102*H102,2) -> 6488.68 | K102: 223.51 | L102: =ROUND(K102*(1+$I$15),2) -> 294.94 | N102: ='QUANT.PRAÇA BÍBLIA'!F69+QUANT.PARIS!F72+'QUANT.PRAÇA CERCA'!F58+'QUANT.RUA MAR'!F62 -> 22
B103: 9.1.5 | C103: Comp.08 | E103: Refletor Led 50w Holofote Branco Neutro 4000k Avant/equiv. Fornecimento e instalação | F103: und | G103: ='QUANT.PRAÇA CERCA'!F59+'QUANT.RUA MAR'!F65+QUANT.PARIS!F73+'QUANT.PRAÇA BÍBLIA'!F71 -> 28 | H103: =L103 -> 120.26 | I103: =ROUND(G103*H103,2) -> 3367.28 | K103: =COMPOSIÇOES!F255 -> 91.133 | L103: =ROUND(K103*(1+$I$15),2) -> 120.26 | N103: ='QUANT.PRAÇA BÍBLIA'!F71+QUANT.PARIS!F73+'QUANT.PRAÇA CERCA'!F59+'QUANT.RUA MAR'!F65 -> 28
B104: 10 | E104: SERVIÇOS COMPLEMENTARES EXTERNOS
B105: 10.1 | E105: PAVIMENTAÇÃO
B106: 10.1.1 | C106: DER-ES | D106: 130112 | E106: Lastro de concreto não estrutural, espessura de 6 cm (calçada) | F106: m² | G106: ='QUANT.PRAÇA BELO HOR.'!F62+'QUANT.PRAÇA CERCA'!F62+'QUANT.RUA MAR'!F70+QUANT.PARIS!F78+'QUANT.PRAÇA BÍBLIA'!F77 -> 958.52 | H106: =L106 -> 51.53 | I106: =ROUND(G106*H106,2) -> 49392.54 | K106: 39.05 | L106: =ROUND(K106*(1+$I$15),2) -> 51.53 | N106: ='QUANT.PRAÇA BÍBLIA'!F77+QUANT.PARIS!F78+'QUANT.PRAÇA BELO HOR.'!F62+'QUANT.PRAÇA CERCA'!F62+'QUANT.RUA MAR'!F70 -> 958.52
B107: 10.1.2 | C107: SINAPI | D107: 97087 | E107: Camada separadora para execução de radier, em lona plástica. af_09/2017 (calçada) | F107: m² | G107: ='QUANT.PRAÇA BELO HOR.'!F63+'QUANT.PRAÇA CERCA'!F63+'QUANT.RUA MAR'!F68+QUANT.PARIS!F79+'QUANT.PRAÇA BÍBLIA'!F75 -> 958.52 | H107: =L107 -> 2.61 | I107: =ROUND(G107*H107,2) -> 2501.74 | K107: 1.98 | L107: =ROUND(K107*(1+$I$15),2) -> 2.61 | N107: ='QUANT.PRAÇA BÍBLIA'!F75+QUANT.PARIS!F79+'QUANT.PRAÇA BELO HOR.'!F63+'QUANT.PRAÇA CERCA'!F63+'QUANT.RUA MAR'!F68 -> 958.52
B108: 10.1.3 | C108: ORSE | D108: 3637 | E108: Fornecimento e instalação de tela aço soldada nervurada CA-60, Q-92, malha 15x15cm, ferro 4.2mm (1.48 kg/m2), painel 2,45x6,0m, Telcon ou similar (calçada) | F108: m² | G108: ='QUANT.PRAÇA BELO HOR.'!F64+'QUANT.PRAÇA CERCA'!F64+'QUANT.RUA MAR'!F69+QUANT.PARIS!F80+'QUANT.PRAÇA BÍBLIA'!F76 -> 958.52 | H108: =L108 -> 49.43 | I108: =ROUND(G108*H108,2) -> 47379.64 | K108: 37.46 | L108: =ROUND(K108*(1+$I$15),2) -> 49.43 | N108: ='QUANT.PRAÇA BÍBLIA'!F76+QUANT.PARIS!F80+'QUANT.PRAÇA BELO HOR.'!F64+'QUANT.PRAÇA CERCA'!F64+'QUANT.RUA MAR'!F69 -> 958.52
B109: 10.1.4 | C109: DER-ES | D109: 200202 | E109: Meio-fio de concreto pré-moldado com dimensões de 15x12x30x100 cm , rejuntados com argamassa de cimento e areia no traço 1:3 (calçada) | F109: m | G109: ='QUANT.PRAÇA BELO HOR.'!F65+'QUANT.PRAÇA CERCA'!F65+'QUANT.RUA MAR'!F73+QUANT.PARIS!F84+'QUANT.PRAÇA BÍBLIA'!F80 -> 552.79 | H109: =L109 -> 64.01 | I109: =ROUND(G109*H109,2) -> 35384.09 | K109: 48.51 | L109: =ROUND(K109*(1+$I$15),2) -> 64.01 | N109: ='QUANT.PRAÇA BÍBLIA'!F80+QUANT.PARIS!F84+'QUANT.PRAÇA BELO HOR.'!F65+'QUANT.PRAÇA CERCA'!F65+'QUANT.RUA MAR'!F73 -> 552.79
B110: 10.1.5 | C110: DER-ES | D110: 190205 | E110: Caiação de meio-fio, a três demãos (calçada) | F110: m² | G110: ='QUANT.PRAÇA BELO HOR.'!F66+'QUANT.PRAÇA CERCA'!F66+'QUANT.RUA MAR'!F74+QUANT.PARIS!F83+'QUANT.PRAÇA BÍBLIA'!F81 -> 140.19 | H110: =L110 -> 12.27 | I110: =ROUND(G110*H110,2) -> 1720.13 | K110: 9.3 | L110: =ROUND(K110*(1+$I$15),2) -> 12.27 | N110: ='QUANT.PRAÇA BÍBLIA'!F81+QUANT.PARIS!F83+'QUANT.PRAÇA BELO HOR.'!F66+'QUANT.PRAÇA CERCA'!F66+'QUANT.RUA MAR'!F74 -> 140.19
B111: 10.1.6 | C111: DER-ES | D111: 200253 | E111: Fornecimento e assentamento de ladrilho hidráulico pastilhado, vermelho, dim. 20x20 cm, esp. 1.5cm, assentado com pasta de cimento colante, exclusive regularização e lastro (calçada) | F111: m² | G111: ='QUANT.PRAÇA BELO HOR.'!F67+'QUANT.PRAÇA CERCA'!F67+'QUANT.RUA MAR'!F72+QUANT.PARIS!F81+'QUANT.PRAÇA BÍBLIA'!F79 -> 210.19 | H111: =L111 -> 98.88 | I111: =ROUND(G111*H111,2) -> 20783.59 | K111: 74.93 | L111: =ROUND(K111*(1+$I$15),2) -> 98.88 | N111: ='QUANT.PRAÇA BÍBLIA'!F79+QUANT.PARIS!F81+'QUANT.PRAÇA BELO HOR.'!F67+'QUANT.PRAÇA CERCA'!F67+'QUANT.RUA MAR'!F72 -> 210.19
B112: 10.1.7 | C112: DER-ES | D112: 130230 | E112: Piso argamassa alta resistência tipo granilite ou equiv de qualidade comprovada, esp de 10mm, com juntas plástica em quadros de 1m, na cor natural, com acabamento anti-derrapante mecanizado, inclusive regularização e=3.0cm (calçada) | F112: m² | G112: ='QUANT.PRAÇA CERCA'!F68+QUANT.PARIS!F82+'QUANT.PRAÇA BÍBLIA'!F78 -> 646.3 | H112: =L112 -> 140.68 | I112: =G112*H112 -> 90921.484 | K112: 106.61 | L112: =ROUND(K112*(1+$I$15),2) -> 140.68 | N112: ='QUANT.PRAÇA BÍBLIA'!F78+QUANT.PARIS!F82+'QUANT.PRAÇA CERCA'!F68 -> 646.3
...

Sheet LICITAÇÃO PARIS
B10: PREFEITURA MUNICIPAL DE GUARAPARI
B13: OBRA: | C13: RECONSTRUÇÃO DA PRAÇA PARIS | H13: ÁREA: | I13: 1519,51 m²
B14: LOCAL: | C14: AV. PARIS, BAIRRO: Praia do Morro, Guarapari - ES | H14: DATA: | I14: 44477
B15: TABELAS DE REF.: | C15: DER-ES 06/2021. | H15: BDI: | I15: 0.3196
B17: PLANILHA ORÇAMENTÁRIA
B19: ITEM | C19: FONTE | D19: CÓD. | F19: UND. | G19: QUANT. | H19: PREÇO UNITÁRIO | I19: PREÇO TOTAL
B20: 1 | E20: SERVIÇOS PRELIMINARES | K20: VALOR
B21: 1.1 | E21: DEMOLIÇÕES E RETIRADAS | K21: S/ BDI | L21: C/ BDI
B22: 1.1.1 | C22: IOPES | D22: 10201 | E22: Demolição de piso cimentado inclusive lastro de concreto | F22: m² | G22: =QUANT.PARIS!$F$6 -> 1157.95 | H22: =L22 -> 27.38 | I22: =G22*H22 -> 31704.671 | K22: 20.75 | L22: =ROUND(K22*(1+$I$15),2) -> 27.38
B23: 1.1.2 | C23: IOPES | D23: 10403 | E23: Corte e destocamento de árvores com diâmetro de até 15 cm | F23: und | G23: =QUANT.PARIS!$F$7 -> 1 | H23: =L23 -> 55.62 | I23: =G23*H23 -> 55.62 | K23: 42.15 | L23: =ROUND(K23*(1+$I$15),2) -> 55.62
B24: 1.1.3 | C24: IOPES | D24: 10209 | E24: Demolição de alvenaria | F24: m³ | G24: =QUANT.PARIS!$F$8 -> 7.13 | H24: =L24 -> 63.2 | I24: =G24*H24 -> 450.616 | K24: 47.89 | L24: =ROUND(K24*(1+$I$15),2) -> 63.2
B25: 1.1.4 | C25: IOPES | D25: 10216 | E25: Retirada de meio-fio de concreto | F25: m | G25: =QUANT.PARIS!$F$9 -> 167.35 | H25: =L25 -> 10.53 | I25: =G25*H25 -> 1762.1955 | K25: 7.98 | L25: =ROUND(K25*(1+$I$15),2) -> 10.53
B26: 2 | E26: INSTALAÇÃO DO CANTEIRO DE OBRAS
B27: 2.1 | E27: TAPUMES, BARRACÕES E COBERTURAS
B28: 2.1.1 | C28: IOPES | D28: 20305 | E28: Placa de obra nas dimensões de 2.0 x 4.0 m, padrão IOPES | F28: m² | G28: =QUANT.PARIS!$F$12 -> 8 | H28: =L28 -> 377.97 | I28: =G28*H28 -> 3023.76 | K28: 286.43 | L28: =ROUND(K28*(1+$I$15),2) -> 377.97
B29: 2.1.2 | C29: IOPES | D29: 20352 | E29: Aluguel mensal container para escritório, dim. 6.00x2.40m, c/ banheiro (vaso+lavat+chuveiro e básc), incl. porta, 2 janelas, abert p/ ar cond., 2 pt iluminação, 2 tom. elét. e 1 tom.telef. Isolam.térmico(teto e paredes), piso em comp. Naval, cert. NR18, incl. laudo descontaminação. | F29: ms | G29: =QUANT.PARIS!$F$13 -> 6 | H29: =L29 -> 1038.96 | I29: =G29*H29 -> 6233.76 | K29: 787.33 | L29: =ROUND(K29*(1+$I$15),2) -> 1038.96
B30: 2.1.3 | C30: IOPES | D30: 20344 | E30: Mobilização e desmobilização de conteiner locado para barracão de obra | F30: und | G30: =QUANT.PARIS!$F$14 -> 1 | H30: =L30 -> 1366.67 | I30: =G30*H30 -> 1366.67 | K30: 1035.67 | L30: =ROUND(K30*(1+$I$15),2) -> 1366.67
B31: 2.1.4 | C31: IOPES | D31: 20350 | E31: Tapume Telha Metálica Ondulada em aço galvalume 0,50mm Branca h=2,20m, incl. montagem estr. mad.8"x8", c/adesivo "IOPES" 60x60cm a cada 10m, incl. faixas pint. esmalte sint. cores azul c/ h=30cm e rosa c/ h=10cm (Reaproveitamento 2x) | F31: m | G31: =QUANT.PARIS!$F$15 -> 157.82 | H31: =L31 -> 236.82 | I31: =G31*H31 -> 37374.932 | K31: 179.46 | L31: =ROUND(K31*(1+$I$15),2) -> 236.82
B32: 2.2 | E32: INSTALAÇÃO DO CANTEIRO DE OBRAS (UTILIZAÇÃO 2 VEZES), PROJETO PADRÃO LABOR -NR.18 (OBRAS COM PRAZO DE EXECUÇÃO DE 6 A 12 MESES)
B33: 2.2.1 | C33: IOPES | D33: 20812 | E33: Rede de água, com padrão de entrada d'água diâm. 3/4", conf. espec. CESAN, incl. tubos e conexões para alimentação, distribuição, extravasor e limpeza, cons. o padrão a 25m, conf. projeto (2 utilizações) | F33: m | G33: =QUANT.PARIS!$F$17 -> 6 | H33: =L33 -> 38.82 | I33: =G33*H33 -> 232.92 | K33: 29.42 | L33: =ROUND(K33*(1+$I$15),2) -> 38.82
B34: 2.2.2 | C34: IOPES | D34: 20713 | E34: Rede de luz, incl. padrão entrada de energia trifás., cabo de ligação até barracões, quadro de distrib., disj. e chave de força (quando necessário), cons. 20m entre padrão entrada e QDG, conf. projeto (1 utilização) | F34: m | G34: =QUANT.PARIS!$F$18 -> 8 | H34: =L34 -> 805.52 | I34: =G34*H34 -> 6444.16 | K34: 610.43 | L34: =ROUND(K34*(1+$I$15),2) -> 805.52
B35: 3 | E35: MOVIMENTO DE TERRA
B36: 3.1 | E36: ESCAVAÇÕES
B37: 3.1.1 | C37: IOPES | D37: 30101 | E37: Escavação manual em material de 1a. categoria, até 1.50 m de profundidade | F37: m³ | G37: =QUANT.PARIS!$F$21 -> 4.37 | H37: =L37 -> 60.25 | I37: =G37*H37 -> 263.2925 | K37: 45.66 | L37: =ROUND(K37*(1+$I$15),2) -> 60.25
B38: 3.1.2 | C38: IOPES | D38: 30103 | E38: Escavação mecânica em material de 1a. Categoria | F38: m³ | G38: =QUANT.PARIS!$F$22 -> 61.32 | H38: =L38 -> 13.02 | I38: =G38*H38 -> 798.3864 | K38: 9.87 | L38: =ROUND(K38*(1+$I$15),2) -> 13.02
B39: 3.1.3 | C39: IOPES | D39: 30119 | E39: Apiloamento do fundo de vala com maço de 30 a 60kg | F39: m² | G39: =QUANT.PARIS!$F$23 -> 11.01 | H39: =L39 -> 31.53 | I39: =G39*H39 -> 347.1453 | K39: 23.89 | L39: =ROUND(K39*(1+$I$15),2) -> 31.53
B40: 3.1.4 | C40: IOPES | D40: 30201 | E40: Reaterro apiloado de cavas de fundação, em camadas de 20 cm | F40: m³ | G40: =QUANT.PARIS!$F$24 -> 1.93 | H40: =L40 -> 64.9 | I40: =G40*H40 -> 125.257 | K40: 49.18 | L40: =ROUND(K40*(1+$I$15),2) -> 64.9
B41: 3.2 | E41: TRANSPORTES
B42: 3.2.1 | C42: IOPES | D42: 30304 | E42: Índice de preço para remoção de entulho decorrente da execução de obras (Classe A CONAMA - NBR 10.004 - Classe II-B), incluindo aluguel da caçamba, carga, transporte e descarga em área licenciada | F42: m³ | G42: =QUANT.PARIS!$F$26 -> 137.99 | H42: =L42 -> 64.46 | I42: =G42*H42 -> 8894.8354 | K42: 48.85 | L42: =ROUND(K42*(1+$I$15),2) -> 64.46
B43: 4 | E43: PAREDES E PAINÉIS
B44: 4.1 | E44: ALVENARIA DE VEDAÇÃO EMPREGANDO ARGAMASSA DE CIMENTO, CAL E AREIA
B45: 4.1.1 | C45: IOPES | D45: 50601 | E45: Alvenaria de blocos de concreto 9x19x39cm, c/ resist. mínimo a compres. 2.5 MPa, assent. c/ arg. De cimento, cal hidratada CH1 e areia no traço 1:0.5:8 esp. das juntas 10mm e esp. das paredes, s/ rev. 9cm (canteiros) | F45: m² | G45: =QUANT.PARIS!$F$43 -> 28.54 | H45: =L45 -> 71.36 | I45: =G45*H45 -> 2036.6144 | K45: 54.08 | L45: =ROUND(K45*(1+$I$15),2) -> 71.36
B46: 5 | E46: REVESTIMENTO DE PAREDES
B47: 5.1 | E47: REVESTIMENTO COM ARGAMASSA
B48: 5.1.1 | C48: IOPES | D48: 120101 | E48: Chapisco de argamassa de cimento e areia média ou grossa lavada, no traço 1:3, espessura 5 mm (canteiros) | F48: m² | G48: =QUANT.PARIS!$F$46 -> 57.94 | H48: =L48 -> 7.35 | I48: =G48*H48 -> 425.859 | K48: 5.57 | L48: =ROUND(K48*(1+$I$15),2) -> 7.35
B49: 5.1.2 | C49: IOPES | D49: 120301 | E49: Emboço de argamassa de cimento, cal hidratada CH1 e areia média ou grossa lavada no traço 1:0.5:6, espessura 20 mm (canteiros) | F49: m² | G49: =QUANT.PARIS!$F$47 -> 57.94 | H49: =L49 -> 36.12 | I49: =G49*H49 -> 2092.7928 | K49: 27.37 | L49: =ROUND(K49*(1+$I$15),2) -> 36.12
B50: 5.2 | E50: ACABAMENTOS
B51: 5.2.1 | C51: COMP.17 | E51: Piso porcelanato deck legno maso ripado 26x106cm Biancogres/equiv, utilizando dupla colagem de argamassa colante para porcelanato tipo ACIII e rejunte 1mm para porcelanato (canteiros) | F51: m² | G51: =QUANT.PARIS!$F$49 -> 31.4 | H51: =L51 -> 147.31 | I51: =G51*H51 -> 4625.534 | K51: 111.63 | L51: =ROUND(K51*(1+$I$15),2) -> 147.31
B52: 6 | E52: IMPERMEABILIZAÇÃO
B53: 6.1 | E53: IMPERMEABILIZAÇÃO CALHAS, LAJES DESCOBERTAS, BALDRAMES, PAREDES E JARDINEIRAS
B54: 6.1.1 | C54: IOPES | D54: 100203 | E54: Pintura impermeabilizante com igolflex ou equivalente a 3 demãos (canteiros) | F54: m² | G54: =QUANT.PARIS!$F$52 -> 57.94 | H54: =L54 -> 55.08 | I54: =G54*H54 -> 3191.3352 | K54: 41.74 | L54: =ROUND(K54*(1+$I$15),2) -> 55.08
B55: 7 | E55: PISOS INTERNOS E EXTERNOS
B56: 7.1 | E56: LASTRO DE CONTRAPISO
B57: 7.1.1 | C57: IOPES | D57: 130112 | E57: Lastro de concreto não estrutural, espessura de 6 cm | F57: m² | G57: =QUANT.PARIS!$F$29 -> 647.13 | H57: =L57 -> 51.53 | I57: =G57*H57 -> 33346.609 | K57: 39.05 | L57: =ROUND(K57*(1+$I$15),2) -> 51.53
B58: 7.1.2 | C58: IOPES | D58: 130103 | E58: Regularização de base p/ revestimento cerâmico, com argamassa de cimento e areia no traço 1:5, espessura 3cm | F58: m² | G58: =QUANT.PARIS!$F$30 -> 294.85 | H58: =L58 -> 25.31 | I58: =G58*H58 -> 7462.6535 | K58: 19.18 | L58: =ROUND(K58*(1+$I$15),2) -> 25.31
B59: 7.1.3 | C59: SINAPI | D59: 97087 | E59: Camada separadora para execução de radier, em lona plástica. af_09/2017 | F59: m² | G59: =QUANT.PARIS!$F$31 -> 647.13 | H59: =L59 -> 2.61 | I59: =G59*H59 -> 1689.0093 | K59: 1.98 | L59: =ROUND(K59*(1+$I$15),2) -> 2.61
B60: 7.1.4 | C60: ORSE | D60: 3637 | E60: Fornecimento e instalação de tela aço soldada nervurada CA-60, Q-92, malha 15x15cm, ferro 4.2mm (1.48 kg/m2), painel 2,45x6,0m, Telcon ou similar | F60: m² | G60: =QUANT.PARIS!$F$32 -> 647.13 | H60: =L60 -> 49.43 | I60: =G60*H60 -> 31987.636 | K60: 37.46 | L60: =ROUND(K60*(1+$I$15),2) -> 49.43
B61: 7.2 | E61: ACABAMENTOS
B62: 7.2.1 | C62: ORSE | D62: 7675 | E62: Piso de borracha reciclada, granulada, tipo"S", da marca HAIAH ou similar, fornecimento e instalação, exclusive lastro de brita e areia | F62: m² | G62: =QUANT.PARIS!$F$34 -> 140.35 | H62: =L62 -> 256.83 | I62: =G62*H62 -> 36046.09 | K62: 194.63 | L62: =ROUND(K62*(1+$I$15),2) -> 256.83
B63: 7.2.2 | C63: COMP.01 | E63: Piso argamassa alta resistência tipo granilite ou equiv de qualidade comprovada, esp de 10mm, com juntas plástica em quadros de 1m, na cor cimento queimado, com acabamento anti-derrapante mecanizado, inclusive regularização e=3.0cm | F63: m² | G63: =QUANT.PARIS!$F$35 -> 205.44 | H63: =L63 -> 144.27 | I63: =G63*H63 -> 29638.829 | K63: =[1]COMPOSIÇOES!F76 -> 109.32883 | L63: =ROUND(K63*(1+$I$15),2) -> 144.27
B64: 7.2.3 | C64: COMP.02 | E64: Piso argamassa alta resistência tipo granilite ou equiv de qualidade comprovada, esp de 10mm, com juntas plástica em quadros de 1m, na cor bege, com acabamento anti-derrapante mecanizado, inclusive regularização e=3.0cm | F64: m² | G64: =QUANT.PARIS!$F$36 -> 202.64 | H64: =L64 -> 144.27 | I64: =G64*H64 -> 29234.873 | K64: =[1]COMPOSIÇOES!F113 -> 109.32883 | L64: =ROUND(K64*(1+$I$15),2) -> 144.27
B65: 7.2.4 | C65: COMP.04 | E65: Piso em porcelanato long deck maso 26x106cm Biancogres utilizando dupla colagem de argamassa colante para porcelanato tipo ACIII e rejunte 1mm para porcelanato | F65: m² | G65: =QUANT.PARIS!$F$37 -> 155.87 | H65: =L65 -> 152.82 | I65: =G65*H65 -> 23820.053 | K65: =[1]COMPOSIÇOES!F38 -> 115.8102 | L65: =ROUND(K65*(1+$I$15),2) -> 152.82
B66: 7.3 | E66: DEGRAUS, RODAPÉS, SOLEIRAS E PEITORIS
B67: 7.3.1 | C67: IOPES | D67: 130308 | E67: Tabeira de granito esp. 2 cm e largura de 15 cm | F67: m | G67: =QUANT.PARIS!$F$39 -> 236.83 | H67: =L67 -> 52.41 | I67: =G67*H67 -> 12412.26 | K67: 39.72 | L67: =ROUND(K67*(1+$I$15),2) -> 52.41
B68: 7.3.2 | C68: IOPES | D68: 130317 | E68: Peitoril de granito cinza polido, 15 cm, esp. 3cm | F68: m | G68: =QUANT.PARIS!$F$40 -> 78.5 | H68: =L68 -> 91.55 | I68: =G68*H68 -> 7186.675 | K68: 69.38 | L68: =ROUND(K68*(1+$I$15),2) -> 91.55
B69: 8 | E69: INSTALAÇÕES ELÉTRICAS
B70: 8.1 | E70: CAIXAS DE PASSAGEM
B71: 8.1.1 | C71: IOPES | D71: 150614 | E71: Caixa de passagem de alvenaria de blocos de concreto 9x19x39cm, dimensões de 30x30x50cm, com revestimento interno em chapisco e reboco, tampa de concreto esp.5cm e lastro de brita 5 cm | F71: und | G71: =QUANT.PARIS!$F$55 -> 4 | H71: =L71 -> 157.96 | I71: =G71*H71 -> 631.84 | K71: 119.7 | L71: =ROUND(K71*(1+$I$15),2) -> 157.96
B72: 8.1.2 | C72: IOPES | D72: 150628 | E72: Caixa de embutir marca de referência Tigreflex, 4x2" | F72: und | G72: =QUANT.PARIS!$F$56 -> 70 | H72: =L72 -> 10.08 | I72: =G72*H72 -> 705.6 | K72: 7.64 | L72: =ROUND(K72*(1+$I$15),2) -> 10.08
B73: 8.2 | E73: ELETRODUTOS E CONEXÕES
B74: 8.2.1 | C74: IOPES | D74: 151133 | E74: Eletroduto flexível corrugado 1", marca de referência TIGRE | F74: m | G74: =QUANT.PARIS!$F$58 -> 50 | H74: =L74 -> 13.47 | I74: =G74*H74 -> 673.5 | K74: 10.21 | L74: =ROUND(K74*(1+$I$15),2) -> 13.47
B75: 8.2.2 | C75: SINAPI | D75: 91850 | E75: Eletroduto flexível corrugado, pead, dn 40 mm (1 1/4"), para circuitos terminais, instalado em laje - fornecimento e instalação. af_12/2015 | F75: m | G75: =QUANT.PARIS!$F$59 -> 26 | H75: =L75 -> 12.63 | I75: =G75*H75 -> 328.38 | K75: 9.57 | L75: =ROUND(K75*(1+$I$15),2) -> 12.63
B76: 8.3 | E76: CHAVES, FUSIVEIS E DISJUNTORES
B77: 8.3.1 | C77: IOPES | D77: 151301 | E77: Mini-Disjuntor monopolar 16 A, curva C - 5KA 220/127VCA (NBR IEC 60947-2), Ref. Siemens, GE, Schneider ou equivalente | F77: und | G77: =QUANT.PARIS!$F$61 -> 2 | H77: =L77 -> 25.07 | I77: =ROUND(G77*H77,2) -> 50.14 | K77: 19 | L77: =ROUND(K77*(1+$I$15),2) -> 25.07
B78: 8.3.2 | C78: IOPES | D78: 151302 | E78: Mini-Disjuntor monopolar 20 A, curva C - 5KA 220/127VCA (NBR IEC 60947-2), Ref. Siemens, GE, Schneider ou equivalente | F78: und | G78: =QUANT.PARIS!$F$62 -> 2 | H78: =L78 -> 25.07 | I78: =ROUND(G78*H78,2) -> 50.14 | K78: 19 | L78: =ROUND(K78*(1+$I$15),2) -> 25.07
B79: 8.4 | E79: FIOS E CABOS
B80: 8.4.1 | C80: IOPES | D80: 151402 | E80: Fio de cobre termoplástico, com isolamento para 750V, seção de 2.5 mm2 | F80: m | G80: =QUANT.PARIS!$F$64 -> 71 | H80: =L80 -> 8.8 | I80: =G80*H80 -> 624.8 | K80: 6.67 | L80: =ROUND(K80*(1+$I$15),2) -> 8.8
B81: 8.4.2 | C81: IOPES | D81: 151403 | E81: Fio ou cabo de cobre termoplástico, com isolamento para 750V, seção de 4.0 mm2 | F81: m | G81: =QUANT.PARIS!$F$65 -> 48 | H81: =L81 -> 11.74 | I81: =G81*H81 -> 563.52 | K81: 8.9 | L81: =ROUND(K81*(1+$I$15),2) -> 11.74
B82: 8.5 | E82: PONTOS ELETRICOS REVISAO NR-10
B83: 8.5.1 | C83: IOPES | D83: 151817 | E83: Ponto padrão de tomada de piso - considerando eletroduto PVC rígido de 3/4" inclusive conexões (5.0m), fio isolado PVC de 2.5mm2 (18.0m) e caixa alumínio silício 4x4" (1 und) | F83: und | G83: =QUANT.PARIS!$F$67 -> 11 | H83: =L83 -> 307.24 | I83: =G83*H83 -> 3379.64 | K83: 232.83 | L83: =ROUND(K83*(1+$I$15),2) -> 307.24
B84: 9 | E84: APARELHOS ELÉTRICOS
B85: 9.1 | E85: LUMINÁRIAS
B86: 9.1.1 | C86: COMP.09 | E86: Luminária balizador de embutir no piso para lâmpada dicroica de LED 5W GU 10 3000K, em alumínio com pintura eletrostática preta com vidro temperado medidas - 10cm diâmetro x nicho 8cm x profundidade 8,5cm | F86: und | G86: =QUANT.PARIS!$F$70 -> 55 | H86: =L86 -> 136.71 | I86: =G86*H86 -> 7519.05 | K86: =[1]COMPOSIÇOES!F186 -> 103.601 | L86: =ROUND(K86*(1+$I$15),2) -> 136.71
B87: 9.1.2 | C87: COMP.19 | E87: Luminaria Painel Led redonda 100-240v Sobrepor 220 Redondo 18w 6500k.Fornecimento e instalação | F87: und | G87: =QUANT.PARIS!$F$71 -> 8 | H87: =L87 -> 83.16 | I87: =G87*H87 -> 665.28 | K87: =[1]COMPOSIÇOES!F222 -> 63.021 | L87: =ROUND(K87*(1+$I$15),2) -> 83.16
B88: 9.1.3 | C88: SEDOP | D88: 170993 | E88: Holofote - 300W (Cônico) | F88: und | G88: =QUANT.PARIS!$F$72 -> 4 | H88: =L88 -> 290.18 | I88: =G88*H88 -> 1160.72 | K88: 219.9 | L88: =ROUND(K88*(1+$I$15),2) -> 290.18
B89: 9.1.4 | C89: COMP.11 | E89: Refletor Led 50w Holofote Branco Neutro 4000k Avant/equiv . Fornecimento e instalação | F89: und | G89: =QUANT.PARIS!$F$73 -> 16 | H89: =L89 -> 120.26 | I89: =G89*H89 -> 1924.16 | K89: =[1]COMPOSIÇOES!F258 -> 91.133 | L89: =ROUND(K89*(1+$I$15),2) -> 120.26
B90: 10 | E90: SERVIÇOS COMPLEMENTARES EXTERNOS
B91: 10.1 | E91: TRATAMENTO, CONSERVAÇÃO E LIMPEZA
B92: 10.1.1 | C92: IOPES | D92: 200402 | E92: Limpeza geral de obras (quadras, praças e jardins) | F92: m² | G92: =QUANT.PARIS!$F$76 -> 1519.51 | H92: =L92 -> 1.29 | I92: =G92*H92 -> 1960.1679 | K92: 0.98 | L92: =ROUND(K92*(1+$I$15),2) -> 1.29
B93: 10.2 | E93: PAVIMENTAÇÃO
B94: 10.2.1 | C94: IOPES | D94: 130112 | E94: Lastro de concreto não estrutural, espessura de 6 cm (calçada) | F94: m² | G94: =QUANT.PARIS!$F$78 -> 434.15 | H94: =L94 -> 51.53 | I94: =G94*H94 -> 22371.749 | K94: 39.05 | L94: =ROUND(K94*(1+$I$15),2) -> 51.53
B95: 10.2.2 | C95: SINAPI | D95: 97087 | E95: Camada separadora para execução de radier, em lona plástica. af_09/2017 (calçada) | F95: m² | G95: =QUANT.PARIS!$F$79 -> 434.15 | H95: =L95 -> 2.61 | I95: =G95*H95 -> 1133.1315 | K95: 1.98 | L95: =ROUND(K95*(1+$I$15),2) -> 2.61
B96: 10.2.3 | C96: ORSE | D96: 3637 | E96: Fornecimento e instalação de tela aço soldada nervurada CA-60, Q-92, malha 15x15cm, ferro 4.2mm (1.48 kg/m2), painel 2,45x6,0m, Telcon ou similar (calçada) | F96: m² | G96: =QUANT.PARIS!$F$80 -> 434.15 | H96: =L96 -> 49.43 | I96: =G96*H96 -> 21460.034 | K96: 37.46 | L96: =ROUND(K96*(1+$I$15),2) -> 49.43
B97: 10.2.4 | C97: IOPES | D97: 200253 | E97: Fornecimento e assentamento de ladrilho hidráulico pastilhado, vermelho, dim. 20x20 cm, esp. 1.5cm, assentado com pasta de cimento colante, exclusive regularização e lastro | F97: m² | G97: =QUANT.PARIS!$F$81 -> 44.51 | H97: =L97 -> 98.88 | I97: =G97*H97 -> 4401.1488 | K97: 74.93 | L97: =ROUND(K97*(1+$I$15),2) -> 98.88
B98: 10.2.5 | C98: IOPES | D98: 130230 | E98: Piso argamassa alta resistência tipo granilite ou equiv de qualidade comprovada, esp de 10mm, com juntas plástica em quadros de 1m, na cor natural, com acabamento anti-derrapante mecanizado, inclusive regularização e=3.0cm | F98: m² | G98: =QUANT.PARIS!$F$82 -> 407.34 | H98: =L98 -> 140.68 | I98: =G98*H98 -> 57304.591 | K98: 106.61 | L98: =ROUND(K98*(1+$I$15),2) -> 140.68
B99: 10.2.6 | C99: IOPES | D99: 190205 | E99: Caiação de meio-fio, a três demãos | F99: m² | G99: =QUANT.PARIS!$F$83 -> 41.84 | H99: =L99 -> 12.27 | I99: =G99*H99 -> 513.3768 | K99: 9.3 | L99: =ROUND(K99*(1+$I$15),2) -> 12.27
B100: 10.2.7 | C100: IOPES | D100: 200202 | E100: Meio-fio de concreto pré-moldado com dimensões de 15x12x30x100 cm , rejuntados com argamassa decimento e areia no traço 1:3 | F100: m | G100: =QUANT.PARIS!$F$84 -> 167.35 | H100: =L100 -> 64.01 | I100: =G100*H100 -> 10712.074 | K100: 48.51 | L100: =ROUND(K100*(1+$I$15),2) -> 64.01
B101: 10.2.8 | C101: ORSE | D101: 12214 | E101: Rampa padrão para acesso de deficientes a passeio público, em concreto simples Fck=25MPa, desempolada, com pintura indicativa em novacor, 02 demãos | F101: und | G101: =QUANT.PARIS!$F$85 -> 2 | H101: =L101 -> 441.59 | I101: =G101*H101 -> 883.18 | K101: 334.64 | L101: =ROUND(K101*(1+$I$15),2) -> 441.59
B102: 10.3 | E102: PAISAGISMO
B103: 10.3.1 | C103: IOPES | D103: 200326 | E103: Fornecimento e plantio de grama em placas tipo esmeralda, inclusive fornecimento de terra vegetal | F103: m² | G103: =QUANT.PARIS!$F$87 -> 340.11 | H103: =L103 -> 29.55 | I103: =G103*H103 -> 10050.251 | K103: 22.39 | L103: =ROUND(K103*(1+$I$15),2) -> 29.55
B104: 10.3.2 | C104: SINAPI | D104: 98510 | E104: Plantio de árvore ornamental com altura de muda menor ou igual a 2,00 m. af_05/2018 | F104: und | G104: =QUANT.PARIS!$F$88 -> 4 | H104: =L104 -> 76.18 | I104: =G104*H104 -> 304.72 | K104: 57.73 | L104: =ROUND(K104*(1+$I$15),2) -> 76.18
B105: 10.3.3 | C105: SINAPI | D105: 98516 | E105: Plantio de palmeira com altura de muda menor ou igual a 2,00 m. af_05 2018 | F105: und | G105: =QUANT.PARIS!$F$89 -> 2 | H105: =L105 -> 366.35 | I105: =G105*H105 -> 732.7 | K105: 277.62 | L105: =ROUND(K105*(1+$I$15),2) -> 366.35
B106: 10.4 | E106: MÓDULO JARDINEIRA
B107: 10.4.1 | C107: IOPES | D107: 050601 | E107: Alvenaria de blocos de concreto 9x19x39cm, c/ resist. mínimo a compres. 2.5 MPa, assent. c/ arg. de cimento, cal hidratada CH1 e areia no traço 1:0.5:8 esp. das juntas 10mm e esp. das paredes, s/ rev. 9cm | F107: m² | G107: =QUANT.PARIS!$F$91 -> 6.28 | H107: =L107 -> 71.36 | I107: =G107*H107 -> 448.1408 | K107: 54.08 | L107: =ROUND(K107*(1+$I$15),2) -> 71.36
B108: 10.4.2 | C108: IOPES | D108: 40231 | E108: Fornecimento, preparo e aplicação de concreto magro com consumo mínimo de cimento de 250 kg/m3 (brita 1 e 2) - (5% de perdas já incluído no custo) | F108: m³ | G108: =QUANT.PARIS!$F$92 -> 0.04 | H108: =L108 -> 665.61 | I108: =G108*H108 -> 26.6244 | K108: 504.4 | L108: =ROUND(K108*(1+$I$15),2) -> 665.61
B109: 10.4.3 | C109: IOPES | D109: 040322 | E109: Fornecimento, preparo e aplicação de concreto Fck=20 MPa (brita 1 e 2) - (5% de perdas já incluído no custo) | F109: m³ | G109: =QUANT.PARIS!$F$93 -> 1.17 | H109: =L109 -> 832.46 | I109: =G109*H109 -> 973.9782 | K109: 630.84 | L109: =ROUND(K109*(1+$I$15),2) -> 832.46
B110: 10.4.4 | C110: IOPES | D110: 040337 | E110: Fôrma em chapa de madeira compensada plastificada 12mm para estrutura em geral, 5 reaproveitamentos, reforçada com sarrafos de madeira 2.5x10cm (incl material, corte, montagem, escoras em eucalipto e desforma) | F110: m² | G110: =QUANT.PARIS!$F$94 -> 8.36 | H110: =L110 -> 118.96 | I110: =G110*H110 -> 994.5056 | K110: 90.15 | L110: =ROUND(K110*(1+$I$15),2) -> 118.96
B111: 10.4.5 | C111: IOPES | D111: 040328 | E111: Fornecimento, dobragem e colocação em fôrma, de armadura CA-50 A média, diâmetro de 6.3 a 10.0 mm | F111: kg | G111: =QUANT.PARIS!$F$95 -> 6.15 | H111: =L111 -> 18.67 | I111: =G111*H111 -> 114.8205 | K111: 14.15 | L111: =ROUND(K111*(1+$I$15),2) -> 18.67
B112: 10.4.6 | C112: IOPES | D112: 120101 | E112: Chapisco de argamassa de cimento e areia média ou grossa lavada, no traço 1:3, espessura 5 mm | F112: m² | G112: =QUANT.PARIS!$F$96 -> 14.08 | H112: =L112 -> 7.35 | I112: =G112*H112 -> 103.488 | K112: 5.57 | L112: =ROUND(K112*(1+$I$15),2) -> 7.35
B113: 10.4.7 | C113: IOPES | D113: 120301 | E113: Emboço de argamassa de cimento, cal hidratada CH1 e areia média ou grossa lavada no traço 1:0.5:6, espessura 20 mm | F113: m² | G113: =QUANT.PARIS!$F$97 -> 14.08 | H113: =L113 -> 36.12 | I113: =G113*H113 -> 508.5696 | K113: 27.37 | L113: =ROUND(K113*(1+$I$15),2) -> 36.12
...

Sheet licitação B.hor
B11: PREFEITURA MUNICIPAL DE GUARAPARI
B12: SEMOP - SECRETARIA MUNICIPAL DE OBRAS PÚBLICAS
B14: OBRA: | C14: CONSTRUÇÃO DA PRAÇA BELO HORIZONTE | H14: ÁREA: | I14: 263,23 m2
B15: LOCAL: | C15: AV.MUNIR ABUD - BAIRRO: PRAIA DO MORRO - GUARAPARI - ES | H15: DATA: | I15: 44477
B16: TABELAS DE REF.: | C16: DER-ES 06/2021; | H16: BDI: | I16: 0.3196 | M16: ''''''
B18: PLANILHA ORÇAMENTÁRIA
K19: VALOR
B20: ITEM | C20: FONTE | D20: CÓD. | F20: UND. | G20: QUANT. | H20: PREÇO UNITÁRIO | I20: PREÇO TOTAL | K20: S/ BDI | L20: C/ BDI
B21: 1 | E21: SERVIÇOS PRELIMINARES
B22: 1.1 | E22: DEMOLIÇÕES E RETIRADAS
B23: 1.1.1 | C23: IOPES | D23: 10403 | E23: Corte e destocamento de árvores com diâmetro de até 15 cm | F23: und | G23: ='QUANT.PRAÇA BELO HOR.'!$F$6 -> 1 | H23: =L23 -> 55.62 | I23: =ROUND(G23*H23,2) -> 55.62 | K23: 42.15 | L23: =ROUND(K23*(1+$I$16),2) -> 55.62
B24: 1.1.2 | C24: IOPES | D24: 10216 | E24: Retirada de meio-fio de concreto | F24: m | G24: ='QUANT.PRAÇA BELO HOR.'!$F$7 -> 38.83 | H24: =L24 -> 10.53 | I24: =G24*H24 -> 408.8799 | K24: 7.98 | L24: =ROUND(K24*(1+$I$16),2) -> 10.53
B25: 1.2 | E25: LIMPEZA DO TERRENO
B26: 1.2.1 | C26: IOPES | D26: 10402 | E26: Raspagem e limpeza do terreno (manual) | F26: m² | G26: ='QUANT.PRAÇA BELO HOR.'!$F$9 -> 105.29 | H26: =L26 -> 4.63 | I26: =G26*H26 -> 487.4927 | K26: 3.51 | L26: =ROUND(K26*(1+$I$16),2) -> 4.63
B27: 1.3 | E27: LOCAÇÃO
B28: 1.3.1 | C28: IOPES | D28: 10501 | E28: Locação de obra com gabarito de madeira | F28: m² | G28: ='QUANT.PRAÇA BELO HOR.'!$F$11 -> 206.04 | H28: =L28 -> 12.39 | I28: =G28*H28 -> 2552.8356 | K28: 9.39 | L28: =ROUND(K28*(1+$I$16),2) -> 12.39
B29: 2 | E29: INSTALAÇÃO DO CANTEIRO DE OBRAS
B30: 2.1 | E30: TAPUMES, BARRACÕES E COBERTURAS
B31: 2.1.1 | C31: IOPES | D31: 20305 | E31: Placa de obra nas dimensões de 2.0 x 4.0 m, padrão IOPES | F31: m² | G31: ='QUANT.PRAÇA BELO HOR.'!$F$14 -> 8 | H31: =L31 -> 377.97 | I31: =G31*H31 -> 3023.76 | K31: 286.43 | L31: =ROUND(K31*(1+$I$16),2) -> 377.97
B32: 2.1.2 | C32: IOPES | D32: 20344 | E32: Mobilização e desmobilização de conteiner locado para barracão de obra | F32: und | G32: ='QUANT.PRAÇA BELO HOR.'!$F$15 -> 1 | H32: =L32 -> 1366.67 | I32: =G32*H32 -> 1366.67 | K32: 1035.67 | L32: =ROUND(K32*(1+$I$16),2) -> 1366.67
B33: 2.1.3 | C33: IOPES | D33: 20352 | E33: Aluguel mensal container para escritório, dim. 6.00x2.40m, c/ banheiro (vaso+lavat+chuveiro e básc), incl. porta, 2 janelas, abert p/ ar cond., 2 pt iluminação, 2 tom. elét. e 1 tom.telef. Isolam. térmico (teto e paredes), piso em comp. Naval, cert. NR18, incl. laudo descontaminação. | F33: ms | G33: ='QUANT.PRAÇA BELO HOR.'!$F$16 -> 4 | H33: =L33 -> 1038.96 | I33: =G33*H33 -> 4155.84 | K33: 787.33 | L33: =ROUND(K33*(1+$I$16),2) -> 1038.96
B34: 2.1.4 | C34: IOPES | D34: 20350 | E34: Tapume Telha Metálica Ondulada em aço galvalume 0,50mm Branca h=2,20m, incl. montagem estr. mad. 8"x8", c/adesivo "IOPES" 60x60cm a cada 10m, incl. faixas pint. esmalte sint. cores azul c/ h=30cm e rosa c/ h=10cm (Reaproveitamento 2x) | F34: m | G34: ='QUANT.PRAÇA BELO HOR.'!$F$17 -> 60.7 | H34: =L34 -> 236.82 | I34: =G34*H34 -> 14374.974 | K34: 179.46 | L34: =ROUND(K34*(1+$I$16),2) -> 236.82
B35: 2.2 | E35: INSTALAÇÃO DO CANTEIRO DE OBRAS (UTILIZAÇÃO 2 VEZES), PROJETO PADRÃO LABOR - NR.18 (OBRAS COM PRAZO DE EXECUÇÃO DE 6 A 12 MESES)
B36: 2.2.1 | C36: IOPES | D36: 20812 | E36: Rede de água, com padrão de entrada d'água diâm. 3/4", conf. espec. CESAN, incl. tubos e conexões para alimentação, distribuição, extravasor e limpeza, cons. o padrão a 25m, conf. projeto (2 utilizações) | F36: m | G36: ='QUANT.PRAÇA BELO HOR.'!$F$19 -> 4 | H36: =L36 -> 38.82 | I36: =G36*H36 -> 155.28 | K36: 29.42 | L36: =ROUND(K36*(1+$I$16),2) -> 38.82
B37: 2.2.2 | C37: IOPES | D37: 20713 | E37: Rede de luz, incl. padrão entrada de energia trifás., cabo de ligação até barracões, quadro de distrib., disj. E chave de força (quando necessário), cons. 20m entre padrão entrada e QDG, conf. projeto (1 utilização) | F37: m | G37: ='QUANT.PRAÇA BELO HOR.'!$F$20 -> 8 | H37: =L37 -> 805.52 | I37: =G37*H37 -> 6444.16 | K37: 610.43 | L37: =ROUND(K37*(1+$I$16),2) -> 805.52
B38: 3 | E38: MOVIMENTO DE TERRA
B39: 3.1 | E39: ESCAVAÇÕES
B40: 3.1.1 | C40: IOPES | D40: 30101 | E40: Escavação manual em material de 1a. categoria, até 1.50 m de profundidade | F40: m³ | G40: ='QUANT.PRAÇA BELO HOR.'!$F$23 -> 1.94 | H40: =L40 -> 60.25 | I40: =G40*H40 -> 116.885 | K40: 45.66 | L40: =ROUND(K40*(1+$I$16),2) -> 60.25
B41: 3.1.2 | C41: IOPES | D41: 30119 | E41: Apiloamento do fundo de vala com maço de 30 a 60kg | F41: m² | G41: ='QUANT.PRAÇA BELO HOR.'!$F$24 -> 3.24 | H41: =L41 -> 31.53 | I41: =G41*H41 -> 102.1572 | K41: 23.89 | L41: =ROUND(K41*(1+$I$16),2) -> 31.53
B42: 3.2 | E42: REATERRO E COMPACTAÇÃO
B43: 3.2.1 | C43: IOPES | D43: 30201 | E43: Reaterro apiloado de cavas de fundação, em camadas de 20 cm | F43: m³ | G43: ='QUANT.PRAÇA BELO HOR.'!$F$26 -> 1.51 | H43: =L43 -> 64.9 | I43: =G43*H43 -> 97.999 | K43: 49.18 | L43: =ROUND(K43*(1+$I$16),2) -> 64.9
B44: 3.2.2 | C44: IOPES | D44: 30210 | E44: Aterro compactado utilizando compactador de placa vibratória com reaproveitamento do material | F44: m³ | G44: ='QUANT.PRAÇA BELO HOR.'!$F$27 -> 26.32 | H44: =L44 -> 32.29 | I44: =G44*H44 -> 849.8728 | K44: 24.47 | L44: =ROUND(K44*(1+$I$16),2) -> 32.29
B45: 3.3 | E45: TRANSPORTES
B46: 3.3.1 | C46: IOPES | D46: 30304 | E46: Índice de preço para remoção de entulho decorrente da execução de obras (Classe A CONAMA - NBR 10.004 - Classe II-B), incluindo aluguel da caçamba, carga, transporte e descarga em área licenciada | F46: m³ | G46: ='QUANT.PRAÇA BELO HOR.'!$F$29 -> 3.71 | H46: =L46 -> 64.46 | I46: =G46*H46 -> 239.1466 | K46: 48.85 | L46: =ROUND(K46*(1+$I$16),2) -> 64.46
B47: 4 | E47: PISOS INTERNOS E EXTERNOS
B48: 4.1 | E48: LASTRO DE CONTRAPISO
B49: 4.1.1 | C49: IOPES | D49: 130112 | E49: Lastro de concreto não estrutural, espessura de 6 cm | F49: m² | G49: ='QUANT.PRAÇA BELO HOR.'!$F$32 -> 209.76 | H49: =L49 -> 51.53 | I49: =G49*H49 -> 10808.933 | K49: 39.05 | L49: =ROUND(K49*(1+$I$16),2) -> 51.53
B50: 4.1.2 | C50: IOPES | D50: 130103 | E50: Regularização de base p/ revestimento cerâmico, com argamassa de cimento e areia no traço 1:5, espessura 3cm | F50: m² | G50: ='QUANT.PRAÇA BELO HOR.'!$F$33 -> 55.91 | H50: =L50 -> 25.31 | I50: =G50*H50 -> 1415.0821 | K50: 19.18 | L50: =ROUND(K50*(1+$I$16),2) -> 25.31
B51: 4.1.3 | C51: SINAPI | D51: 97087 | E51: Camada separadora para execução de radier, em lona plástica. af_09/2017 | F51: m² | G51: ='QUANT.PRAÇA BELO HOR.'!$F$34 -> 209.76 | H51: =L51 -> 2.61 | I51: =G51*H51 -> 547.4736 | K51: 1.98 | L51: =ROUND(K51*(1+$I$16),2) -> 2.61
B52: 4.1.4 | C52: ORSE | D52: 3637 | E52: Fornecimento e instalação de tela aço soldada nervurada CA-60, Q-92, malha 15x15cm, ferro 4.2mm (1.48 kg/m2), painel 2,45x6,0m, Telcon ou similar | F52: m² | G52: ='QUANT.PRAÇA BELO HOR.'!$F$35 -> 209.76 | H52: =L52 -> 49.43 | I52: =G52*H52 -> 10368.437 | K52: 37.46 | L52: =ROUND(K52*(1+$I$16),2) -> 49.43
B53: 4.2 | E53: ACABAMENTOS
B54: 4.2.1 | C54: Comp. 01 | E54: Piso porcelanato long deck maso 26x106cm, Biancogres/equiv, utilizando dupla colagem de argamassa colante para porcelanato tipo ACIII e rejunte 1mm para porcelanato | F54: m² | G54: ='QUANT.PRAÇA BELO HOR.'!$F$37 -> 58.58 | H54: =L54 -> 152.82 | I54: =G54*H54 -> 8952.1956 | K54: =[2]COMPOSIÇOES!F37 -> 115.8102 | L54: =ROUND(K54*(1+$I$16),2) -> 152.82
B55: 4.2.2 | C55: Comp. 05 | E55: Piso argamassa alta resistência tipo granilite ou equiv de qualidade comprovada, esp de 10mm, com juntas plástica em quadros de 1m, na cor cimento queimado, com acabamento anti-derrapante mecanizado, inclusive regularização e=3.0cm | F55: m² | G55: ='QUANT.PRAÇA BELO HOR.'!$F$38 -> 90.46 | H55: =L55 -> 144.27 | I55: =G55*H55 -> 13050.664 | K55: =[2]COMPOSIÇOES!F75 -> 109.32883 | L55: =ROUND(K55*(1+$I$16),2) -> 144.27
B56: 4.2.3 | C56: Comp. 04 | E56: Piso argamassa alta resistência tipo granilite ou equiv de qualidade comprovada, esp de 10mm, com juntas plástica em quadros de 1m, na cor beje, com acabamento anti-derrapante mecanizado, inclusive regularização e=3.0cm | F56: m² | G56: ='QUANT.PRAÇA BELO HOR.'!$F$39 -> 70.71 | H56: =L56 -> 144.27 | I56: =G56*H56 -> 10201.332 | K56: =[2]COMPOSIÇOES!F112 -> 109.32883 | L56: =ROUND(K56*(1+$I$16),2) -> 144.27
B57: 4.3 | E57: DEGRAUS, RODAPÉS, SOLEIRAS E PEITORIS
B58: 4.3.1 | C58: IOPES | D58: 130308 | E58: Tabeira de granito esp. 2 cm e largura de 15 cm | F58: m | G58: ='QUANT.PRAÇA BELO HOR.'!$F$41 -> 39.57 | H58: =L58 -> 52.41 | I58: =G58*H58 -> 2073.8637 | K58: 39.72 | L58: =ROUND(K58*(1+$I$16),2) -> 52.41
B59: 5 | E59: INSTALAÇÕES ELÉTRICAS
B60: 5.1 | E60: CAIXAS DE PASSAGEM
B61: 5.1.1 | C61: IOPES | D61: 150614 | E61: Caixa de passagem de alvenaria de blocos de concreto 9x19x39cm, dimensões de 30x30x50cm, com revestimento interno em chapisco e reboco, tampa de concreto esp.5cm e lastro de brita 5 cm | F61: und | G61: ='QUANT.PRAÇA BELO HOR.'!$F$44 -> 2 | H61: =L61 -> 157.96 | I61: =G61*H61 -> 315.92 | K61: 119.7 | L61: =ROUND(K61*(1+$I$16),2) -> 157.96
B62: 5.1.2 | C62: IOPES | D62: 150628 | E62: Caixa de embutir marca de referência Tigreflex, 4x2" | F62: und | G62: ='QUANT.PRAÇA BELO HOR.'!$F$45 -> 14 | H62: =L62 -> 10.08 | I62: =G62*H62 -> 141.12 | K62: 7.64 | L62: =ROUND(K62*(1+$I$16),2) -> 10.08
B63: 5.2 | E63: ELETRODUTOS E CONEXÕES
B64: 5.2.1 | C64: IOPES | D64: 151133 | E64: Eletroduto flexível corrugado 1", marca de referência TIGRE | F64: m | G64: ='QUANT.PRAÇA BELO HOR.'!$F$47 -> 14.87 | H64: =L64 -> 13.47 | I64: =G64*H64 -> 200.2989 | K64: 10.21 | L64: =ROUND(K64*(1+$I$16),2) -> 13.47
B65: 5.2.2 | C65: SINAPI | D65: 91850 | E65: Eletroduto flexível corrugado, pead, dn 40 mm (1 1/4"), para circuitos terminais, instalado em laje - fornecimento e instalação. af_12/2015 | F65: m | G65: ='QUANT.PRAÇA BELO HOR.'!$F$48 -> 25.12 | H65: =L65 -> 12.63 | I65: =G65*H65 -> 317.2656 | K65: 9.57 | L65: =ROUND(K65*(1+$I$16),2) -> 12.63
B66: 5.3 | E66: CHAVES, FUSIVEIS E DISJUNTORES
B67: 5.3.1 | C67: IOPES | D67: 151301 | E67: Mini-Disjuntor monopolar 16 A, curva C - 5KA 220/127VCA (NBR IEC 60947-2), Ref. Siemens, GE, Schneider ou equivalente | F67: und | G67: ='QUANT.PRAÇA BELO HOR.'!$F$50 -> 2 | H67: =L67 -> 25.07 | I67: =ROUND(G67*H67,2) -> 50.14 | K67: 19 | L67: =ROUND(K67*(1+$I$16),2) -> 25.07
B68: 5.3.2 | C68: IOPES | D68: 151302 | E68: Mini-Disjuntor monopolar 20 A, curva C - 5KA 220/127VCA (NBR IEC 60947-2), Ref. Siemens, GE, Schneider ou equivalente | F68: und | G68: ='QUANT.PRAÇA BELO HOR.'!$F$51 -> 2 | H68: =L68 -> 25.07 | I68: =ROUND(G68*H68,2) -> 50.14 | K68: 19 | L68: =ROUND(K68*(1+$I$16),2) -> 25.07
B69: 5.4 | E69: FIOS E CABOS
B70: 5.4.1 | C70: IOPES | D70: 151402 | E70: Fio de cobre termoplástico, com isolamento para 750V, seção de 2.5 mm2 | F70: m | G70: ='QUANT.PRAÇA BELO HOR.'!$F$53 -> 30.88 | H70: =L70 -> 8.8 | I70: =G70*H70 -> 271.744 | K70: 6.67 | L70: =ROUND(K70*(1+$I$16),2) -> 8.8
B71: 5.4.2 | C71: IOPES | D71: 151403 | E71: Fio ou cabo de cobre termoplástico, com isolamento para 750V, seção de 4.0 mm2 | F71: m | G71: ='QUANT.PRAÇA BELO HOR.'!$F$54 -> 16 | H71: =L71 -> 11.74 | I71: =G71*H71 -> 187.84 | K71: 8.9 | L71: =ROUND(K71*(1+$I$16),2) -> 11.74
B72: 5.5 | E72: PONTOS ELETRICOS REVISAO NR-10
B73: 5.5.1 | C73: IOPES | D73: 151817 | E73: Ponto padrão de tomada de piso - considerando eletroduto PVC rígido de 3/4" inclusive conexões (5.0m), fio isolado PVC de 2.5mm2 (18.0m) e caixa alumínio silício 4x4" (1 und) | F73: und | G73: ='QUANT.PRAÇA BELO HOR.'!$F$56 -> 3 | H73: =L73 -> 307.24 | I73: =G73*H73 -> 921.72 | K73: 232.83 | L73: =ROUND(K73*(1+$I$16),2) -> 307.24
B74: 6 | E74: APARELHOS ELÉTRICOS
B75: 6.1 | E75: LUMINÁRIAS
B76: 6.1.1 | C76: Comp.02 | E76: Balizador Spot Luminária Blindado Embutir Led 5w Chão Piso Escada Jardim Gramado - Branco Quente - 3200k Ip66 Smd.Fornecimento e instalação | F76: und | G76: ='QUANT.PRAÇA BELO HOR.'!$F$59 -> 14 | H76: =L76 -> 136.71 | I76: =G76*H76 -> 1913.94 | K76: =[2]COMPOSIÇOES!F148 -> 103.601 | L76: =ROUND(K76*(1+$I$16),2) -> 136.71
B77: 7 | E77: SERVIÇOS COMPLEMENTARES EXTERNOS
B78: 7.1 | E78: PAVIMENTAÇÃO
B79: 7.1.1 | C79: IOPES | D79: 130112 | E79: Lastro de concreto não estrutural, espessura de 6 cm (calçada) | F79: m² | G79: ='QUANT.PRAÇA BELO HOR.'!$F$62 -> 27.34 | H79: =L79 -> 51.53 | I79: =G79*H79 -> 1408.8302 | K79: 39.05 | L79: =ROUND(K79*(1+$I$16),2) -> 51.53
B80: 7.1.2 | C80: SINAPI | D80: 97087 | E80: Camada separadora para execução de radier, em lona plástica. af_09/2017 (calçada) | F80: m² | G80: ='QUANT.PRAÇA BELO HOR.'!$F$63 -> 27.34 | H80: =L80 -> 2.61 | I80: =G80*H80 -> 71.3574 | K80: 1.98 | L80: =ROUND(K80*(1+$I$16),2) -> 2.61
B81: 7.1.3 | C81: ORSE | D81: 3637 | E81: Fornecimento e instalação de tela aço soldada nervurada CA-60, Q-92, malha 15x15cm, ferro 4.2mm (1.48 kg/m2), painel 2,45x6,0m, Telcon ou similar (calçada) | F81: m² | G81: ='QUANT.PRAÇA BELO HOR.'!$F$64 -> 27.34 | H81: =L81 -> 49.43 | I81: =G81*H81 -> 1351.4162 | K81: 37.46 | L81: =ROUND(K81*(1+$I$16),2) -> 49.43
B82: 7.1.4 | C82: IOPES | D82: 200202 | E82: Meio-fio de concreto pré-moldado com dimensões de 15x12x30x100 cm , rejuntados com argamassa de cimento e areia no traço 1:3 | F82: m | G82: ='QUANT.PRAÇA BELO HOR.'!$F$65 -> 69.69 | H82: =L82 -> 64.01 | I82: =G82*H82 -> 4460.8569 | K82: 48.51 | L82: =ROUND(K82*(1+$I$16),2) -> 64.01
B83: 7.1.5 | C83: IOPES | D83: 190205 | E83: Caiação de meio-fio, a três demãos | F83: m² | G83: ='QUANT.PRAÇA BELO HOR.'!F66 -> 16.59 | H83: =L83 -> 12.27 | I83: =G83*H83 -> 203.5593 | K83: 9.3 | L83: =ROUND(K83*(1+$I$16),2) -> 12.27
B84: 7.1.6 | C84: IOPES | D84: 200253 | E84: Fornecimento e assentamento de ladrilho hidráulico pastilhado, vermelho, dim. 20x20 cm, esp. 1.5cm, assentado com pasta de cimento colante, exclusive regularização e lastro | F84: m² | G84: ='QUANT.PRAÇA BELO HOR.'!$F$67 -> 28.64 | H84: =L84 -> 98.88 | I84: =G84*H84 -> 2831.9232 | K84: 74.93 | L84: =ROUND(K84*(1+$I$16),2) -> 98.88
B85: 7.1.7 | C85: ORSE | D85: 12214 | E85: Rampa padrão para acesso de deficientes a passeio público, em concreto simples Fck=25MPa, desempolada, com pintura indicativa em novacor, 02 demãos | F85: und | G85: ='QUANT.PRAÇA BELO HOR.'!$F$68 -> 3 | H85: =L85 -> 441.59 | I85: =G85*H85 -> 1324.77 | K85: 334.64 | L85: =ROUND(K85*(1+$I$16),2) -> 441.59
B86: 7.2 | E86: PAISAGISMO
B87: 7.2.1 | C87: IOPES | D87: 200326 | E87: Fornecimento e plantio de grama em placas tipo esmeralda, inclusive fornecimento de terra vegetal | F87: m² | G87: ='QUANT.PRAÇA BELO HOR.'!$F$70 -> 36.56 | H87: =L87 -> 29.55 | I87: =G87*H87 -> 1080.348 | K87: 22.39 | L87: =ROUND(K87*(1+$I$16),2) -> 29.55
B88: 7.2.2 | C88: SEINFRA | D88: C1452 | E88: Herbáceas ornamentais em geral | F88: m² | G88: ='QUANT.PRAÇA BELO HOR.'!$F$71 -> 10.88 | H88: =L88 -> 249.63 | I88: =G88*H88 -> 2715.9744 | K88: 189.17 | L88: =ROUND(K88*(1+$I$16),2) -> 249.63
B89: 7.2.3 | C89: SINAPI | D89: 98510 | E89: Plantio de árvore ornamental com altura de muda menor ou igual a 2,00 m. af_05/2018 | F89: und | G89: ='QUANT.PRAÇA BELO HOR.'!$F$72 -> 2 | H89: =L89 -> 76.18 | I89: =ROUND(G89*H89,2) -> 152.36 | K89: 57.73 | L89: =ROUND(K89*(1+$I$16),2) -> 76.18
B90: 7.3 | E90: TRATAMENTO, CONSERVAÇÃO E LIMPEZA
B91: 7.3.1 | C91: IOPES | D91: 200402 | E91: Limpeza geral de obras (quadras, praças e jardins) | F91: m² | G91: ='QUANT.PRAÇA BELO HOR.'!$F$74 -> 263.23 | H91: =L91 -> 1.29 | I91: =G91*H91 -> 339.5667 | K91: 0.98 | L91: =ROUND(K91*(1+$I$16),2) -> 1.29
B92: 7.4 | E92: BANCO DE CONCRETO
B93: 7.4.1 | C93: IOPES | D93: 050601 | E93: Alvenaria de blocos de concreto 9x19x39cm, c/ resist. mínimo a compres. 2.5 MPa, assent. c/ arg. de cimento, cal hidratada CH1 e areia no traço 1:0.5:8 esp. das juntas 10mm e esp. das paredes, s/ rev. 9cm | F93: m² | G93: ='QUANT.PRAÇA BELO HOR.'!$F$76 -> 6.69 | H93: =L93 -> 71.36 | I93: =G93*H93 -> 477.3984 | K93: 54.08 | L93: =ROUND(K93*(1+$I$16),2) -> 71.36
B94: 7.4.2 | C94: IOPES | D94: 40231 | E94: Fornecimento, preparo e aplicação de concreto magro com consumo mínimo de cimento de 250 kg/m3 (brita 1 e 2) - (5% de perdas já incluído no custo) | F94: m³ | G94: ='QUANT.PRAÇA BELO HOR.'!$F$77 -> 0.16 | H94: =L94 -> 665.61 | I94: =G94*H94 -> 106.4976 | K94: 504.4 | L94: =ROUND(K94*(1+$I$16),2) -> 665.61
B95: 7.4.3 | C95: IOPES | D95: 040322 | E95: Fornecimento, preparo e aplicação de concreto Fck=20 MPa (brita 1 e 2) - (5% de perdas já incluído no custo) | F95: m³ | G95: ='QUANT.PRAÇA BELO HOR.'!$F$78 -> 1.39 | H95: =L95 -> 832.46 | I95: =G95*H95 -> 1157.1194 | K95: 630.84 | L95: =ROUND(K95*(1+$I$16),2) -> 832.46
B96: 7.4.4 | C96: IOPES | D96: 040337 | E96: Fôrma em chapa de madeira compensada plastificada 12mm para estrutura em geral, 5 reaproveitamentos, reforçada com sarrafos de madeira 2.5x10cm (incl material, corte, montagem, escoras em eucalipto e desforma) | F96: m² | G96: ='QUANT.PRAÇA BELO HOR.'!$F$79 -> 9.63 | H96: =L96 -> 118.96 | I96: =G96*H96 -> 1145.5848 | K96: 90.15 | L96: =ROUND(K96*(1+$I$16),2) -> 118.96
B97: 7.4.5 | C97: IOPES | D97: 040328 | E97: Fornecimento, dobragem e colocação em fôrma, de armadura CA-50 A média, diâmetro de 6.3 a 10.0 mm | F97: kg | G97: ='QUANT.PRAÇA BELO HOR.'!F80 -> 48.37 | H97: =L97 -> 18.67 | I97: =G97*H97 -> 903.0679 | K97: 14.15 | L97: =ROUND(K97*(1+$I$16),2) -> 18.67
B98: 7.4.6 | C98: IOPES | D98: 40333 | E98: Fornecimento, dobragem e colocação em fôrma, de armadura CA-60 B fina, diâmetro de 4.0 a 7.0mm | F98: kg | G98: ='QUANT.PRAÇA BELO HOR.'!$F$81 -> 6.04 | H98: =L98 -> 24.12 | I98: =G98*H98 -> 145.6848 | K98: 18.28 | L98: =ROUND(K98*(1+$I$16),2) -> 24.12
B99: 7.4.7 | C99: IOPES | D99: 130103 | E99: Regularização de base p/ revestimento cerâmico, com argamassa de cimento e areia no traço 1:5, espessura 3cm | F99: m² | G99: ='QUANT.PRAÇA BELO HOR.'!$F$83 -> 8.6 | H99: =L99 -> 25.31 | I99: =G99*H99 -> 217.666 | K99: 19.18 | L99: =ROUND(K99*(1+$I$16),2) -> 25.31
B100: 7.4.8 | C100: IOPES | D100: 120101 | E100: Chapisco de argamassa de cimento e areia média ou grossa lavada, no traço 1:3, espessura 5 mm | F100: m² | G100: ='QUANT.PRAÇA BELO HOR.'!$F$82 -> 17.58 | H100: =L100 -> 7.35 | I100: =G100*H100 -> 129.213 | K100: 5.57 | L100: =ROUND(K100*(1+$I$16),2) -> 7.35
B101: 7.4.9 | C101: IOPES | D101: 120301 | E101: Emboço de argamassa de cimento, cal hidratada CH1 e areia média ou grossa lavada no traço 1:0.5:6, espessura 20 mm | F101: m² | G101: ='QUANT.PRAÇA BELO HOR.'!$F$84 -> 17.58 | H101: =L101 -> 36.12 | I101: =G101*H101 -> 634.9896 | K101: 27.37 | L101: =ROUND(K101*(1+$I$16),2) -> 36.12
B102: 7.4.10 | C102: IOPES | D102: 130233 | E102: Porcelanato polido, acabamento acetinado, dim. 60x60cm, ref. de cor CIMENTO CINZA BOLD Potobello/equiv, utilizando dupla colagem de argamassa colante para porcelanato tipo ACIII e rejunte 1mm para porcelanato (Banco de concreto) | F102: m² | G102: ='QUANT.PRAÇA BELO HOR.'!$F$85 -> 27.03 | H102: =L102 -> 142.16 | I102: =G102*H102 -> 3842.5848 | K102: 107.73 | L102: =ROUND(K102*(1+$I$16),2) -> 142.16
B103: 7.4.11 | C103: IOPES | D103: 100203 | E103: Pintura impermeabilizante com igolflex ou equivalente a 3 demãos | F103: m² | G103: ='QUANT.PRAÇA BELO HOR.'!$F$86 -> 13.19 | H103: =L103 -> 55.08 | I103: =G103*H103 -> 726.5052 | K103: 41.74 | L103: =ROUND(K103*(1+$I$16),2) -> 55.08
B104: 7.4.12 | C104: Comp. 03 | E104: Fornecimento e instalação de chapa de aço inox 316, inclusive corte, soldagem e instalação ( pingadeiras e testadas dos bancos lineares) | F104: m² | G104: ='QUANT.PRAÇA BELO HOR.'!$F$87 -> 3.3 | H104: =L104 -> 1143.87 | I104: =G104*H104 -> 3774.771 | K104: =[2]COMPOSIÇOES!F184 -> 866.832 | L104: =ROUND(K104*(1+$I$16),2) -> 1143.87
B105: 7.5 | E105: DIVERSOS EXTERNOS
B106: 7.5.1 | C106: IOPES | D106: 200576 | E106: Placa para inauguração de obra em alumínio polido e=4mm, dimensões 40 x 50 cm, gravação em baixo relevo, inclusive pintura e fixação | F106: und | G106: ='QUANT.PRAÇA BELO HOR.'!$F$89 -> 1 | H106: =L106 -> 989.85 | I106: =G106*H106 -> 989.85 | K106: 750.11 | L106: =ROUND(K106*(1+$I$16),2) -> 989.85
H107: Total: | I107: =SUM(I23:I106) -> 126411.58 | K107: =SUM(I23:I106) -> 126411.58
B108: SECRETARIA MUNICIPAL DE OBRAS PÚBLICAS | F108: SECRETARIA MUNICIPAL DE OBRAS PÚBLICAS
B109: WILLIAM GARCIA MENDONÇA | F109: DIVANDILSON FERREIRA DOS SANTOS
B110: SECRETÁRIO ADJUNTO | F110: SECRETÁRIO MUNICIPAL
B111: ASSINATURA: | F111: ASSINATURA:

Sheet LICITAÇÃO R.MAR
B11: PREFEITURA MUNICIPAL DE GUARAPARI
B14: OBRA: | C14: REFORMA DA PRAÇA RUA DA MARINHA | H14: ÁREA: | I14: 675,17 m²
B15: LOCAL: | C15: RUA DA MARINHA, BAIRRO: ITAPEBUSSU, GUARAPARI - ES | H15: DATA: | I15: 44477
B16: TABELAS DE REF.: | C16: DER-IOPES ES 06/2021. | H16: BDI: | I16: 0.3196
B18: PLANILHA ORÇAMENTÁRIA
B20: ITEM | C20: FONTE | D20: CÓD. | E20: ESPECIFICAÇÃO DO SERVIÇO | F20: UND. | G20: QUANT. | H20: PREÇO UNITÁRIO | I20: PREÇO TOTAL | K20: S/ BDI | L20: C/ BDI
B21: 1 | E21: SERVIÇOS PRELIMINARES
B22: 1.1 | E22: DEMOLIÇÕES E RETIRADAS
B23: 1.1.1 | C23: IOPES | D23: 10206 | E23: Demolição de revestimento com azulejos | F23: m² | G23: ='[3]QUANT.RUA MAR'!$F$6 -> 33.72 | H23: =L23 -> 52.67 | I23: =G23*H23 -> 1776.0324 | K23: 39.91 | L23: =ROUND(K23*(1+$I$16),2) -> 52.67
B24: 1.1.2 | C24: IOPES | D24: 10201 | E24: Demolição de piso cimentado inclusive lastro de concreto | F24: m² | G24: ='[3]QUANT.RUA MAR'!$F$7 -> 516.31 | H24: =L24 -> 27.38 | I24: =G24*H24 -> 14136.568 | K24: 20.75 | L24: =ROUND(K24*(1+$I$16),2) -> 27.38
B25: 1.1.3 | C25: IOPES | D25: 10326 | E25: Retirada de estrutura em madeira do telhado | F25: m² | G25: ='[3]QUANT.RUA MAR'!$F$8 -> 19.32 | H25: =L25 -> 30.96 | I25: =G25*H25 -> 598.1472 | K25: 23.46 | L25: =ROUND(K25*(1+$I$16),2) -> 30.96
B26: 1.1.4 | C26: IOPES | D26: 10331 | E26: Demolição de piso, soleira, peitoris e escadas em mármore ou granito, exclusive regularização | F26: m² | G26: ='[3]QUANT.RUA MAR'!$F$9 -> 25.29 | H26: =L26 -> 11.3 | I26: =G26*H26 -> 285.777 | K26: 8.56 | L26: =ROUND(K26*(1+$I$16),2) -> 11.3
B27: 1.1.5 | C27: IOPES | D27: 10216 | E27: Retirada de meio-fio de concreto | F27: m | G27: ='[3]QUANT.RUA MAR'!$F$10 -> 128.14 | H27: =L27 -> 10.53 | I27: =G27*H27 -> 1349.3142 | K27: 7.98 | L27: =ROUND(K27*(1+$I$16),2) -> 10.53
B28: 2 | E28: INSTALAÇÃO DO CANTEIRO DE OBRAS
B29: 2.1 | E29: TAPUMES, BARRACÕES E COBERTURAS
B30: 2.1.1 | C30: IOPES | D30: 20305 | E30: Placa de obra nas dimensões de 2.0 x 4.0 m, padrão IOPES | F30: m² | G30: ='[3]QUANT.RUA MAR'!$F$13 -> 8 | H30: =L30 -> 377.97 | I30: =G30*H30 -> 3023.76 | K30: 286.43 | L30: =ROUND(K30*(1+$I$16),2) -> 377.97
B31: 2.1.2 | C31: IOPES | D31: 20352 | E31: Aluguel mensal container para escritório, dim. 6.00x2.40m, c/ banheiro (vaso+lavat+chuveiro e básc), incl. porta, 2 janelas, abert p/ ar cond., 2 pt iluminação, 2 tom. elét. e 1 tom.telef. Isolam.térmico(teto e paredes), piso em comp. Naval, cert. NR18, incl. laudo descontaminação. | F31: ms | G31: ='[3]QUANT.RUA MAR'!$F$14 -> 6 | H31: =L31 -> 1038.96 | I31: =G31*H31 -> 6233.76 | K31: 787.33 | L31: =ROUND(K31*(1+$I$16),2) -> 1038.96
B32: 2.1.3 | C32: IOPES | D32: 20344 | E32: Mobilização e desmobilização de conteiner locado para barracão de obra | F32: und | G32: ='[3]QUANT.RUA MAR'!$F$15 -> 1 | H32: =L32 -> 1366.67 | I32: =G32*H32 -> 1366.67 | K32: 1035.67 | L32: =ROUND(K32*(1+$I$16),2) -> 1366.67
B33: 2.1.4 | C33: IOPES | D33: 20350 | E33: Tapume Telha Metálica Ondulada em aço galvalume 0,50mm Branca h=2,20m, incl. montagem estr. mad.8"x8", c/adesivo "DER-ES" 60x60cm a cada 10m, incl. faixas pint. esmalte sint. cores azul c/ h=30cm e rosac/ h=10cm (Reaproveitamento 2x) | F33: m | G33: ='[3]QUANT.RUA MAR'!$F$16 -> 124.72 | H33: =L33 -> 236.82 | I33: =G33*H33 -> 29536.19 | K33: 179.46 | L33: =ROUND(K33*(1+$I$16),2) -> 236.82
B34: 2.2 | E34: INSTALAÇÃO DO CANTEIRO DE OBRAS (UTILIZAÇÃO 2 VEZES), PROJETO PADRÃO LABOR - NR.18 (OBRAS COM PRAZO DE EXECUÇÃO DE 6 A 12 MESES)
B35: 2.2.1 | C35: IOPES | D35: 20812 | E35: Rede de água, com padrão de entrada d'água diâm. 3/4", conf. espec. CESAN, incl. tubos e conexões para alimentação, distribuição, extravasor e limpeza, cons. o padrão a 25m, conf. projeto (2 utilizações) | F35: m | G35: ='[3]QUANT.RUA MAR'!$F$18 -> 6 | H35: =L35 -> 38.82 | I35: =G35*H35 -> 232.92 | K35: 29.42 | L35: =ROUND(K35*(1+$I$16),2) -> 38.82
B36: 2.2.2 | C36: IOPES | D36: 20713 | E36: Rede de luz, incl. padrão entrada de energia trifás., cabo de ligação até barracões, quadro de distrib., disj. E chave de força (quando necessário), cons. 20m entre padrão entrada e QDG, conf. projeto (1 utilização) | F36: m | G36: ='[3]QUANT.RUA MAR'!$F$19 -> 8 | H36: =L36 -> 805.52 | I36: =G36*H36 -> 6444.16 | K36: 610.43 | L36: =ROUND(K36*(1+$I$16),2) -> 805.52
B37: 3 | E37: MOVIMENTO DE TERRA
B38: 3.1 | E38: ESCAVAÇÕES
B39: 3.1.1 | C39: IOPES | D39: 30101 | E39: Escavação manual em material de 1a. categoria, até 1.50 m de profundidade | F39: m³ | G39: ='[3]QUANT.RUA MAR'!$F$22 -> 8.83 | H39: =L39 -> 60.25 | I39: =G39*H39 -> 532.0075 | K39: 45.66 | L39: =ROUND(K39*(1+$I$16),2) -> 60.25
B40: 3.1.2 | C40: IOPES | D40: 30119 | E40: Apiloamento do fundo de vala com maço de 30 a 60kg | F40: m² | G40: ='[3]QUANT.RUA MAR'!$F$23 -> 33.87 | H40: =L40 -> 31.53 | I40: =G40*H40 -> 1067.9211 | K40: 23.89 | L40: =ROUND(K40*(1+$I$16),2) -> 31.53
B41: 3.1.3 | C41: IOPES | D41: 30201 | E41: Reaterro apiloado de cavas de fundação, em camadas de 20 cm | F41: m³ | G41: ='[3]QUANT.RUA MAR'!$F$24 -> 5.57 | H41: =L41 -> 64.9 | I41: =G41*H41 -> 361.493 | K41: 49.18 | L41: =ROUND(K41*(1+$I$16),2) -> 64.9
B42: 3.2 | E42: TRANSPORTES
B43: 3.2.1 | C43: IOPES | D43: 30304 | E43: Índice de preço para remoção de entulho decorrente da execução de obras (Classe A CONAMA - NBR 10.004 - Classe II-B), incluindo aluguel da caçamba, carga, transporte e descarga em área licenciada | F43: m³ | G43: ='[3]QUANT.RUA MAR'!$F$26 -> 69.01 | H43: =L43 -> 64.46 | I43: =G43*H43 -> 4448.3846 | K43: 48.85 | L43: =ROUND(K43*(1+$I$16),2) -> 64.46
B44: 4 | E44: REVESTIMENTO DE PAREDES
B45: 4.1 | E45: ACABAMENTOS
B46: 4.1.1 | C46: COMP.15 | E46: Piso porcelanato long deck maso (ripado), dim. 26x106cm,Biancogres/equiv, utilizando dupla colagem de argamassa colante para porcelanato tipo ACIII e rejunte 1mm para porcelanato (canteiros) | F46: m² | G46: ='[3]QUANT.RUA MAR'!$F$29 -> 37.25 | H46: =L46 -> 147.3 | I46: =G46*H46 -> 5486.925 | K46: =[4]COMPOSIÇOES!F330 -> 111.6282 | L46: =ROUND(K46*(1+$I$16),2) -> 147.3
B47: 5 | E47: IMPERMEABILIZAÇÃO
B48: 5.1 | E48: IMPERMEABILIZAÇÃO CALHAS, LAJES DESCOBERTAS, BALDRAMES, PAREDES E JARDINEIRAS
B49: 5.1.1 | C49: IOPES | D49: 100203 | E49: Pintura impermeabilizante com igolflex ou equivalente a 3 demãos (canteiros) | F49: m² | G49: ='[3]QUANT.RUA MAR'!$F$32 -> 33.87 | H49: =L49 -> 55.08 | I49: =G49*H49 -> 1865.5596 | K49: 41.74 | L49: =ROUND(K49*(1+$I$16),2) -> 55.08
B50: 6 | E50: PISOS INTERNOS E EXTERNOS
B51: 6.1 | E51: ACABAMENTOS
B52: 6.1.1 | C52: SINAPI | D52: 97087 | E52: Camada separadora para execução de radier, em lona plástica. af_09/2017 (calçada) | F52: m² | G52: ='[3]QUANT.RUA MAR'!$F$35 -> 251.04 | H52: =L52 -> 2.61 | I52: =G52*H52 -> 655.2144 | K52: 1.98 | L52: =ROUND(K52*(1+$I$16),2) -> 2.61
B53: 6.1.2 | C53: ORSE | D53: 3637 | E53: Fornecimento e instalação de tela aço soldada nervurada CA-60, Q-92, malha 15x15cm, ferro 4.2mm (1.48 kg/m2), painel 2,45x6,0m, Telcon ou similar (calçada) | F53: m² | G53: ='[3]QUANT.RUA MAR'!$F$36 -> 251.04 | H53: =L53 -> 49.43 | I53: =G53*H53 -> 12408.907 | K53: 37.46 | L53: =ROUND(K53*(1+$I$16),2) -> 49.43
B54: 6.1.3 | C54: IOPES | D54: 130112 | E54: Lastro de concreto não estrutural, espessura de 6 cm (calçada) | F54: m² | G54: ='[3]QUANT.RUA MAR'!$F$37 -> 251.04 | H54: =L54 -> 51.53 | I54: =G54*H54 -> 12936.091 | K54: 39.05 | L54: =ROUND(K54*(1+$I$16),2) -> 51.53
B55: 6.1.4 | C55: IOPES | D55: 130103 | E55: Regularização de base p/ revestimento cerâmico, com argamassa de cimento e areia no traço 1:5, espessura 3cm | F55: m² | G55: ='[3]QUANT.RUA MAR'!$F$38 -> 100.14 | H55: =L55 -> 25.31 | I55: =G55*H55 -> 2534.5434 | K55: 19.18 | L55: =ROUND(K55*(1+$I$16),2) -> 25.31
B56: 6.1.5 | C56: SINAPI | D56: 101092 | E56: Piso em granito aplicado em calçadas ou pisos externos. Af_05/2020 (pergolado) | F56: m² | G56: ='[3]QUANT.RUA MAR'!$F$39 -> 23.6 | H56: =L56 -> 258.03 | I56: =G56*H56 -> 6089.508 | K56: 195.54 | L56: =ROUND(K56*(1+$I$16),2) -> 258.03
B57: 6.1.6 | C57: COMP.02 | E57: Piso argamassa alta resistência tipo granilite ou equiv de qualidade comprovada, esp de 10mm, com juntas plástica em quadros de 1m, na cor amarelo, com acabamento anti-derrapante mecanizado, inclusive regularização e=3.0cm | F57: m² | G57: ='[3]QUANT.RUA MAR'!$F$40 -> 165.99 | H57: =L57 -> 144.27 | I57: =G57*H57 -> 23947.377 | K57: =[4]COMPOSIÇOES!F37 -> 109.32883 | L57: =ROUND(K57*(1+$I$16),2) -> 144.27
B58: 6.1.7 | C58: ORSE | D58: 7675 | E58: Piso de borracha reciclada, granulada, tipo"S", da marca HAIAH ou similar, fornecimento e instalação, exclusive lastro de brita e areia | F58: m² | G58: ='[3]QUANT.RUA MAR'!$F$41 -> 86.56 | H58: =L58 -> 256.83 | I58: =G58*H58 -> 22231.205 | K58: 194.63 | L58: =ROUND(K58*(1+$I$16),2) -> 256.83
B59: 6.2 | E59: DEGRAUS, RODAPÉS, SOLEIRAS E PEITORIS
B60: 6.2.1 | C60: IOPES | D60: 130317 | E60: Peitoril de granito cinza polido, 15 cm, esp. 3cm | F60: m | G60: ='[3]QUANT.RUA MAR'!$F$43 -> 186.26 | H60: =L60 -> 91.55 | I60: =G60*H60 -> 17052.103 | K60: 69.38 | L60: =ROUND(K60*(1+$I$16),2) -> 91.55
B61: 6.2.2 | C61: IOPES | D61: 130308 | E61: Tabeira de granito esp. 2 cm e largura de 15 cm | F61: m | G61: ='[3]QUANT.RUA MAR'!$F$44 -> 20.68 | H61: =L61 -> 52.41 | I61: =G61*H61 -> 1083.8388 | K61: 39.72 | L61: =ROUND(K61*(1+$I$16),2) -> 52.41
B62: 7 | E62: INSTALAÇÕES ELÉTRICAS
B63: 7.1 | E63: CAIXAS DE PASSAGEM
B64: 7.1.1 | C64: IOPES | D64: 150614 | E64: Caixa de passagem de alvenaria de blocos de concreto 9x19x39cm, dimensões de 30x30x50cm, com revestimento interno em chapisco e reboco, tampa de concreto esp.5cm e lastro de brita 5 cm | F64: und | G64: ='[3]QUANT.RUA MAR'!$F$47 -> 3 | H64: =L64 -> 157.96 | I64: =G64*H64 -> 473.88 | K64: 119.7 | L64: =ROUND(K64*(1+$I$16),2) -> 157.96
B65: 7.1.2 | C65: IOPES | D65: 150628 | E65: Caixa de embutir marca de referência Tigreflex, 4x2" | F65: und | G65: ='[3]QUANT.RUA MAR'!$F$48 -> 22 | H65: =L65 -> 10.08 | I65: =G65*H65 -> 221.76 | K65: 7.64 | L65: =ROUND(K65*(1+$I$16),2) -> 10.08
B66: 7.2 | E66: ELETRODUTOS E CONEXÕES
B67: 7.2.1 | C67: IOPES | D67: 151133 | E67: Eletroduto flexível corrugado 1", marca de referência TIGRE | F67: m | G67: ='[3]QUANT.RUA MAR'!$F$50 -> 40 | H67: =L67 -> 13.47 | I67: =G67*H67 -> 538.8 | K67: 10.21 | L67: =ROUND(K67*(1+$I$16),2) -> 13.47
B68: 7.2.2 | C68: SINAPI | D68: 91850 | E68: Eletroduto flexível corrugado, pead, dn 40 mm (1 1/4"), para circuitos terminais, instalado em laje - fornecimento e instalação. af_12/2015 | F68: m | G68: ='[3]QUANT.RUA MAR'!$F$51 -> 25 | H68: =L68 -> 12.63 | I68: =G68*H68 -> 315.75 | K68: 9.57 | L68: =ROUND(K68*(1+$I$16),2) -> 12.63
B69: 7.3 | E69: CHAVES, FUSIVEIS E DISJUNTORES
B70: 7.3.1 | C70: IOPES | D70: 151301 | E70: Mini-Disjuntor monopolar 16 A, curva C - 5KA 220/127VCA (NBR IEC 60947-2), Ref. Siemens, GE, Schneider ou equivalente | F70: und | G70: ='[3]QUANT.RUA MAR'!$F$53 -> 2 | H70: =L70 -> 25.07 | I70: =ROUND(G70*H70,2) -> 50.14 | K70: 19 | L70: =ROUND(K70*(1+$I$16),2) -> 25.07
B71: 7.3.2 | C71: IOPES | D71: 151302 | E71: Mini-Disjuntor monopolar 20 A, curva C - 5KA 220/127VCA (NBR IEC 60947-2), Ref. Siemens, GE, Schneider ou equivalente | F71: und | G71: ='[3]QUANT.RUA MAR'!$F$54 -> 2 | H71: =L71 -> 25.07 | I71: =ROUND(G71*H71,2) -> 50.14 | K71: 19 | L71: =ROUND(K71*(1+$I$16),2) -> 25.07
B72: 7.4 | E72: FIOS E CABOS
B73: 7.4.1 | C73: IOPES | D73: 151402 | E73: Fio de cobre termoplástico, com isolamento para 750V, seção de 2.5 mm2 | F73: m | G73: ='[3]QUANT.RUA MAR'!$F$56 -> 56 | H73: =L73 -> 8.8 | I73: =G73*H73 -> 492.8 | K73: 6.67 | L73: =ROUND(K73*(1+$I$16),2) -> 8.8
B74: 7.4.2 | C74: IOPES | D74: 151403 | E74: Fio ou cabo de cobre termoplástico, com isolamento para 750V, seção de 4.0 mm2 | F74: m | G74: ='[3]QUANT.RUA MAR'!$F$57 -> 30 | H74: =L74 -> 11.74 | I74: =G74*H74 -> 352.2 | K74: 8.9 | L74: =ROUND(K74*(1+$I$16),2) -> 11.74
B75: 7.5 | E75: PONTOS ELETRICOS REVISAO NR-10
B76: 7.5.1 | C76: IOPES | D76: 151817 | E76: Ponto padrão de tomada de piso - considerando eletroduto PVC rígido de 3/4" inclusive conexões (5.0m), fio isolado PVC de 2.5mm2 (18.0m) e caixa alumínio silício 4x4" (1 und) | F76: und | G76: ='[3]QUANT.RUA MAR'!$F$59 -> 5 | H76: =L76 -> 307.24 | I76: =G76*H76 -> 1536.2 | K76: 232.83 | L76: =ROUND(K76*(1+$I$16),2) -> 307.24
B77: 8 | E77: APARELHOS ELÉTRICOS
B78: 8.1 | E78: LUMINÁRIAS
B79: 8.1.1 | C79: SEDOP | D79: 170993 | E79: Holofote - 300W (Cônico) | F79: und | G79: ='[3]QUANT.RUA MAR'!$F$62 -> 5 | H79: =L79 -> 290.18 | I79: =G79*H79 -> 1450.9 | K79: 219.9 | L79: =ROUND(K79*(1+$I$16),2) -> 290.18
B80: 8.1.2 | C80: SINAPI | D80: 97592 | E80: Luminária tipo plafon, de sobrepor, com 1 lâmpada led de 12/13 w, reator - fornecimento e instalação. Af_02/2020 | F80: und | G80: ='[3]QUANT.RUA MAR'!$F$63 -> 4 | H80: =L80 -> 49.43 | I80: =G80*H80 -> 197.72 | K80: 37.46 | L80: =ROUND(K80*(1+$I$16),2) -> 49.43
B81: 8.1.3 | C81: Comp.08 | E81: Balizador Spot Luminária Blindado Embutir Led 5w Chão Piso Escada Jardim Gramado - Branco Quente - 3200k Ip66 Smd.Fornecimento e instalação | F81: und | G81: ='[3]QUANT.RUA MAR'!$F$64 -> 20 | H81: =L81 -> 136.71 | I81: =G81*H81 -> 2734.2 | K81: =[4]COMPOSIÇOES!F74 -> 103.601 | L81: =ROUND(K81*(1+$I$16),2) -> 136.71
B82: 8.1.4 | C82: Comp.09 | E82: Refletor Led 50w Holofote Branco Neutro 4000k Avant/equiv .Fornecimento e instalação | F82: und | G82: ='[3]QUANT.RUA MAR'!$F$65 -> 4 | H82: =L82 -> 120.26 | I82: =G82*H82 -> 481.04 | K82: =[4]COMPOSIÇOES!F110 -> 91.133 | L82: =ROUND(K82*(1+$I$16),2) -> 120.26
B83: 9 | E83: SERVIÇOS COMPLEMENTARES EXTERNOS
B84: 9.1 | E84: PAVIMENTAÇÃO
B85: 9.1.1 | C85: SINAPI | D85: 97087 | E85: Camada separadora para execução de radier, em lona plástica. af_09/2017 (calçada) | F85: m² | G85: ='[3]QUANT.RUA MAR'!$F$68 -> 184.52 | H85: =L85 -> 2.61 | I85: =G85*H85 -> 481.5972 | K85: 1.98 | L85: =ROUND(K85*(1+$I$16),2) -> 2.61
B86: 9.1.2 | C86: ORSE | D86: 3637 | E86: Fornecimento e instalação de tela aço soldada nervurada CA-60, Q-92, malha 15x15cm, ferro 4.2mm (1.48 kg/m2), painel 2,45x6,0m, Telcon ou similar (calçada) | F86: m² | G86: ='[3]QUANT.RUA MAR'!$F$69 -> 184.52 | H86: =L86 -> 49.43 | I86: =G86*H86 -> 9120.8236 | K86: 37.46 | L86: =ROUND(K86*(1+$I$16),2) -> 49.43
B87: 9.1.3 | C87: IOPES | D87: 130112 | E87: Lastro de concreto não estrutural, espessura de 6 cm (calçada) | F87: m² | G87: ='[3]QUANT.RUA MAR'!$F$70 -> 184.52 | H87: =L87 -> 51.53 | I87: =G87*H87 -> 9508.3156 | K87: 39.05 | L87: =ROUND(K87*(1+$I$16),2) -> 51.53
B88: 9.1.4 | C88: COMP.03 | E88: Piso argamassa alta resistência tipo granilite ou equiv de qualidade comprovada, esp de 10mm, com juntas plástica em quadros de 1m, na cor vermelho, com acabamento anti-derrapante mecanizado, inclusive regularização e=3.0cm | F88: m² | G88: ='[3]QUANT.RUA MAR'!$F$71 -> 202.97 | H88: =L88 -> 144.27 | I88: =G88*H88 -> 29282.482 | K88: =[4]COMPOSIÇOES!F148 -> 109.32883 | L88: =ROUND(K88*(1+$I$16),2) -> 144.27
B89: 9.1.5 | C89: IOPES | D89: 200253 | E89: Fornecimento e assentamento de ladrilho hidráulico pastilhado, vermelho, dim. 20x20 cm, esp. 1.5cm, assentado com pasta de cimento colante, exclusive regularização e lastro | F89: m² | G89: ='[3]QUANT.RUA MAR'!$F$72 -> 57.02 | H89: =L89 -> 98.88 | I89: =G89*H89 -> 5638.1376 | K89: 74.93 | L89: =ROUND(K89*(1+$I$16),2) -> 98.88
B90: 9.1.6 | C90: IOPES | D90: 200202 | E90: Meio-fio de concreto pré-moldado com dimensões de 15x12x30x100 cm , rejuntados com argamassa de cimento e areia no traço 1:3 | F90: m | G90: ='[3]QUANT.RUA MAR'!$F$73 -> 134.55 | H90: =L90 -> 64.01 | I90: =G90*H90 -> 8612.5455 | K90: 48.51 | L90: =ROUND(K90*(1+$I$16),2) -> 64.01
B91: 9.1.7 | C91: IOPES | D91: 190205 | E91: Caiação de meio-fio, a três demãos | F91: m² | G91: ='[3]QUANT.RUA MAR'!$F$74 -> 33.64 | H91: =L91 -> 12.27 | I91: =G91*H91 -> 412.7628 | K91: 9.3 | L91: =ROUND(K91*(1+$I$16),2) -> 12.27
B92: 9.1.8 | C92: ORSE | D92: 12214 | E92: Rampa padrão para acesso de deficientes a passeio público, em concreto simples Fck=25MPa, desempolada, com pintura indicativa em novacor, 02 demãos | F92: und | G92: ='[3]QUANT.RUA MAR'!$F$75 -> 1 | H92: =L92 -> 441.59 | I92: =G92*H92 -> 441.59 | K92: 334.64 | L92: =ROUND(K92*(1+$I$16),2) -> 441.59
B93: 9.2 | E93: PAISAGISMO
B94: 9.2.1 | C94: SINAPI | D94: 98510 | E94: Plantio de árvore ornamental com altura de muda menor ou igual a 2,00 m. af_05/2018 | F94: und | G94: ='[3]QUANT.RUA MAR'!$F$77 -> 1 | H94: =L94 -> 76.18 | I94: =G94*H94 -> 76.18 | K94: 57.73 | L94: =ROUND(K94*(1+$I$16),2) -> 76.18
B95: 9.2.2 | C95: IOPES | D95: 200326 | E95: Fornecimento e plantio de grama em placas tipo esmeralda, inclusive fornecimento de terra vegetal | F95: m² | G95: ='[3]QUANT.RUA MAR'!$F$78 -> 172.76 | H95: =L95 -> 29.55 | I95: =G95*H95 -> 5105.058 | K95: 22.39 | L95: =ROUND(K95*(1+$I$16),2) -> 29.55
B96: 9.3 | E96: TRATAMENTO, CONSERVAÇÃO E LIMPEZA
B97: 9.3.1 | C97: IOPES | D97: 200402 | E97: Limpeza geral de obras (quadras, praças e jardins) | F97: m² | G97: ='[3]QUANT.RUA MAR'!$F$80 -> 675.17 | H97: =L97 -> 1.29 | I97: =G97*H97 -> 870.9693 | K97: 0.98 | L97: =ROUND(K97*(1+$I$16),2) -> 1.29
B98: 9.4 | E98: PERGOLADO
B99: 9.4.1 | C99: COMP.04 | E99: Madeiramento em garapa/madeira de lei, peça serrada 7cm x 20cm, c/ abertura de encaixes (estrutura pergolado) | F99: m | G99: ='[3]QUANT.RUA MAR'!$F$82 -> 48 | H99: =L99 -> 314.93 | I99: =G99*H99 -> 15116.64 | K99: =[4]COMPOSIÇOES!F184 -> 238.652 | L99: =ROUND(K99*(1+$I$16),2) -> 314.93
B100: 9.4.2 | C100: COMP.06 | E100: Estrutura metálica em alumínio anodizado branco com perfis 10 x 15 cm com pintura eletrostática branca. (estrutura pergolado) | F100: m | G100: ='[3]QUANT.RUA MAR'!$F$83 -> 20.7 | H100: =L100 -> 164.13 | I100: =G100*H100 -> 3397.491 | K100: =[4]COMPOSIÇOES!F219 -> 124.38 | L100: =ROUND(K100*(1+$I$16),2) -> 164.13
B101: 9.4.3 | C101: COMP.07 | E101: Estrutura metálica em alumínio anodizado branco com perfis 20 x 15 cm com pintura eletrostática branca. (estrutura pergolado) | F101: m | G101: ='[3]QUANT.RUA MAR'!$F$84 -> 17.5 | H101: =L101 -> 190.52 | I101: =G101*H101 -> 3334.1 | K101: =[4]COMPOSIÇOES!F253 -> 144.38 | L101: =ROUND(K101*(1+$I$16),2) -> 190.52
B102: 9.4.4 | C102: COMP.05 | E102: Fornecimento e Instalação de vidro laminado verde, e = 8,0 mm (cobertura de pergolado) | F102: m² | G102: ='[3]QUANT.RUA MAR'!$F$85 -> 21.45 | H102: =L102 -> 627.8 | I102: =G102*H102 -> 13466.31 | K102: =[4]COMPOSIÇOES!F291 -> 475.75065 | L102: =ROUND(K102*(1+$I$16),2) -> 627.8
B103: 9.4.5 | C103: ORSE | D103: 9415 | E103: Fornecimento e assentamento de Ripas Massaranduba/equiv. 5 x1,5cm (cobertura de pergolado) | F103: m | G103: ='[3]QUANT.RUA MAR'!$F$86 -> 35 | H103: =L103 -> 10.82 | I103: =G103*H103 -> 378.7 | K103: 8.2 | L103: =ROUND(K103*(1+$I$16),2) -> 10.82
B104: 9.4.6 | C104: SINAPI | D104: 102234 | E104: Pintura imunizante para madeira, 2 demãos. Af_01/2021 | F104: m² | G104: ='[3]QUANT.RUA MAR'!$F$87 -> 33.84 | H104: =L104 -> 22.59 | I104: =G104*H104 -> 764.4456 | K104: 17.12 | L104: =ROUND(K104*(1+$I$16),2) -> 22.59
B105: 9.5 | E105: DIVERSOS EXTERNOS
B106: 9.5.1 | C106: COMP.18 | E106: Conjunto de bancos madeira de demolição encerada com encosto – Dimensões - (94x94x170 cm – 1 und) / (94X94x70 cm 2 und) - Fornecimento | F106: und | G106: ='[3]QUANT.RUA MAR'!$F$90 -> 1 | H106: =L106 -> 2870.17 | I106: =ROUND(G106*H106,2) -> 2870.17 | K106: =[4]COMPOSIÇOES!F366 -> 2175.03 | L106: =ROUND(K106*(1+$I$16),2) -> 2870.17
B107: 9.5.2 | C107: IOPES | D107: 200576 | E107: Placa para inauguração de obra em alumínio polido e=4mm, dimensões 40 x 50 cm, gravação em baixo relevo, inclusive pintura e fixação | F107: und | G107: ='[3]QUANT.RUA MAR'!$F$89 -> 1 | H107: =L107 -> 989.85 | I107: =G107*H107 -> 989.85 | K107: 750.11 | L107: =ROUND(K107*(1+$I$16),2) -> 989.85
H108: Total: | I108: =SUM(I23:I107) -> 296448.08
B110: SECRETARIA MUNICIPAL DE OBRAS PÚBLICAS | F110: SECRETARIA MUNICIPAL DE OBRAS PÚBLICAS | K110: =SUM(I23:I107) -> 296448.08
B111: WILLIAM GARCIA MENDONÇA | F111: DIVANDILSON FERREIRA DOS SANTOS
B112: SECRETÁRIO ADJUNTO | F112: SECRETÁRIO MUNICIPAL
B113: ASSINATURA: | F113: ASSINATURA:

Sheet Licitação CERCA
B11: PREFEITURA MUNICIPAL DE GUARAPARI
B12: SEMOP - SECRETARIA MUNICIPAL DE OBRAS PÚBLICAS
B14: OBRA: | C14: RECONSTRUÇÃO DA PRAÇA - PRAIA DA CERCA | H14: ÁREA: | I14: 630,00 m2
B15: LOCAL: | C15: RUA: BELO HORIZONTE, BAIRRO: PRAIA DO MORRO, GUARAPARI - ES | H15: DATA: | I15: 44477
B16: TABELAS DE REF.: | C16: DER-ES 06/2021. | H16: BDI: | I16: 0.3196
B18: PLANILHA ORÇAMENTÁRIA
K19: VALOR
B20: ITEM | C20: FONTE | D20: CÓD. | F20: UND. | G20: QUANT. | H20: PREÇO UNITÁRIO | I20: PREÇO TOTAL | K20: S/ BDI | L20: C/ BDI
B21: 1 | E21: SERVIÇOS PRELIMINARES
B22: 1.1 | E22: DEMOLIÇÕES E RETIRADAS
B23: 1.1.1 | C23: IOPES | D23: 10201 | E23: Demolição de piso cimentado inclusive lastro de concreto | F23: m² | G23: ='QUANT.PRAÇA CERCA'!$F$6 -> 509.42 | H23: =L23 -> 27.38 | I23: =G23*H23 -> 13947.92 | K23: 20.75 | L23: =ROUND(K23*(1+$I$16),2) -> 27.38
B24: 1.1.2 | C24: IOPES | D24: 10219 | E24: Demolição manual de concreto armado (EMOP 05.001.033) | F24: m³ | G24: ='QUANT.PRAÇA CERCA'!$F$7 -> 0.18 | H24: =L24 -> 348.94 | I24: =G24*H24 -> 62.8092 | K24: 264.43 | L24: =ROUND(K24*(1+$I$16),2) -> 348.94
B25: 1.1.3 | C25: IOPES | D25: 10403 | E25: Corte e destocamento de árvores com diâmetro de até 15 cm | F25: und | G25: ='QUANT.PRAÇA CERCA'!$F$8 -> 2 | H25: =L25 -> 55.62 | I25: =G25*H25 -> 111.24 | K25: 42.15 | L25: =ROUND(K25*(1+$I$16),2) -> 55.62
B26: 1.1.4 | C26: IOPES | D26: 10216 | E26: Retirada de meio-fio de concreto | F26: m | G26: ='QUANT.PRAÇA CERCA'!$F$9 -> 87.94 | H26: =L26 -> 10.53 | I26: =G26*H26 -> 926.0082 | K26: 7.98 | L26: =ROUND(K26*(1+$I$16),2) -> 10.53
B27: 2 | E27: INSTALAÇÃO DO CANTEIRO DE OBRAS
B28: 2.1 | E28: TAPUMES, BARRACÕES E COBERTURAS
B29: 2.1.1 | C29: IOPES | D29: 20305 | E29: Placa de obra nas dimensões de 2.0 x 4.0 m, padrão IOPES | F29: m² | G29: ='QUANT.PRAÇA CERCA'!$F$12 -> 8 | H29: =L29 -> 377.97 | I29: =G29*H29 -> 3023.76 | K29: 286.43 | L29: =ROUND(K29*(1+$I$16),2) -> 377.97
B30: 2.1.2 | C30: IOPES | D30: 20352 | E30: Aluguel mensal container para escritório, dim. 6.00x2.40m, c/ banheiro (vaso+lavat+chuveiro e básc), incl. porta, 2 janelas, abert p/ ar cond., 2 pt iluminação, 2 tom. elét. e 1 tom.telef. Isolam.térmico(teto e paredes), piso em comp. Naval, cert. NR18, incl. laudo descontaminação. | F30: ms | G30: ='QUANT.PRAÇA CERCA'!$F$13 -> 4 | H30: =L30 -> 1038.96 | I30: =G30*H30 -> 4155.84 | K30: 787.33 | L30: =ROUND(K30*(1+$I$16),2) -> 1038.96
B31: 2.1.3 | C31: IOPES | D31: 20344 | E31: Mobilização e desmobilização de conteiner locado para barracão de obra | F31: und | G31: ='QUANT.PRAÇA CERCA'!$F$14 -> 1 | H31: =L31 -> 1366.67 | I31: =G31*H31 -> 1366.67 | K31: 1035.67 | L31: =ROUND(K31*(1+$I$16),2) -> 1366.67
B32: 2.1.4 | C32: IOPES | D32: 20350 | E32: Tapume Telha Metálica Ondulada em aço galvalume 0,50mm Branca h=2,20m, incl. montagem estr. mad. 8"x8", c/adesivo "IOPES" 60x60cm a cada 10m, incl. faixas pint. esmalte sint. cores azul c/ h=30cm e rosa c/ h=10cm (Reaproveitamento 2x) | F32: m | G32: ='QUANT.PRAÇA CERCA'!$F$15 -> 89.36 | H32: =L32 -> 236.82 | I32: =G32*H32 -> 21162.235 | K32: 179.46 | L32: =ROUND(K32*(1+$I$16),2) -> 236.82
B33: 2.2 | E33: INSTALAÇÃO DO CANTEIRO DE OBRAS (UTILIZAÇÃO 2 VEZES), PROJETO PADRÃO LABOR - NR.18 (OBRAS COM PRAZO DE EXECUÇÃO DE 6 A 12 MESES)
B34: 2.2.1 | C34: IOPES | D34: 20812 | E34: Rede de água, com padrão de entrada d'água diâm. 3/4", conf. espec. CESAN, incl. tubos e conexões para alimentação, distribuição, extravasor e limpeza, cons. o padrão a 25m, conf. projeto (2 utilizações) | F34: m | G34: ='QUANT.PRAÇA CERCA'!$F$17 -> 6 | H34: =L34 -> 38.82 | I34: =G34*H34 -> 232.92 | K34: 29.42 | L34: =ROUND(K34*(1+$I$16),2) -> 38.82
B35: 2.2.2 | C35: IOPES | D35: 20713 | E35: Rede de luz, incl. padrão entrada de energia trifás., cabo de ligação até barracões, quadro de distrib., disj. E chave de força (quando necessário), cons. 20m entre padrão entrada e QDG, conf. projeto (1 utilização) | F35: m | G35: ='QUANT.PRAÇA CERCA'!$F$18 -> 8 | H35: =L35 -> 805.52 | I35: =G35*H35 -> 6444.16 | K35: 610.43 | L35: =ROUND(K35*(1+$I$16),2) -> 805.52
B36: 3 | E36: MOVIMENTO DE TERRA
B37: 3.1 | E37: ESCAVAÇÕES
B38: 3.1.1 | C38: IOPES | D38: 30101 | E38: Escavação manual em material de 1a. categoria, até 1.50 m de profundidade | F38: m³ | G38: ='QUANT.PRAÇA CERCA'!$F$21 -> 2.32 | H38: =L38 -> 60.25 | I38: =G38*H38 -> 139.78 | K38: 45.66 | L38: =ROUND(K38*(1+$I$16),2) -> 60.25
B39: 3.1.2 | C39: IOPES | D39: 30119 | E39: Apiloamento do fundo de vala com maço de 30 a 60kg | F39: m² | G39: ='QUANT.PRAÇA CERCA'!$F$22 -> 4.76 | H39: =L39 -> 31.53 | I39: =G39*H39 -> 150.0828 | K39: 23.89 | L39: =ROUND(K39*(1+$I$16),2) -> 31.53
B40: 3.1.3 | C40: IOPES | D40: 30201 | E40: Reaterro apiloado de cavas de fundação, em camadas de 20 cm | F40: m³ | G40: ='QUANT.PRAÇA CERCA'!$F$23 -> 1.82 | H40: =L40 -> 64.9 | I40: =G40*H40 -> 118.118 | K40: 49.18 | L40: =ROUND(K40*(1+$I$16),2) -> 64.9
B41: 3.2 | E41: TRANSPORTES
B42: 3.2.1 | C42: IOPES | D42: 30304 | E42: Índice de preço para remoção de entulho decorrente da execução de obras (Classe A CONAMA - NBR 10.004 - Classe II-B), incluindo aluguel da caçamba, carga, transporte e descarga em área licenciada | F42: m³ | G42: ='QUANT.PRAÇA CERCA'!$F$25 -> 71.51 | H42: =L42 -> 64.46 | I42: =G42*H42 -> 4609.5346 | K42: 48.85 | L42: =ROUND(K42*(1+$I$16),2) -> 64.46
B43: 4 | E43: PISOS INTERNOS E EXTERNOS
B44: 4.1 | E44: LASTRO DE CONTRAPISO
B45: 4.1.1 | C45: IOPES | D45: 130112 | E45: Lastro de concreto não estrutural, espessura de 6 cm | F45: m² | G45: ='QUANT.PRAÇA CERCA'!$F$28 -> 237.13 | H45: =L45 -> 51.53 | I45: =G45*H45 -> 12219.309 | K45: 39.05 | L45: =ROUND(K45*(1+$I$16),2) -> 51.53
B46: 4.1.2 | C46: IOPES | D46: 130103 | E46: Regularização de base p/ revestimento cerâmico, com argamassa de cimento e areia no traço 1:5, espessura 3cm | F46: m² | G46: ='QUANT.PRAÇA CERCA'!$F$29 -> 120.9 | H46: =L46 -> 25.31 | I46: =G46*H46 -> 3059.979 | K46: 19.18 | L46: =ROUND(K46*(1+$I$16),2) -> 25.31
B47: 4.1.3 | C47: SINAPI | D47: 97087 | E47: Camada separadora para execução de radier, em lona plástica. af_09/2017 (calçada) | F47: m² | G47: ='QUANT.PRAÇA CERCA'!$F$30 -> 237.13 | H47: =L47 -> 2.61 | I47: =G47*H47 -> 618.9093 | K47: 1.98 | L47: =ROUND(K47*(1+$I$16),2) -> 2.61
B48: 4.1.4 | C48: ORSE | D48: 3637 | E48: Fornecimento e instalação de tela aço soldada nervurada CA-60, Q-92, malha 15x15cm, ferro 4.2mm (1.48 kg/m2), painel 2,45x6,0m, Telcon ou similar | F48: m² | G48: ='QUANT.PRAÇA CERCA'!$F$31 -> 237.13 | H48: =L48 -> 49.43 | I48: =G48*H48 -> 11721.336 | K48: 37.46 | L48: =ROUND(K48*(1+$I$16),2) -> 49.43
B49: 4.2 | E49: ACABAMENTOS
B50: 4.2.1 | C50: ORSE | D50: 7675 | E50: Piso de borracha reciclada, granulada, tipo"S", da marca HAIAH ou similar, fornecimento e instalação, exclusive lastro de brita e areia | F50: m² | G50: ='QUANT.PRAÇA CERCA'!$F$33 -> 94.23 | H50: =L50 -> 256.83 | I50: =G50*H50 -> 24201.091 | K50: 194.63 | L50: =ROUND(K50*(1+$I$16),2) -> 256.83
B51: 4.2.2 | C51: Comp. 01 | E51: Piso porcelanato long deck maso 26x106cm, Biancogres/equiv, utilizando dupla colagem de argamassa colante para porcelanato tipo ACIII e rejunte 1mm para porcelanato | F51: m² | G51: ='QUANT.PRAÇA CERCA'!$F$34 -> 38.76 | H51: =L51 -> 152.82 | I51: =G51*H51 -> 5923.3032 | K51: =[5]COMPOSIÇOES!F38 -> 115.8102 | L51: =ROUND(K51*(1+$I$16),2) -> 152.82
B52: 4.2.3 | C52: Comp. 08 | E52: Piso argamassa alta resistência tipo granilite ou equiv de qualidade comprovada, esp de 10mm, com juntas plástica em quadros de 1m, na cor cimento queimado, com acabamento anti-derrapante mecanizado, inclusive regularização e=3.0cm | F52: m² | G52: ='QUANT.PRAÇA CERCA'!$F$35 -> 63.33 | H52: =L52 -> 144.27 | I52: =G52*H52 -> 9136.6191 | K52: =[5]COMPOSIÇOES!F76 -> 109.32883 | L52: =ROUND(K52*(1+$I$16),2) -> 144.27
B53: 4.2.4 | C53: Comp. 07 | E53: Piso argamassa alta resistência tipo granilite ou equiv de qualidade comprovada, esp de 10mm, com juntas plástica em quadros de 1m, na cor beje, com acabamento anti-derrapante mecanizado, inclusive regularização e=3.0cm | F53: m² | G53: ='QUANT.PRAÇA CERCA'!$F$36 -> 33.29 | H53: =L53 -> 144.27 | I53: =G53*H53 -> 4802.7483 | K53: =[5]COMPOSIÇOES!F113 -> 109.32883 | L53: =ROUND(K53*(1+$I$16),2) -> 144.27
B54: 4.3 | E54: DEGRAUS, RODAPÉS, SOLEIRAS E PEITORIS
B55: 4.3.1 | C55: IOPES | D55: 130308 | E55: Tabeira de granito esp. 2 cm e largura de 15 cm | F55: m | G55: ='QUANT.PRAÇA CERCA'!$F$38 -> 153.02 | H55: =L55 -> 52.41 | I55: =G55*H55 -> 8019.7782 | K55: 39.72 | L55: =ROUND(K55*(1+$I$16),2) -> 52.41
B56: 5 | E56: INSTALAÇÕES ELÉTRICAS
B57: 5.1 | E57: CAIXAS DE PASSAGEM
B58: 5.1.1 | C58: IOPES | D58: 150614 | E58: Caixa de passagem de alvenaria de blocos de concreto 9x19x39cm, dimensões de 30x30x50cm, com revestimento interno em chapisco e reboco, tampa de concreto esp.5cm e lastro de brita 5 cm | F58: und | G58: ='QUANT.PRAÇA CERCA'!$F$41 -> 3 | H58: =L58 -> 157.96 | I58: =G58*H58 -> 473.88 | K58: 119.7 | L58: =ROUND(K58*(1+$I$16),2) -> 157.96
B59: 5.1.2 | C59: IOPES | D59: 150628 | E59: Caixa de embutir marca de referência Tigreflex, 4x2" | F59: und | G59: ='QUANT.PRAÇA CERCA'!$F$42 -> 24 | H59: =L59 -> 10.08 | I59: =G59*H59 -> 241.92 | K59: 7.64 | L59: =ROUND(K59*(1+$I$16),2) -> 10.08
B60: 5.2 | E60: ELETRODUTOS E CONEXÕES
B61: 5.2.1 | C61: IOPES | D61: 151133 | E61: Eletroduto flexível corrugado 1", marca de referência TIGRE | F61: m | G61: ='QUANT.PRAÇA CERCA'!$F$44 -> 40 | H61: =L61 -> 13.47 | I61: =G61*H61 -> 538.8 | K61: 10.21 | L61: =ROUND(K61*(1+$I$16),2) -> 13.47
B62: 5.2.2 | C62: SINAPI | D62: 91850 | E62: Eletroduto flexível corrugado, pead, dn 40 mm (1 1/4"), para circuitos terminais, instalado em laje - fornecimento e instalação. af_12/2015 | F62: m | G62: ='QUANT.PRAÇA CERCA'!$F$45 -> 25 | H62: =L62 -> 12.63 | I62: =G62*H62 -> 315.75 | K62: 9.57 | L62: =ROUND(K62*(1+$I$16),2) -> 12.63
B63: 5.3 | E63: CHAVES, FUSIVEIS E DISJUNTORES
B64: 5.3.1 | C64: IOPES | D64: 151301 | E64: Mini-Disjuntor monopolar 16 A, curva C - 5KA 220/127VCA (NBR IEC 60947-2), Ref. Siemens, GE, Schneider ou equivalente | F64: und | G64: ='QUANT.PRAÇA CERCA'!$F$47 -> 2 | H64: =L64 -> 25.07 | I64: =ROUND(G64*H64,2) -> 50.14 | K64: 19 | L64: =ROUND(K64*(1+$I$16),2) -> 25.07
B65: 5.3.2 | C65: IOPES | D65: 151302 | E65: Mini-Disjuntor monopolar 20 A, curva C - 5KA 220/127VCA (NBR IEC 60947-2), Ref. Siemens, GE, Schneider ou equivalente | F65: und | G65: ='QUANT.PRAÇA CERCA'!$F$48 -> 2 | H65: =L65 -> 25.07 | I65: =ROUND(G65*H65,2) -> 50.14 | K65: 19 | L65: =ROUND(K65*(1+$I$16),2) -> 25.07
B66: 5.4 | E66: FIOS E CABOS
B67: 5.4.1 | C67: IOPES | D67: 151402 | E67: Fio de cobre termoplástico, com isolamento para 750V, seção de 2.5 mm2 | F67: m | G67: ='QUANT.PRAÇA CERCA'!$F$50 -> 50 | H67: =L67 -> 8.8 | I67: =G67*H67 -> 440 | K67: 6.67 | L67: =ROUND(K67*(1+$I$16),2) -> 8.8
B68: 5.4.2 | C68: IOPES | D68: 151403 | E68: Fio ou cabo de cobre termoplástico, com isolamento para 750V, seção de 4.0 mm2 | F68: m | G68: ='QUANT.PRAÇA CERCA'!$F$51 -> 30 | H68: =L68 -> 11.74 | I68: =G68*H68 -> 352.2 | K68: 8.9 | L68: =ROUND(K68*(1+$I$16),2) -> 11.74
B69: 5.5 | E69: PONTOS ELETRICOS REVISAO NR-10
B70: 5.5.1 | C70: IOPES | D70: 151817 | E70: Ponto padrão de tomada de piso - considerando eletroduto PVC rígido de 3/4" inclusive conexões (5.0m), fio isolado PVC de 2.5mm2 (18.0m) e caixa alumínio silício 4x4" (1 und) | F70: und | G70: ='QUANT.PRAÇA CERCA'!$F$53 -> 6 | H70: =L70 -> 307.24 | I70: =G70*H70 -> 1843.44 | K70: 232.83 | L70: =ROUND(K70*(1+$I$16),2) -> 307.24
B71: 6 | E71: APARELHOS ELÉTRICOS
B72: 6.1 | E72: LUMINÁRIAS
B73: 6.1.1 | C73: Comp.03 | E73: Balizador Spot Luminária Blindado Embutir Led 5w Chão Piso Escada Jardim Gramado - Branco Quente - 3200k Ip66 Smd.Fornecimento e instalação | F73: und | G73: ='QUANT.PRAÇA CERCA'!$F$56 -> 8 | H73: =L73 -> 136.71 | I73: =G73*H73 -> 1093.68 | K73: =[5]COMPOSIÇOES!F151 -> 103.601 | L73: =ROUND(K73*(1+$I$16),2) -> 136.71
B74: 6.1.2 | C74: Comp.06 | E74: Luminaria Painel Led redonda 100-240v Sobrepor 220 Redondo 18w 6500k.Fornecimento e instalação | F74: und | G74: ='QUANT.PRAÇA CERCA'!$F$57 -> 8 | H74: =L74 -> 83.16 | I74: =G74*H74 -> 665.28 | K74: =[5]COMPOSIÇOES!F187 -> 63.021 | L74: =ROUND(K74*(1+$I$16),2) -> 83.16
B75: 6.1.3 | C75: SEDOP | D75: 170993 | E75: Holofote - 300W (Cônico) | F75: und | G75: ='QUANT.PRAÇA CERCA'!$F$58 -> 4 | H75: =L75 -> 290.18 | I75: =G75*H75 -> 1160.72 | K75: 219.9 | L75: =ROUND(K75*(1+$I$16),2) -> 290.18
B76: 6.1.4 | C76: Comp.04 | E76: Refletor Led 50w Holofote Branco Neutro 4000k Avant/equiv .Fornecimento e instalação | F76: und | G76: ='QUANT.PRAÇA CERCA'!$F$59 -> 4 | H76: =L76 -> 120.26 | I76: =G76*H76 -> 481.04 | K76: =[5]COMPOSIÇOES!F223 -> 91.133 | L76: =ROUND(K76*(1+$I$16),2) -> 120.26
B77: 7 | E77: SERVIÇOS COMPLEMENTARES EXTERNOS
B78: 7.1 | E78: PAVIMENTAÇÃO
B79: 7.1.1 | C79: IOPES | D79: 130112 | E79: Lastro de concreto não estrutural, espessura de 6 cm | F79: m² | G79: ='QUANT.PRAÇA CERCA'!$F$62 -> 210.17 | H79: =L79 -> 51.53 | I79: =G79*H79 -> 10830.06 | K79: 39.05 | L79: =ROUND(K79*(1+$I$16),2) -> 51.53
B80: 7.1.2 | C80: SINAPI | D80: 97087 | E80: Camada separadora para execução de radier, em lona plástica. af_09/2017 (calçada) | F80: m² | G80: ='QUANT.PRAÇA CERCA'!$F$63 -> 210.17 | H80: =L80 -> 2.61 | I80: =G80*H80 -> 548.5437 | K80: 1.98 | L80: =ROUND(K80*(1+$I$16),2) -> 2.61
B81: 7.1.3 | C81: ORSE | D81: 3637 | E81: Fornecimento e instalação de tela aço soldada nervurada CA-60, Q-92, malha 15x15cm, ferro 4.2mm (1.48 kg/m2), painel 2,45x6,0m, Telcon ou similar | F81: m² | G81: ='QUANT.PRAÇA CERCA'!$F$64 -> 210.17 | H81: =L81 -> 49.43 | I81: =G81*H81 -> 10388.703 | K81: 37.46 | L81: =ROUND(K81*(1+$I$16),2) -> 49.43
B82: 7.1.4 | C82: IOPES | D82: 200202 | E82: Meio-fio de concreto pré-moldado com dimensões de 15x12x30x100 cm , rejuntados com argamassa de cimento e areia no traço 1:3 | F82: m | G82: ='QUANT.PRAÇA CERCA'!$F$65 -> 94.09 | H82: =L82 -> 64.01 | I82: =G82*H82 -> 6022.7009 | K82: 48.51 | L82: =ROUND(K82*(1+$I$16),2) -> 64.01
B83: 7.1.5 | C83: IOPES | D83: 190205 | E83: Caiação de meio-fio, a três demãos | F83: m² | G83: ='QUANT.PRAÇA CERCA'!$F$66 -> 21.99 | H83: =L83 -> 12.27 | I83: =G83*H83 -> 269.8173 | K83: 9.3 | L83: =ROUND(K83*(1+$I$16),2) -> 12.27
B84: 7.1.6 | C84: IOPES | D84: 200253 | E84: Fornecimento e assentamento de ladrilho hidráulico pastilhado, vermelho, dim. 20x20 cm, esp. 1.5cm, assentado com pasta de cimento colante, exclusive regularização e lastro | F84: m² | G84: ='QUANT.PRAÇA CERCA'!$F$67 -> 42.1 | H84: =L84 -> 98.88 | I84: =G84*H84 -> 4162.848 | K84: 74.93 | L84: =ROUND(K84*(1+$I$16),2) -> 98.88
B85: 7.1.7 | C85: IOPES | D85: 130230 | E85: Piso argamassa alta resistência tipo granilite ou equiv de qualidade comprovada, esp de 10mm, com juntas plástica em quadros de 1m, na cor natural, com acabamento anti-derrapante mecanizado, inclusive regularização e=3.0cm | F85: m² | G85: ='QUANT.PRAÇA CERCA'!$F$68 -> 167.73 | H85: =L85 -> 140.68 | I85: =G85*H85 -> 23596.256 | K85: 106.61 | L85: =ROUND(K85*(1+$I$16),2) -> 140.68
B86: 7.1.8 | C86: ORSE | D86: 12214 | E86: Rampa padrão para acesso de deficientes a passeio público, em concreto simples Fck=25MPa, desempolada, com pintura indicativa em novacor, 02 demãos | F86: und | G86: ='QUANT.PRAÇA CERCA'!$F$69 -> 2 | H86: =L86 -> 441.59 | I86: =G86*H86 -> 883.18 | K86: 334.64 | L86: =ROUND(K86*(1+$I$16),2) -> 441.59
B87: 7.2 | E87: PAISAGISMO
B88: 7.2.1 | C88: IOPES | D88: 200326 | E88: Fornecimento e plantio de grama em placas tipo esmeralda, inclusive fornecimento de terra vegetal | F88: m² | G88: ='QUANT.PRAÇA CERCA'!$F$71 -> 177.06 | H88: =L88 -> 29.55 | I88: =G88*H88 -> 5232.123 | K88: 22.39 | L88: =ROUND(K88*(1+$I$16),2) -> 29.55
B89: 7.2.2 | C89: SINAPI | D89: 98516 | E89: Plantio de palmeira com altura de muda menor ou igual a 2,00 m. af_05/2018 | F89: und | G89: ='QUANT.PRAÇA CERCA'!$F$73 -> 2 | H89: =L89 -> 366.35 | I89: =G89*H89 -> 732.7 | K89: 277.62 | L89: =ROUND(K89*(1+$I$16),2) -> 366.35
B90: 7.2.3 | C90: SINAPI | D90: 98510 | E90: Plantio de árvore ornamental com altura de muda menor ou igual a 2,00 m. af_05/2018 | F90: und | G90: ='QUANT.PRAÇA CERCA'!$F$72 -> 4 | H90: =L90 -> 76.18 | I90: =G90*H90 -> 304.72 | K90: 57.73 | L90: =ROUND(K90*(1+$I$16),2) -> 76.18
B91: 7.2.4 | C91: SEINFRA | D91: C1452 | E91: Herbáceas ornamentais em geral | F91: m² | G91: ='QUANT.PRAÇA CERCA'!$F$74 -> 49.88 | H91: =L91 -> 249.63 | I91: =G91*H91 -> 12451.544 | K91: 189.17 | L91: =ROUND(K91*(1+$I$16),2) -> 249.63
B92: 7.3 | E92: TRATAMENTO, CONSERVAÇÃO E LIMPEZA
B93: 7.3.1 | C93: IOPES | D93: 200402 | E93: Limpeza geral de obras (quadras, praças e jardins) | F93: m² | G93: ='QUANT.PRAÇA CERCA'!$F$76 -> 630 | H93: =L93 -> 1.29 | I93: =G93*H93 -> 812.7 | K93: 0.98 | L93: =ROUND(K93*(1+$I$16),2) -> 1.29
B94: 7.4 | E94: BANCO DE CONCRETO
B95: 7.4.1 | C95: IOPES | D95: 050601 | E95: Alvenaria de blocos de concreto 9x19x39cm, c/ resist. mínimo a compres. 2.5 MPa, assent. c/ arg. de cimento, cal hidratada CH1 e areia no traço 1:0.5:8 esp. das juntas 10mm e esp. das paredes, s/ rev. 9cm | F95: m² | G95: ='QUANT.PRAÇA CERCA'!$F$78 -> 10.92 | H95: =L95 -> 71.36 | I95: =G95*H95 -> 779.2512 | K95: 54.08 | L95: =ROUND(K95*(1+$I$16),2) -> 71.36
B96: 7.4.2 | C96: IOPES | D96: 40231 | E96: Fornecimento, preparo e aplicação de concreto magro com consumo mínimo de cimento de 250 kg/m3 (brita 1 e 2) - (5% de perdas já incluído no custo) | F96: m³ | G96: ='QUANT.PRAÇA CERCA'!$F$79 -> 0.23 | H96: =L96 -> 665.61 | I96: =G96*H96 -> 153.0903 | K96: 504.4 | L96: =ROUND(K96*(1+$I$16),2) -> 665.61
B97: 7.4.3 | C97: IOPES | D97: 040322 | E97: Fornecimento, preparo e aplicação de concreto Fck=20 MPa (brita 1 e 2) - (5% de perdas já incluído no custo) | F97: m³ | G97: ='QUANT.PRAÇA CERCA'!$F$80 -> 1.54 | H97: =L97 -> 832.46 | I97: =G97*H97 -> 1281.9884 | K97: 630.84 | L97: =ROUND(K97*(1+$I$16),2) -> 832.46
B98: 7.4.4 | C98: IOPES | D98: 040337 | E98: Fôrma em chapa de madeira compensada plastificada 12mm para estrutura em geral, 5 reaproveitamentos, reforçada com sarrafos de madeira 2.5x10cm (incl material, corte, montagem, escoras em eucalipto e desforma) | F98: m² | G98: ='QUANT.PRAÇA CERCA'!$F$81 -> 17.35 | H98: =L98 -> 118.96 | I98: =G98*H98 -> 2063.956 | K98: 90.15 | L98: =ROUND(K98*(1+$I$16),2) -> 118.96
B99: 7.4.5 | C99: IOPES | D99: 040328 | E99: Fornecimento, dobragem e colocação em fôrma, de armadura CA-50 A média, diâmetro de 6.3 a 10.0 mm | F99: kg | G99: ='QUANT.PRAÇA CERCA'!$F$82 -> 73.98 | H99: =L99 -> 18.67 | I99: =G99*H99 -> 1381.2066 | K99: 14.15 | L99: =ROUND(K99*(1+$I$16),2) -> 18.67
B100: 7.4.6 | C100: IOPES | D100: 40333 | E100: Fornecimento, dobragem e colocação em fôrma, de armadura CA-60 B fina, diâmetro de 4.0 a 7.0mm | F100: kg | G100: ='QUANT.PRAÇA CERCA'!$F$83 -> 6.04 | H100: =L100 -> 24.12 | I100: =G100*H100 -> 145.6848 | K100: 18.28 | L100: =ROUND(K100*(1+$I$16),2) -> 24.12
B101: 7.4.7 | C101: IOPES | D101: 120101 | E101: Chapisco de argamassa de cimento e areia média ou grossa lavada, no traço 1:3, espessura 5 mm | F101: m² | G101: ='QUANT.PRAÇA CERCA'!$F$84 -> 27.54 | H101: =L101 -> 7.35 | I101: =G101*H101 -> 202.419 | K101: 5.57 | L101: =ROUND(K101*(1+$I$16),2) -> 7.35
B102: 7.4.8 | C102: IOPES | D102: 120301 | E102: Emboço de argamassa de cimento, cal hidratada CH1 e areia média ou grossa lavada no traço 1:0.5:6, espessura 20 mm | F102: m² | G102: ='QUANT.PRAÇA CERCA'!$F$85 -> 27.54 | H102: =L102 -> 36.12 | I102: =G102*H102 -> 994.7448 | K102: 27.37 | L102: =ROUND(K102*(1+$I$16),2) -> 36.12
B103: 7.4.9 | C103: IOPES | D103: 130103 | E103: Regularização de base p/ revestimento cerâmico, com argamassa de cimento e areia no traço 1:5, espessura 3cm | F103: m² | G103: ='QUANT.PRAÇA CERCA'!$F$86 -> 14 | H103: =L103 -> 25.31 | I103: =G103*H103 -> 354.34 | K103: 19.18 | L103: =ROUND(K103*(1+$I$16),2) -> 25.31
B104: 7.4.10 | C104: IOPES | D104: 130233 | E104: Porcelanato polido, acabamento acetinado, dim. 60x60cm, ref. de cor CIMENTO CINZA BOLD Potobello/equiv, utilizando dupla colagem de argamassa colante para porcelanato tipo ACIII e rejunte 1mm para porcelanato (Banco de concreto) | F104: m² | G104: ='QUANT.PRAÇA CERCA'!$F$87 -> 50.27 | H104: =L104 -> 142.16 | I104: =G104*H104 -> 7146.3832 | K104: 107.73 | L104: =ROUND(K104*(1+$I$16),2) -> 142.16
B105: 7.4.11 | C105: IOPES | D105: 100203 | E105: Pintura impermeabilizante com igolflex ou equivalente a 3 demãos | F105: m² | G105: ='QUANT.PRAÇA CERCA'!$F$88 -> 21.17 | H105: =L105 -> 55.08 | I105: =G105*H105 -> 1166.0436 | K105: 41.74 | L105: =ROUND(K105*(1+$I$16),2) -> 55.08
B106: 7.4.12 | C106: Comp. 05 | E106: Fornecimento e instalação de chapa de aço inox 316, inclusive corte, soldagem e instalação ( pingadeiras e testadas dos bancos lineares) | F106: m² | G106: ='QUANT.PRAÇA CERCA'!$F$89 -> 9.64 | H106: =L106 -> 1143.87 | I106: =G106*H106 -> 11026.907 | K106: =[5]COMPOSIÇOES!F260 -> 866.832 | L106: =ROUND(K106*(1+$I$16),2) -> 1143.87
B107: 7.5 | E107: MÓDULO JARDINEIRA
B108: 7.5.1 | C108: IOPES | D108: 050601 | E108: Alvenaria de blocos de concreto 9x19x39cm, c/ resist. mínimo a compres. 2.5 MPa, assent. c/ arg. de cimento, cal hidratada CH1 e areia no traço 1:0.5:8 esp. das juntas 10mm e esp. das paredes, s/ rev. 9cm | F108: m² | G108: ='QUANT.PRAÇA CERCA'!$F$91 -> 6.28 | H108: =L108 -> 71.36 | I108: =G108*H108 -> 448.1408 | K108: 54.08 | L108: =ROUND(K108*(1+$I$16),2) -> 71.36
B109: 7.5.2 | C109: IOPES | D109: 40231 | E109: Fornecimento, preparo e aplicação de concreto magro com consumo mínimo de cimento de 250 kg/m3 (brita 1 e 2) - (5% de perdas já incluído no custo) | F109: m³ | G109: ='QUANT.PRAÇA CERCA'!$F$92 -> 0.04 | H109: =L109 -> 665.61 | I109: =G109*H109 -> 26.6244 | K109: 504.4 | L109: =ROUND(K109*(1+$I$16),2) -> 665.61
B110: 7.5.3 | C110: IOPES | D110: 040322 | E110: Fornecimento, preparo e aplicação de concreto Fck=20 MPa (brita 1 e 2) - (5% de perdas já incluído no custo) | F110: m³ | G110: ='QUANT.PRAÇA CERCA'!$F$93 -> 1.17 | H110: =L110 -> 832.46 | I110: =G110*H110 -> 973.9782 | K110: 630.84 | L110: =ROUND(K110*(1+$I$16),2) -> 832.46
B111: 7.5.4 | C111: IOPES | D111: 040337 | E111: Fôrma em chapa de madeira compensada plastificada 12mm para estrutura em geral, 5 reaproveitamentos, reforçada com sarrafos de madeira 2.5x10cm (incl material, corte, montagem, escoras em eucalipto e desforma) | F111: m² | G111: ='QUANT.PRAÇA CERCA'!$F$94 -> 8.36 | H111: =L111 -> 118.96 | I111: =G111*H111 -> 994.5056 | K111: 90.15 | L111: =ROUND(K111*(1+$I$16),2) -> 118.96
B112: 7.5.5 | C112: IOPES | D112: 040328 | E112: Fornecimento, dobragem e colocação em fôrma, de armadura CA-50 A média, diâmetro de 6.3 a 10.0 mm | F112: kg | G112: ='QUANT.PRAÇA CERCA'!$F$95 -> 6.15 | H112: =L112 -> 18.67 | I112: =G112*H112 -> 114.8205 | K112: 14.15 | L112: =ROUND(K112*(1+$I$16),2) -> 18.67
...

Sheet LICITAÇÃO BIBLIA  (corrigida)
B10: PREFEITURA MUNICIPAL DE GUARAPARI
B14: OBRA: | C14: RECONSTRUÇÃO DA PRAÇA DA BÍBLIA | H14: ÁREA: | I14: 363,80m²
B15: LOCAL: | C15: AV.DAVINO MATTOS, GUARAPARI, ES. | H15: DATA: | I15: 44477
B16: TABELAS DE REF.: | C16: DER-ES 06/2021. | H16: BDI: | I16: 0.3196
B18: PLANILHA ORÇAMENTÁRIA
B20: ITEM | C20: FONTE | D20: CÓD. | E20: ESPECIFICAÇÃO DO SERVIÇO | F20: UND. | G20: QUANT. | H20: PREÇO UNITÁRIO | I20: PREÇO TOTAL | K20: S/ BDI | L20: C/ BDI
B21: 1 | E21: SERVIÇOS PRELIMINARES
B22: 1.1 | E22: DEMOLIÇÕES E RETIRADAS
B23: 1.1.1 | C23: IOPES | D23: 10206 | E23: Demolição de revestimento com azulejos | F23: m² | G23: ='[6]QUANT.PRAÇA BÍBLIA'!$F$7 -> 17.25 | H23: =L23 -> 52.67 | I23: =G23*H23 -> 908.5575 | K23: 39.91 | L23: =ROUND(K23*(1+$I$16),2) -> 52.67
B24: 1.1.2 | C24: IOPES | D24: 10201 | E24: Demolição de piso cimentado inclusive lastro de concreto | F24: m² | G24: ='[6]QUANT.PRAÇA BÍBLIA'!$F$8 -> 294.64 | H24: =L24 -> 27.38 | I24: =G24*H24 -> 8067.2432 | K24: 20.75 | L24: =ROUND(K24*(1+$I$16),2) -> 27.38
B25: 1.1.3 | C25: IOPES | D25: 10216 | E25: Retirada de meio-fio de concreto | F25: m | G25: ='[6]QUANT.PRAÇA BÍBLIA'!$F$9 -> 87.11 | H25: =L25 -> 10.53 | I25: =G25*H25 -> 917.2683 | K25: 7.98 | L25: =ROUND(K25*(1+$I$16),2) -> 10.53
B26: 2 | E26: INSTALAÇÃO DO CANTEIRO DE OBRAS
B27: 2.1 | E27: TAPUMES, BARRACÕES E COBERTURAS
B28: 2.1.1 | C28: IOPES | D28: 20305 | E28: Placa de obra nas dimensões de 2.0 x 4.0 m, padrão IOPES | F28: m² | G28: ='[6]QUANT.PRAÇA BÍBLIA'!$F$12 -> 8 | H28: =L28 -> 377.97 | I28: =G28*H28 -> 3023.76 | K28: 286.43 | L28: =ROUND(K28*(1+$I$16),2) -> 377.97
B29: 2.1.2 | C29: IOPES | D29: 20352 | E29: Aluguel mensal container para escritório, dim. 6.00x2.40m, c/ banheiro (vaso+lavat+chuveiro e básc), incl. porta, 2 janelas, abert p/ ar cond., 2 pt iluminação, 2 tom. elét. e 1 tom.telef. Isolam.térmico(teto e paredes), piso em comp. Naval, cert. NR18, incl. laudo descontaminação. | F29: ms | G29: ='[6]QUANT.PRAÇA BÍBLIA'!$F$13 -> 4 | H29: =L29 -> 1038.96 | I29: =G29*H29 -> 4155.84 | K29: 787.33 | L29: =ROUND(K29*(1+$I$16),2) -> 1038.96
B30: 2.1.3 | C30: IOPES | D30: 20344 | E30: Mobilização e desmobilização de conteiner locado para barracão de obra | F30: und | G30: ='[6]QUANT.PRAÇA BÍBLIA'!$F$14 -> 1 | H30: =L30 -> 1366.67 | I30: =G30*H30 -> 1366.67 | K30: 1035.67 | L30: =ROUND(K30*(1+$I$16),2) -> 1366.67
B31: 2.1.4 | C31: IOPES | D31: 20350 | E31: Tapume Telha Metálica Ondulada em aço galvalume 0,50mm Branca h=2,20m, incl. montagem estr. mad. 8"x8", c/adesivo "DER-ES" 60x60cm a cada 10m, incl. faixas pint. esmalte sint. cores azul c/ h=30cm e rosa c/ h=10cm (Reaproveitamento 2x) | F31: m | G31: ='[6]QUANT.PRAÇA BÍBLIA'!$F$15 -> 94.1 | H31: =L31 -> 236.82 | I31: =G31*H31 -> 22284.762 | K31: 179.46 | L31: =ROUND(K31*(1+$I$16),2) -> 236.82
B32: 2.2 | E32: INSTALAÇÃO DO CANTEIRO DE OBRAS (UTILIZAÇÃO 2 VEZES), PROJETO PADRÃO LABOR - NR.18 (OBRAS COM PRAZO DE EXECUÇÃO DE 6 A 12 MESES)
B33: 2.2.1 | C33: IOPES | D33: 20812 | E33: Rede de água, com padrão de entrada d'água diâm. 3/4", conf. espec. CESAN, incl. tubos e conexões para alimentação, distribuição, extravasor e limpeza, cons. o padrão a 25m, conf. projeto (2 utilizações) | F33: m | G33: ='[6]QUANT.PRAÇA BÍBLIA'!$F$17 -> 6 | H33: =L33 -> 38.82 | I33: =G33*H33 -> 232.92 | K33: 29.42 | L33: =ROUND(K33*(1+$I$16),2) -> 38.82
B34: 2.2.2 | C34: IOPES | D34: 20713 | E34: Rede de luz, incl. padrão entrada de energia trifás., cabo de ligação até barracões, quadro de distrib., disj. E chave de força (quando necessário), cons. 20m entre padrão entrada e QDG, conf. projeto (1 utilização) | F34: m | G34: ='[6]QUANT.PRAÇA BÍBLIA'!$F$18 -> 8 | H34: =L34 -> 805.52 | I34: =G34*H34 -> 6444.16 | K34: 610.43 | L34: =ROUND(K34*(1+$I$16),2) -> 805.52
B35: 3 | E35: MOVIMENTO DE TERRA
B36: 3.1 | E36: ESCAVAÇÕES
B37: 3.1.1 | C37: IOPES | D37: 30101 | E37: Escavação manual em material de 1a. categoria, até 1.50 m de profundidade | F37: m³ | G37: ='[6]QUANT.PRAÇA BÍBLIA'!$F$21 -> 3.85 | H37: =L37 -> 60.25 | I37: =G37*H37 -> 231.9625 | K37: 45.66 | L37: =ROUND(K37*(1+$I$16),2) -> 60.25
B38: 3.1.2 | C38: IOPES | D38: 30119 | E38: Apiloamento do fundo de vala com maço de 30 a 60kg | F38: m² | G38: ='[6]QUANT.PRAÇA BÍBLIA'!$F$22 -> 13.21 | H38: =L38 -> 31.53 | I38: =G38*H38 -> 416.5113 | K38: 23.89 | L38: =ROUND(K38*(1+$I$16),2) -> 31.53
B39: 3.1.3 | C39: IOPES | D39: 30201 | E39: Reaterro apiloado de cavas de fundação, em camadas de 20 cm | F39: m³ | G39: ='[6]QUANT.PRAÇA BÍBLIA'!$F$23 -> 2.22 | H39: =L39 -> 64.9 | I39: =G39*H39 -> 144.078 | K39: 49.18 | L39: =ROUND(K39*(1+$I$16),2) -> 64.9
B40: 3.2 | E40: TRANSPORTES
B41: 3.2.1 | C41: IOPES | D41: 30304 | E41: Índice de preço para remoção de entulho decorrente da execução de obras (Classe A CONAMA - NBR 10.004 - Classe II-B), incluindo aluguel da caçamba, carga, transporte e descarga em área licenciada | F41: m³ | G41: ='[6]QUANT.PRAÇA BÍBLIA'!$F$25 -> 47.62 | H41: =L41 -> 64.46 | I41: =G41*H41 -> 3069.5852 | K41: 48.85 | L41: =ROUND(K41*(1+$I$16),2) -> 64.46
B42: 4 | E42: PAREDES E PAINÉIS
B43: 4.1 | E43: ALVENARIA DE VEDAÇÃO EMPREGANDO ARGAMASSA DE CIMENTO, CAL E AREIA
B44: 4.1.1 | C44: IOPES | D44: 50601 | E44: Alvenaria de blocos de concreto 9x19x39cm, c/ resist. mínimo a compres. 2.5 MPa, assent. c/ arg. De cimento, cal hidratada CH1 e areia no traço 1:0.5:8 esp. das juntas 10mm e esp. das paredes, s/ rev. 9cm (canteiros) | F44: m² | G44: ='[6]QUANT.PRAÇA BÍBLIA'!$F$28 -> 13.45 | H44: =L44 -> 71.36 | I44: =G44*H44 -> 959.792 | K44: 54.08 | L44: =ROUND(K44*(1+$I$16),2) -> 71.36
B45: 5 | E45: REVESTIMENTO DE PAREDES
B46: 5.1 | E46: REVESTIMENTO COM ARGAMASSA
B47: 5.1.1 | C47: IOPES | D47: 120101 | E47: Chapisco de argamassa de cimento e areia média ou grossa lavada, no traço 1:3, espessura 5 mm (canteiros) | F47: m² | G47: ='[6]QUANT.PRAÇA BÍBLIA'!$F$31 -> 26.89 | H47: =L47 -> 7.35 | I47: =G47*H47 -> 197.6415 | K47: 5.57 | L47: =ROUND(K47*(1+$I$16),2) -> 7.35
B48: 5.1.2 | C48: IOPES | D48: 120301 | E48: Emboço de argamassa de cimento, cal hidratada CH1 e areia média ou grossa lavada no traço 1:0.5:6, espessura 20 mm (canteiros) | F48: m² | G48: ='[6]QUANT.PRAÇA BÍBLIA'!$F$32 -> 26.89 | H48: =L48 -> 36.12 | I48: =G48*H48 -> 971.2668 | K48: 27.37 | L48: =ROUND(K48*(1+$I$16),2) -> 36.12
B49: 5.2 | E49: ACABAMENTOS
B50: 5.2.1 | C50: COMP.04 | E50: Piso porcelanato deck legno maso (ripado), dim. 26x106cm, Biancogres/equiv, utilizando dupla colagem de argamassa colante para porcelanato tipo ACIII e rejunte 1mm para porcelanato (canteiros) | F50: m² | G50: ='[6]QUANT.PRAÇA BÍBLIA'!$F$34 -> 35.3 | H50: =L50 -> 147.3 | I50: =G50*H50 -> 5199.69 | K50: =[7]COMPOSIÇOES!F292 -> 111.6282 | L50: =ROUND(K50*(1+$I$16),2) -> 147.3
B51: 6 | E51: IMPERMEABILIZAÇÃO
B52: 6.1 | E52: IMPERMEABILIZAÇÃO CALHAS, LAJES DESCOBERTAS, BALDRAMES, PAREDES E JARDINEIRAS
B53: 6.1.1 | C53: IOPES | D53: 100203 | E53: Pintura impermeabilizante com igolflex ou equivalente a 3 demãos (canteiros) | F53: m² | G53: ='[6]QUANT.PRAÇA BÍBLIA'!$F$37 -> 17.75 | H53: =L53 -> 55.08 | I53: =G53*H53 -> 977.67 | K53: 41.74 | L53: =ROUND(K53*(1+$I$16),2) -> 55.08
B54: 7 | E54: PISOS INTERNOS E EXTERNOS
B55: 7.1 | E55: LASTRO DE CONTRAPISO
B56: 7.1.1 | C56: SINAPI | D56: 97087 | E56: Camada separadora para execução de radier, em lona plástica. af_09/2017 | F56: m² | G56: ='[6]QUANT.PRAÇA BÍBLIA'!$F$40 -> 170.42 | H56: =L56 -> 2.61 | I56: =G56*H56 -> 444.7962 | K56: 1.98 | L56: =ROUND(K56*(1+$I$16),2) -> 2.61
B57: 7.1.2 | C57: ORSE | D57: 3637 | E57: Fornecimento e instalação de tela aço soldada nervurada CA-60, Q-92, malha 15x15cm, ferro 4.2mm (1.48 kg/m2), painel 2,45x6,0m, Telcon ou similar | F57: m² | G57: ='[6]QUANT.PRAÇA BÍBLIA'!$F$41 -> 170.42 | H57: =L57 -> 49.43 | I57: =G57*H57 -> 8423.8606 | K57: 37.46 | L57: =ROUND(K57*(1+$I$16),2) -> 49.43
B58: 7.1.3 | C58: IOPES | D58: 130112 | E58: Lastro de concreto não estrutural, espessura de 6 cm | F58: m² | G58: ='[6]QUANT.PRAÇA BÍBLIA'!$F$42 -> 170.42 | H58: =L58 -> 51.53 | I58: =G58*H58 -> 8781.7426 | K58: 39.05 | L58: =ROUND(K58*(1+$I$16),2) -> 51.53
B59: 7.1.4 | C59: IOPES | D59: 130103 | E59: Regularização de base p/ revestimento cerâmico, com argamassa de cimento e areia no traço 1:5, espessura 3cm | F59: m² | G59: ='[6]QUANT.PRAÇA BÍBLIA'!$F$43 -> 100.14 | H59: =L59 -> 25.31 | I59: =G59*H59 -> 2534.5434 | K59: 19.18 | L59: =ROUND(K59*(1+$I$16),2) -> 25.31
B60: 7.2 | E60: ACABAMENTOS
B61: 7.2.1 | C61: Comp. 01 | E61: Piso porcelanato long deck maso 26x106cm, Biancogres/equiv, utilizando dupla colagem de argamassa colante para porcelanato tipo ACIII e rejunte 1mm para porcelanato | F61: m² | G61: ='[6]QUANT.PRAÇA BÍBLIA'!$F$44 -> 42.91 | H61: =L61 -> 152.82 | I61: =G61*H61 -> 6557.5062 | K61: =[7]COMPOSIÇOES!F37 -> 115.8102 | L61: =ROUND(K61*(1+$I$16),2) -> 152.82
B62: 7.2.2 | C62: COMP.02 | E62: Piso argamassa alta resistência tipo granilite ou equiv de qualidade comprovada, esp de 10mm, com juntas plástica em quadros de 1m, na cor cimento queimado, com acabamento anti-derrapante mecanizado, inclusive regularização e=3.0cm | F62: m² | G62: ='[6]QUANT.PRAÇA BÍBLIA'!$F$45 -> 93.92 | H62: =L62 -> 144.27 | I62: =G62*H62 -> 13549.838 | K62: =[7]COMPOSIÇOES!F75 -> 109.32883 | L62: =ROUND(K62*(1+$I$16),2) -> 144.27
B63: 7.2.3 | C63: COMP.03 | E63: Piso argamassa alta resistência tipo granilite ou equiv de qualidade comprovada, esp de 10mm, com juntas plástica em quadros de 1m, na cor beje, com acabamento anti-derrapante mecanizado, inclusive regularização e=3.0cm | F63: m² | G63: ='[6]QUANT.PRAÇA BÍBLIA'!$F$46 -> 43.62 | H63: =L63 -> 144.27 | I63: =G63*H63 -> 6293.0574 | K63: =[7]COMPOSIÇOES!F112 -> 109.32883 | L63: =ROUND(K63*(1+$I$16),2) -> 144.27
B64: 7.2.4 | C64: SINAPI | D64: 101092 | E64: Piso em granito aplicado em calçadas ou pisos externos. Af_05/2020 | F64: m² | G64: 12.22 | H64: =L64 -> 258.03 | I64: =G64*H64 -> 3153.1266 | K64: 195.54 | L64: =ROUND(K64*(1+$I$16),2) -> 258.03
B65: 7.3 | E65: DEGRAUS, RODAPÉS, SOLEIRAS E PEITORIS
B66: 7.3.1 | C66: IOPES | D66: 130317 | E66: Peitoril de granito cinza polido, 15 cm, esp. 3cm | F66: m | G66: ='[6]QUANT.PRAÇA BÍBLIA'!$F$49 -> 63.22 | H66: =L66 -> 91.55 | I66: =G66*H66 -> 5787.791 | K66: 69.38 | L66: =ROUND(K66*(1+$I$16),2) -> 91.55
B67: 7.3.2 | C67: ORSE | D67: 12246 | E67: Polimento de peitoril marmore | F67: m² | G67: ='[6]QUANT.PRAÇA BÍBLIA'!$F$50 -> 2.84 | H67: =L67 -> 94.79 | I67: =G67*H67 -> 269.2036 | K67: 71.83 | L67: =ROUND(K67*(1+$I$16),2) -> 94.79
B68: 7.3.3 | C68: IOPES | D68: 130308 | E68: Tabeira de granito esp. 2 cm e largura de 15 cm | F68: m | G68: ='[6]QUANT.PRAÇA BÍBLIA'!$F$51 -> 75.47 | H68: =L68 -> 52.41 | I68: =G68*H68 -> 3955.3827 | K68: 39.72 | L68: =ROUND(K68*(1+$I$16),2) -> 52.41
B69: 8 | E69: INSTALAÇÕES ELÉTRICAS
B70: 8.1 | E70: CAIXAS DE PASSAGEM
B71: 8.1.1 | C71: IOPES | D71: 150614 | E71: Caixa de passagem de alvenaria de blocos de concreto 9x19x39cm, dimensões de 30x30x50cm, com revestimento interno em chapisco e reboco, tampa de concreto esp.5cm e lastro de brita 5 cm | F71: und | G71: ='[6]QUANT.PRAÇA BÍBLIA'!$F$54 -> 3 | H71: =L71 -> 157.96 | I71: =G71*H71 -> 473.88 | K71: 119.7 | L71: =ROUND(K71*(1+$I$16),2) -> 157.96
B72: 8.1.2 | C72: IOPES | D72: 150628 | E72: Caixa de embutir marca de referência Tigreflex, 4x2" | F72: und | G72: ='[6]QUANT.PRAÇA BÍBLIA'!$F$55 -> 33 | H72: =L72 -> 10.08 | I72: =G72*H72 -> 332.64 | K72: 7.64 | L72: =ROUND(K72*(1+$I$16),2) -> 10.08
B73: 8.2 | E73: ELETRODUTOS E CONEXÕES
B74: 8.2.1 | C74: IOPES | D74: 151133 | E74: Eletroduto flexível corrugado 1", marca de referência TIGRE | F74: m | G74: ='[6]QUANT.PRAÇA BÍBLIA'!$F$57 -> 50 | H74: =L74 -> 13.47 | I74: =G74*H74 -> 673.5 | K74: 10.21 | L74: =ROUND(K74*(1+$I$16),2) -> 13.47
B75: 8.2.2 | C75: SINAPI | D75: 91850 | E75: Eletroduto flexível corrugado, pead, dn 40 mm (1 1/4"), para circuitos terminais, instalado em laje - fornecimento e instalação. af_12/2015 | F75: m | G75: ='[6]QUANT.PRAÇA BÍBLIA'!$F$58 -> 20 | H75: =L75 -> 12.63 | I75: =G75*H75 -> 252.6 | K75: 9.57 | L75: =ROUND(K75*(1+$I$16),2) -> 12.63
B76: 8.3 | E76: CHAVES, FUSIVEIS E DISJUNTORES
B77: 8.3.1 | C77: IOPES | D77: 151301 | E77: Mini-Disjuntor monopolar 16 A, curva C - 5KA 220/127VCA (NBR IEC 60947-2), Ref. Siemens, GE, Schneider ou equivalente | F77: und | G77: ='[6]QUANT.PRAÇA BÍBLIA'!$F$60 -> 2 | H77: =L77 -> 25.07 | I77: =G77*H77 -> 50.14 | K77: 19 | L77: =ROUND(K77*(1+$I$16),2) -> 25.07
B78: 8.3.2 | C78: IOPES | D78: 151302 | E78: Mini-Disjuntor monopolar 20 A, curva C - 5KA 220/127VCA (NBR IEC 60947-2), Ref. Siemens, GE, Schneider ou equivalente | F78: und | G78: ='[6]QUANT.PRAÇA BÍBLIA'!$F$61 -> 2 | H78: =L78 -> 25.07 | I78: =G78*H78 -> 50.14 | K78: 19 | L78: =ROUND(K78*(1+$I$16),2) -> 25.07
B79: 8.4 | E79: FIOS E CABOS
B80: 8.4.1 | C80: IOPES | D80: 151402 | E80: Fio de cobre termoplástico, com isolamento para 750V, seção de 2.5 mm2 | F80: m | G80: ='[6]QUANT.PRAÇA BÍBLIA'!$F$63 -> 59.67 | H80: =L80 -> 8.8 | I80: =G80*H80 -> 525.096 | K80: 6.67 | L80: =ROUND(K80*(1+$I$16),2) -> 8.8
B81: 8.4.2 | C81: IOPES | D81: 151403 | E81: Fio ou cabo de cobre termoplástico, com isolamento para 750V, seção de 4.0 mm2 | F81: m | G81: ='[6]QUANT.PRAÇA BÍBLIA'!$F$64 -> 18.32 | H81: =L81 -> 11.74 | I81: =G81*H81 -> 215.0768 | K81: 8.9 | L81: =ROUND(K81*(1+$I$16),2) -> 11.74
B82: 8.5 | E82: PONTOS ELETRICOS REVISAO NR-10
B83: 8.5.1 | C83: IOPES | D83: 151817 | E83: Ponto padrão de tomada de piso - considerando eletroduto PVC rígido de 3/4" inclusive conexões (5.0m), fio isolado PVC de 2.5mm2 (18.0m) e caixa alumínio silício 4x4" (1 und) | F83: und | G83: ='[6]QUANT.PRAÇA BÍBLIA'!$F$66 -> 5 | H83: =L83 -> 307.24 | I83: =G83*H83 -> 1536.2 | K83: 232.83 | L83: =ROUND(K83*(1+$I$16),2) -> 307.24
B84: 9 | E84: APARELHOS ELÉTRICOS
B85: 9.1 | E85: LUMINÁRIAS
B86: 9.1.1 | C86: SEDOP | D86: 170993 | E86: Holofote - 300W (Cônico) | F86: und | G86: ='[6]QUANT.PRAÇA BÍBLIA'!$F$69 -> 9 | H86: =L86 -> 290.18 | I86: =G86*H86 -> 2611.62 | K86: 219.9 | L86: =ROUND(K86*(1+$I$16),2) -> 290.18
B87: 9.1.2 | C87: Comp.05 | E87: Luminária balizador de embutir no piso para lâmpada dicroica de LED 5W GU 10 3000K, em alumínio com pintura eletrostática preta com vidro temperado medidas - 10cm diâmetro x nicho 8cm x profundidade 8,5cm | F87: und | G87: ='[6]QUANT.PRAÇA BÍBLIA'!$F$70 -> 21 | H87: =L87 -> 136.71 | I87: =G87*H87 -> 2870.91 | K87: =[7]COMPOSIÇOES!F149 -> 103.601 | L87: =ROUND(K87*(1+$I$16),2) -> 136.71
B88: 9.1.3 | C88: Comp.06 | E88: Refletor Led 50w Holofote Branco Neutro 4000k Avant/equiv .Fornecimento e instalação | F88: und | G88: ='[6]QUANT.PRAÇA BÍBLIA'!$F$71 -> 4 | H88: =L88 -> 120.26 | I88: =G88*H88 -> 481.04 | K88: =[7]COMPOSIÇOES!F219 -> 91.133 | L88: =ROUND(K88*(1+$I$16),2) -> 120.26
B89: 9.1.4 | C89: Comp.07 | E89: Luminaria Painel Led redonda 100-240v Sobrepor 220 Redondo 18w 6500k.Fornecimento e instalação | F89: und | G89: ='[6]QUANT.PRAÇA BÍBLIA'!$F$72 -> 8 | H89: =L89 -> 83.16 | I89: =G89*H89 -> 665.28 | K89: =[7]COMPOSIÇOES!F185 -> 63.021 | L89: =ROUND(K89*(1+$I$16),2) -> 83.16
B90: 10 | E90: SERVIÇOS COMPLEMENTARES EXTERNOS
B91: 10.1 | E91: PAVIMENTAÇÃO
B92: 10.1.1 | C92: SINAPI | D92: 97087 | E92: Camada separadora para execução de radier, em lona plástica. af_09/2017 (calçada) | F92: m² | G92: ='[6]QUANT.PRAÇA BÍBLIA'!$F$75 -> 102.34 | H92: =L92 -> 2.61 | I92: =G92*H92 -> 267.1074 | K92: 1.98 | L92: =ROUND(K92*(1+$I$16),2) -> 2.61
B93: 10.1.2 | C93: ORSE | D93: 3637 | E93: Fornecimento e instalação de tela aço soldada nervurada CA-60, Q-92, malha 15x15cm, ferro 4.2mm (1.48 kg/m2), painel 2,45x6,0m, Telcon ou similar (calçada) | F93: m² | G93: ='[6]QUANT.PRAÇA BÍBLIA'!$F$76 -> 102.34 | H93: =L93 -> 49.43 | I93: =G93*H93 -> 5058.6662 | K93: 37.46 | L93: =ROUND(K93*(1+$I$16),2) -> 49.43
B94: 10.1.3 | C94: IOPES | D94: 130112 | E94: Lastro de concreto não estrutural, espessura de 6 cm (calçada) | F94: m² | G94: ='[6]QUANT.PRAÇA BÍBLIA'!$F$77 -> 102.34 | H94: =L94 -> 51.53 | I94: =G94*H94 -> 5273.5802 | K94: 39.05 | L94: =ROUND(K94*(1+$I$16),2) -> 51.53
B95: 10.1.4 | C95: IOPES | D95: 130230 | E95: Piso argamassa alta resistência tipo granilite ou equiv de qualidade comprovada, esp de 10mm, com juntas plástica em quadros de 1m, na cor natural, com acabamento anti-derrapante mecanizado, inclusive regularização e=3.0cm | F95: m² | G95: ='[6]QUANT.PRAÇA BÍBLIA'!$F$78 -> 71.23 | H95: =L95 -> 140.68 | I95: =G95*H95 -> 10020.636 | K95: 106.61 | L95: =ROUND(K95*(1+$I$16),2) -> 140.68
B96: 10.1.5 | C96: IOPES | D96: 200253 | E96: Fornecimento e assentamento de ladrilho hidráulico pastilhado, vermelho, dim. 20x20 cm, esp. 1.5cm, assentado com pasta de cimento colante, exclusive regularização e lastro | F96: m² | G96: ='[6]QUANT.PRAÇA BÍBLIA'!$F$79 -> 37.92 | H96: =L96 -> 98.88 | I96: =G96*H96 -> 3749.5296 | K96: 74.93 | L96: =ROUND(K96*(1+$I$16),2) -> 98.88
B97: 10.1.6 | C97: IOPES | D97: 200202 | E97: Meio-fio de concreto pré-moldado com dimensões de 15x12x30x100 cm , rejuntados com argamassa de cimento e areia no traço 1:3 | F97: m | G97: ='[6]QUANT.PRAÇA BÍBLIA'!$F$80 -> 87.11 | H97: =L97 -> 64.01 | I97: =G97*H97 -> 5575.9111 | K97: 48.51 | L97: =ROUND(K97*(1+$I$16),2) -> 64.01
B98: 10.1.7 | C98: IOPES | D98: 190205 | E98: Caiação de meio-fio, a três demãos | F98: m² | G98: ='[6]QUANT.PRAÇA BÍBLIA'!$F$81 -> 26.13 | H98: =L98 -> 12.27 | I98: =G98*H98 -> 320.6151 | K98: 9.3 | L98: =ROUND(K98*(1+$I$16),2) -> 12.27
B99: 10.1.8 | C99: ORSE | D99: 12214 | E99: Rampa padrão para acesso de deficientes a passeio público, em concreto simples Fck=25MPa, desempolada, com pintura indicativa em novacor, 02 demãos | F99: und | G99: ='[6]QUANT.PRAÇA BÍBLIA'!$F$82 -> 4 | H99: =L99 -> 441.59 | I99: =G99*H99 -> 1766.36 | K99: 334.64 | L99: =ROUND(K99*(1+$I$16),2) -> 441.59
B100: 10.2 | E100: PAISAGISMO
B101: 10.2.1 | C101: SINAPI | D101: 98516 | E101: Plantio de palmeira com altura de muda menor ou igual a 2,00 m. af_05/2018 | F101: und | G101: ='[6]QUANT.PRAÇA BÍBLIA'!$F$84 -> 4 | H101: =L101 -> 366.35 | I101: =G101*H101 -> 1465.4 | K101: 277.62 | L101: =ROUND(K101*(1+$I$16),2) -> 366.35
B102: 10.2.2 | C102: IOPES | D102: 200326 | E102: Fornecimento e plantio de grama em placas tipo esmeralda, inclusive fornecimento de terra vegetal | F102: m² | G102: ='[6]QUANT.PRAÇA BÍBLIA'!$F$85 -> 44.62 | H102: =L102 -> 29.55 | I102: =G102*H102 -> 1318.521 | K102: 22.39 | L102: =ROUND(K102*(1+$I$16),2) -> 29.55
B103: 10.2.3 | C103: SEINFRA | D103: C1452 | E103: Herbáceas ornamentais em geral | F103: m² | G103: ='[6]QUANT.PRAÇA BÍBLIA'!$F$86 -> 20.02 | H103: =L103 -> 249.63 | I103: =G103*H103 -> 4997.5926 | K103: 189.17 | L103: =ROUND(K103*(1+$I$16),2) -> 249.63
B104: 10.3 | E104: TRATAMENTO, CONSERVAÇÃO E LIMPEZA
B105: 10.3.1 | C105: IOPES | D105: 200402 | E105: Limpeza geral de obras (quadras, praças e jardins) | F105: m² | G105: ='[6]QUANT.PRAÇA BÍBLIA'!$F$88 -> 363.8 | H105: =L105 -> 1.29 | I105: =G105*H105 -> 469.302 | K105: 0.98 | L105: =ROUND(K105*(1+$I$16),2) -> 1.29
B106: 10.4 | E106: BANCO DE CONCRETO
B107: 10.4.1 | C107: IOPES | D107: 050601 | E107: Alvenaria de blocos de concreto 9x19x39cm, c/ resist. mínimo a compres. 2.5 MPa, assent. c/ arg. de cimento, cal hidratada CH1 e areia no traço 1:0.5:8 esp. das juntas 10mm e esp. das paredes, s/ rev. 9cm | F107: m² | G107: ='[6]QUANT.PRAÇA BÍBLIA'!$F$90 -> 5.21 | H107: =L107 -> 71.36 | I107: =G107*H107 -> 371.7856 | K107: 54.08 | L107: =ROUND(K107*(1+$I$16),2) -> 71.36
B108: 10.4.2 | C108: IOPES | D108: 40231 | E108: Fornecimento, preparo e aplicação de concreto magro com consumo mínimo de cimento de 250 kg/m3 (brita 1 e 2) - (5% de perdas já incluído no custo) | F108: m³ | G108: ='[6]QUANT.PRAÇA BÍBLIA'!$F$91 -> 0.03 | H108: =L108 -> 665.61 | I108: =G108*H108 -> 19.9683 | K108: 504.4 | L108: =ROUND(K108*(1+$I$16),2) -> 665.61
B109: 10.4.3 | C109: IOPES | D109: 040322 | E109: Fornecimento, preparo e aplicação de concreto Fck=20 MPa (brita 1 e 2) - (5% de perdas já incluído no custo) | F109: m³ | G109: ='[6]QUANT.PRAÇA BÍBLIA'!$F$92 -> 0.92 | H109: =L109 -> 832.46 | I109: =G109*H109 -> 765.8632 | K109: 630.84 | L109: =ROUND(K109*(1+$I$16),2) -> 832.46
B110: 10.4.4 | C110: IOPES | D110: 040337 | E110: Fôrma em chapa de madeira compensada plastificada 12mm para estrutura em geral, 5 reaproveitamentos, reforçada com sarrafos de madeira 2.5x10cm (incl material, corte, montagem, escoras em eucalipto e desforma) | F110: m² | G110: ='[6]QUANT.PRAÇA BÍBLIA'!$F$93 -> 12.02 | H110: =L110 -> 118.96 | I110: =G110*H110 -> 1429.8992 | K110: 90.15 | L110: =ROUND(K110*(1+$I$16),2) -> 118.96
B111: 10.4.5 | C111: IOPES | D111: 040328 | E111: Fornecimento, dobragem e colocação em fôrma, de armadura CA-50 A média, diâmetro de 6.3 a 10.0 mm | F111: kg | G111: ='[6]QUANT.PRAÇA BÍBLIA'!$F$94 -> 35.76 | H111: =L111 -> 18.67 | I111: =G111*H111 -> 667.6392 | K111: 14.15 | L111: =ROUND(K111*(1+$I$16),2) -> 18.67
B112: 10.4.6 | C112: IOPES | D112: 40333 | E112: Fornecimento, dobragem e colocação em fôrma, de armadura CA-60 B fina, diâmetro de 4.0 a 7.0mm | F112: kg | G112: ='[6]QUANT.PRAÇA BÍBLIA'!$F$95 -> 4.07 | H112: =L112 -> 24.12 | I112: =G112*H112 -> 98.1684 | K112: 18.28 | L112: =ROUND(K112*(1+$I$16),2) -> 24.12
B113: 10.4.7 | C113: IOPES | D113: 130103 | E113: Regularização de base p/ revestimento cerâmico, com argamassa de cimento e areia no traço 1:5,espessura 3cm | F113: m² | G113: ='[6]QUANT.PRAÇA BÍBLIA'!$F$96 -> 6.71 | H113: =L113 -> 25.31 | I113: =G113*H113 -> 169.8301 | K113: 19.18 | L113: =ROUND(K113*(1+$I$16),2) -> 25.31
B114: 10.4.8 | C114: IOPES | D114: 120101 | E114: Chapisco de argamassa de cimento e areia média ou grossa lavada, no traço 1:3, espessura 5 mm | F114: m² | G114: ='[6]QUANT.PRAÇA BÍBLIA'!$F$97 -> 13.84 | H114: =L114 -> 7.35 | I114: =G114*H114 -> 101.724 | K114: 5.57 | L114: =ROUND(K114*(1+$I$16),2) -> 7.35
...

Sheet QUANT.PRAÇA CERCA
B3: ESPECIFICAÇÃO DO SERVIÇO
B4: SERVIÇOS PRELIMINARES | E4: PRACA DA CERCA
B5: FONTE | C5: CÓD. | D5: DEMOLIÇÕES E RETIRADAS | E5: UND. | F5: QUANT.
B6: IOPES | C6: 10201 | D6: Demolição de piso cimentado inclusive lastro de concreto | E6: m² | F6: 509.42
B7: IOPES | C7: 10219 | D7: Demolição manual de concreto armado (EMOP 05.001.033) | E7: m³ | F7: 0.18
B8: IOPES | C8: 10403 | D8: Corte e destocamento de árvores com diâmetro de até 15 cm | E8: und | F8: 2
B9: IOPES | C9: 10216 | D9: Retirada de meio-fio de concreto | E9: m | F9: 87.94
B10: INSTALAÇÃO DO CANTEIRO DE OBRAS
D11: TAPUMES, BARRACÕES E COBERTURAS
B12: IOPES | C12: 20305 | D12: Placa de obra nas dimensões de 2.0 x 4.0 m, padrão IOPES | E12: m² | F12: 8
B13: IOPES | C13: 20352 | D13: Aluguel mensal container para escritório, dim. 6.00x2.40m, c/ banheiro (vaso+lavat+chuveiro e básc), incl. porta, 2 janelas, abert p/ ar cond., 2 pt iluminação, 2 tom. elét. e 1 tom.telef. Isolam.térmico(teto e paredes), piso em comp. Naval, cert. NR18, incl. laudo descontaminação. | E13: und | F13: 4
B14: IOPES | C14: 20344 | D14: Mobilização e desmobilização de conteiner locado para barracão de obra | E14: und | F14: 1
B15: IOPES | C15: 20350 | D15: Tapume Telha Metálica Ondulada em aço galvalume 0,50mm Branca h=2,20m, incl. montagem estr. mad. 8"x8", c/adesivo "IOPES" 60x60cm a cada 10m, incl. faixas pint. esmalte sint. cores azul c/ h=30cm e rosa c/ h=10cm (Reaproveitamento 2x) | E15: m | F15: 89.36
D16: INSTALAÇÃO DO CANTEIRO DE OBRAS (UTILIZAÇÃO 2 VEZES), PROJETO PADRÃO LABOR - NR.18 (OBRAS COM PRAZO DE EXECUÇÃO DE 6 A 12 MESES)
B17: IOPES | C17: 20812 | D17: Rede de água, com padrão de entrada d'água diâm. 3/4", conf. espec. CESAN, incl. tubos e conexões para alimentação, distribuição, extravasor e limpeza, cons. o padrão a 25m, conf. projeto (2 utilizações) | E17: m | F17: 6
B18: IOPES | C18: 20713 | D18: Rede de luz, incl. padrão entrada de energia trifás., cabo de ligação até barracões, quadro de distrib., disj. E chave de força (quando necessário), cons. 20m entre padrão entrada e QDG, conf. projeto (1 utilização) | E18: m | F18: 8
B19: MOVIMENTO DE TERRA
D20: ESCAVAÇÕES
B21: IOPES | C21: 30101 | D21: Escavação manual em material de 1a. categoria, até 1.50 m de profundidade | E21: m³ | F21: 2.32
B22: IOPES | C22: 30119 | D22: Apiloamento do fundo de vala com maço de 30 a 60kg | E22: m² | F22: 4.76
B23: IOPES | C23: 30201 | D23: Reaterro apiloado de cavas de fundação, em camadas de 20 cm | E23: m³ | F23: 1.82
D24: TRANSPORTES
B25: IOPES | C25: 30304 | D25: Índice de preço para remoção de entulho decorrente da execução de obras (Classe A CONAMA - NBR 10.004 - Classe II-B), incluindo aluguel da caçamba, carga, transporte e descarga em área licenciada | E25: m³ | F25: 71.51
B26: PISOS INTERNOS E EXTERNOS
D27: LASTRO DE CONTRAPISO
B28: IOPES | C28: 130112 | D28: Lastro de concreto não estrutural, espessura de 6 cm | E28: m² | F28: 237.13
B29: IOPES | C29: 130103 | D29: Regularização de base p/ revestimento cerâmico, com argamassa de cimento e areia no traço 1:5, espessura 3cm | E29: m² | F29: 120.9
B30: SINAPI | C30: 97087 | D30: Camada separadora para execução de radier, em lona plástica. af_09/2017 (calçada) | E30: m² | F30: 237.13
B31: ORSE | C31: 3637 | D31: Fornecimento e instalação de tela aço soldada nervurada CA-60, Q-92, malha 15x15cm, ferro 4.2mm (1.48 kg/m2), painel 2,45x6,0m, Telcon ou similar | E31: m² | F31: 237.13
D32: ACABAMENTOS
B33: ORSE | C33: 7675 | D33: Piso de borracha reciclada, granulada, tipo"S", da marca HAIAH ou similar, fornecimento e instalação, exclusive lastro de brita e areia | E33: m² | F33: 94.23
B34: Comp. 01 | D34: Piso porcelanato long deck maso 26x106cm, Biancogres/equiv, utilizando dupla colagem de argamassa colante para porcelanato tipo ACIII e rejunte 1mm para porcelanato | E34: m² | F34: 38.76
B35: Comp. 08 | D35: Piso argamassa alta resistência tipo granilite ou equiv de qualidade comprovada, esp de 10mm, com juntas plástica em quadros de 1m, na cor cimento queimado, com acabamento anti-derrapante mecanizado, inclusive regularização e=3.0cm | E35: m² | F35: 63.33
B36: Comp. 07 | D36: Piso argamassa alta resistência tipo granilite ou equiv de qualidade comprovada, esp de 10mm, com juntas plástica em quadros de 1m, na cor beje, com acabamento anti-derrapante mecanizado, inclusive regularização e=3.0cm | E36: m² | F36: 33.29
D37: DEGRAUS, RODAPÉS, SOLEIRAS E PEITORIS
B38: IOPES | C38: 130308 | D38: Tabeira de granito esp. 2 cm e largura de 15 cm | E38: m | F38: 153.02
B39: INSTALAÇÕES ELÉTRICAS
D40: CAIXAS DE PASSAGEM
B41: IOPES | C41: 150614 | D41: Caixa de passagem de alvenaria de blocos de concreto 9x19x39cm, dimensões de 30x30x50cm, com revestimento interno em chapisco e reboco, tampa de concreto esp.5cm e lastro de brita 5 cm | E41: und | F41: 3
B42: IOPES | C42: 150628 | D42: Caixa de embutir marca de referência Tigreflex, 4x2" | E42: und | F42: 24
D43: ELETRODUTOS E CONEXÕES
B44: IOPES | C44: 151133 | D44: Eletroduto flexível corrugado 1", marca de referência TIGRE | E44: m | F44: 40
B45: SINAPI | C45: 91850 | D45: Eletroduto flexível corrugado, pead, dn 40 mm (1 1/4"), para circuitos terminais, instalado em laje - fornecimento e instalação. af_12/2015 | E45: m | F45: 25
D46: CHAVES, FUSIVEIS E DISJUNTORES
B47: IOPES | C47: 151301 | D47: Mini-Disjuntor monopolar 16 A, curva C - 5KA 220/127VCA (NBR IEC 60947-2), Ref. Siemens, GE, Schneider ou equivalente | E47: und | F47: 2
B48: IOPES | C48: 151302 | D48: Mini-Disjuntor monopolar 20 A, curva C - 5KA 220/127VCA (NBR IEC 60947-2), Ref. Siemens, GE, Schneider ou equivalente | E48: und | F48: 2
D49: FIOS E CABOS
B50: IOPES | C50: 151402 | D50: Fio de cobre termoplástico, com isolamento para 750V, seção de 2.5 mm2 | E50: m | F50: 50
B51: IOPES | C51: 151403 | D51: Fio ou cabo de cobre termoplástico, com isolamento para 750V, seção de 4.0 mm2 | E51: m | F51: 30
D52: PONTOS ELETRICOS REVISAO NR-10
B53: IOPES | C53: 151817 | D53: Ponto padrão de tomada de piso - considerando eletroduto PVC rígido de 3/4" inclusive conexões (5.0m), fio isolado PVC de 2.5mm2 (18.0m) e caixa alumínio silício 4x4" (1 und) | E53: und | F53: 6
B54: APARELHOS ELÉTRICOS
D55: LUMINÁRIAS
B56: Comp.03 | D56: Balizador Spot Luminária Blindado Embutir Led 5w Chão Piso Escada Jardim Gramado - Branco Quente - 3200k Ip66 Smd.Fornecimento e instalação | E56: und | F56: 8
B57: Comp.06 | D57: Luminaria Painel Led redonda 100-240v Sobrepor 220 Redondo 18w 6500k.Fornecimento e instalação | E57: und | F57: 8
B58: SEDOP | C58: 170993 | D58: Holofote - 300W (Cônico) | E58: und | F58: 4
B59: Comp.04 | D59: Refletor Led 50w Holofote Branco Neutro 4000k Avant/equiv .Fornecimento e instalação | E59: und | F59: 4
B60: SERVIÇOS COMPLEMENTARES EXTERNOS
D61: PAVIMENTAÇÃO
B62: IOPES | C62: 130112 | D62: Lastro de concreto não estrutural, espessura de 6 cm (calçada) | E62: m² | F62: 210.17
B63: SINAPI | C63: 97087 | D63: Camada separadora para execução de radier, em lona plástica. af_09/2017 (calçada) | E63: m² | F63: 210.17
B64: ORSE | C64: 3637 | D64: Fornecimento e instalação de tela aço soldada nervurada CA-60, Q-92, malha 15x15cm, ferro 4.2mm (1.48 kg/m2), painel 2,45x6,0m, Telcon ou similar (calçada) | E64: m² | F64: 210.17
B65: IOPES | C65: 200202 | D65: Meio-fio de concreto pré-moldado com dimensões de 15x12x30x100 cm , rejuntados com argamassa de cimento e areia no traço 1:3 | E65: m | F65: 94.09
B66: IOPES | C66: 190205 | D66: Caiação de meio-fio, a três demãos | E66: m² | F66: 21.99
B67: IOPES | C67: 200253 | D67: Fornecimento e assentamento de ladrilho hidráulico pastilhado, vermelho, dim. 20x20 cm, esp. 1.5cm, assentado com pasta de cimento colante, exclusive regularização e lastro | E67: m² | F67: 42.1
B68: IOPES | C68: 130230 | D68: Piso argamassa alta resistência tipo granilite ou equiv de qualidade comprovada, esp de 10mm, com juntas plástica em quadros de 1m, na cor natural, com acabamento anti-derrapante mecanizado, inclusive regularização e=3.0cm | E68: m² | F68: 167.73
B69: ORSE | C69: 12214 | D69: Rampa padrão para acesso de deficientes a passeio público, em concreto simples Fck=25MPa, desempolada, com pintura indicativa em novacor, 02 demãos | E69: und | F69: 2
D70: PAISAGISMO
B71: IOPES | C71: 200326 | D71: Fornecimento e plantio de grama em placas tipo esmeralda, inclusive fornecimento de terra vegetal | E71: m² | F71: 177.06
B72: SINAPI | C72: 98510 | D72: Plantio de árvore ornamental com altura de muda menor ou igual a 2,00 m. af_05/2018 | E72: unid. | F72: 4
B73: SINAPI | C73: 98516 | D73: Plantio de palmeira com altura de muda menor ou igual a 2,00 m. af_05/2018 | E73: und | F73: 2
B74: SEINFRA | C74: C1452 | D74: Herbáceas ornamentais em geral | E74: m² | F74: 49.88
D75: TRATAMENTO, CONSERVAÇÃO E LIMPEZA
B76: IOPES | C76: 200402 | D76: Limpeza geral de obras (quadras, praças e jardins) | E76: m² | F76: 630
D77: BANCO DE CONCRETO
B78: IOPES | C78: 050601 | D78: Alvenaria de blocos de concreto 9x19x39cm, c/ resist. mínimo a compres. 2.5 MPa, assent. c/ arg. de cimento, cal hidratada CH1 e areia no traço 1:0.5:8 esp. das juntas 10mm e esp. das paredes, s/ rev. 9cm | E78: m² | F78: 10.92
B79: IOPES | C79: 40231 | D79: Fornecimento, preparo e aplicação de concreto magro com consumo mínimo de cimento de 250 kg/m3 (brita 1 e 2) - (5% de perdas já incluído no custo) | E79: m³ | F79: 0.23
B80: IOPES | C80: 040322 | D80: Fornecimento, preparo e aplicação de concreto Fck=20 MPa (brita 1 e 2) - (5% de perdas já incluído no custo) | E80: m³ | F80: 1.54
B81: IOPES | C81: 040337 | D81: Fôrma em chapa de madeira compensada plastificada 12mm para estrutura em geral, 5 reaproveitamentos, reforçada com sarrafos de madeira 2.5x10cm (incl material, corte, montagem, escoras em eucalipto e desforma) | E81: m² | F81: 17.35
B82: IOPES | C82: 040328 | D82: Fornecimento, dobragem e colocação em fôrma, de armadura CA-50 A média, diâmetro de 6.3 a 10.0 mm | E82: kg | F82: 73.98
B83: IOPES | C83: 40333 | D83: Fornecimento, dobragem e colocação em fôrma, de armadura CA-60 B fina, diâmetro de 4.0 a 7.0mm | E83: kg | F83: 6.04
B84: IOPES | C84: 120101 | D84: Chapisco de argamassa de cimento e areia média ou grossa lavada, no traço 1:3, espessura 5 mm | E84: m² | F84: 27.54
B85: IOPES | C85: 120301 | D85: Emboço de argamassa de cimento, cal hidratada CH1 e areia média ou grossa lavada no traço 1:0.5:6, espessura 20 mm | E85: m² | F85: 27.54
B86: IOPES | C86: 130103 | D86: Regularização de base p/ revestimento cerâmico, com argamassa de cimento e areia no traço 1:5, espessura 3cm | E86: m2 | F86: 14
B87: IOPES | C87: 130233 | D87: Porcelanato polido, acabamento acetinado, dim. 60x60cm, ref. de cor CIMENTO CINZA BOLD Potobello/equiv, utilizando dupla colagem de argamassa colante para porcelanato tipo ACIII e rejunte 1mm para porcelanato (Banco de concreto) | E87: m² | F87: 50.27
B88: IOPES | C88: 100203 | D88: Pintura impermeabilizante com igolflex ou equivalente a 3 demãos | E88: m² | F88: 21.17
B89: Comp. 06 | D89: Fornecimento e instalação de chapa de aço inox 316, inclusive corte, soldagem e instalação ( pingadeiras e testadas dos bancos lineares) | E89: m² | F89: 9.64
D90: MÓDULO JARDINEIRA DUPLO
B91: IOPES | C91: 050601 | D91: Alvenaria de blocos de concreto 9x19x39cm, c/ resist. mínimo a compres. 2.5 MPa, assent. c/ arg. de cimento, cal hidratada CH1 e areia no traço 1:0.5:8 esp. das juntas 10mm e esp. das paredes, s/ rev. 9cm | E91: m² | F91: 6.28
B92: IOPES | C92: 40231 | D92: Fornecimento, preparo e aplicação de concreto magro com consumo mínimo de cimento de 250 kg/m3 (brita 1 e 2) - (5% de perdas já incluído no custo) | E92: m³ | F92: 0.04
B93: IOPES | C93: 040322 | D93: Fornecimento, preparo e aplicação de concreto Fck=20 MPa (brita 1 e 2) - (5% de perdas já incluído no custo) | E93: m³ | F93: 1.17
B94: IOPES | C94: 040337 | D94: Fôrma em chapa de madeira compensada plastificada 12mm para estrutura em geral, 5 reaproveitamentos, reforçada com sarrafos de madeira 2.5x10cm (incl material, corte, montagem, escoras em eucalipto e desforma) | E94: m² | F94: 8.36
B95: IOPES | C95: 040328 | D95: Fornecimento, dobragem e colocação em fôrma, de armadura CA-50 A média, diâmetro de 6.3 a 10.0 mm | E95: kg | F95: 6.15
B96: IOPES | C96: 120101 | D96: Chapisco de argamassa de cimento e areia média ou grossa lavada, no traço 1:3, espessura 5 mm | E96: m² | F96: 14.8
B97: IOPES | C97: 130103 | D97: Regularização de base p/ revestimento cerâmico, com argamassa de cimento e areia no traço 1:5, espessura 3cm | E97: m² | F97: 9.56
B98: IOPES | C98: 120301 | D98: Emboço de argamassa de cimento, cal hidratada CH1 e areia média ou grossa lavada no traço 1:0.5:6, espessura 20 mm | E98: m² | F98: 14.8
B99: IOPES | C99: 100203 | D99: Pintura impermeabilizante com igolflex ou equivalente a 3 demãos | E99: m2 | F99: 9.09
B100: COMP.02 | D100: Piso porcelanato Carvalho Natural, dim. 26x106cm,Biancogres/equiv, utilizando dupla colagem de argamassa colante para porcelanato tipo ACIII e rejunte 1mm para porcelanato | E100: m² | F100: 8.58
B101: COMP.09 | D101: Piso porcelanato Cemento griggio, dim. 83x83cm,Biancogres/equiv, utilizando dupla colagem de argamassa colante para porcelanato tipo ACIII e rejunte 1mm para porcelanato | E101: m² | F101: 8.32
B102: Comp.06 | D102: Fornecimento e instalação de chapa de aço inox 316, inclusive corte, soldagem e instalação ( pingadeiras e testadas dos bancos lineares) | E102: m² | F102: 3.69
...

Sheet QUANT.PRAÇA BÍBLIA
B4: ESPECIFICAÇÃO DO SERVIÇO
B5: SERVIÇOS PRELIMINARES | E5: PRAÇA DA BIBLIA
B6: FONTE | C6: CÓD. | D6: DEMOLIÇÕES E RETIRADAS | E6: UND. | F6: QUANT.
B7: IOPES | C7: 10206 | D7: Demolição de revestimento com azulejos | E7: m² | F7: 17.25
B8: IOPES | C8: 10201 | D8: Demolição de piso cimentado inclusive lastro de concreto | E8: m² | F8: 294.64
B9: IOPES | C9: 10216 | D9: Retirada de meio-fio de concreto | E9: m | F9: 87.11
B10: INSTALAÇÃO DO CANTEIRO DE OBRAS
D11: TAPUMES, BARRACÕES E COBERTURAS
B12: IOPES | C12: 20305 | D12: Placa de obra nas dimensões de 2.0 x 4.0 m, padrão IOPES | E12: m² | F12: 8
B13: IOPES | C13: 20352 | D13: Aluguel mensal container para escritório, dim. 6.00x2.40m, c/ banheiro (vaso+lavat+chuveiro e básc), incl. porta, 2 janelas, abert p/ ar cond., 2 pt iluminação, 2 tom. elét. e 1 tom.telef. Isolam.térmico(teto e paredes), piso em comp. Naval, cert. NR18, incl. laudo descontaminação. | E13: unid. | F13: 4
B14: IOPES | C14: 20344 | D14: Mobilização e desmobilização de conteiner locado para barracão de obra | E14: unid. | F14: 1
B15: IOPES | C15: 20350 | D15: Tapume Telha Metálica Ondulada em aço galvalume 0,50mm Branca h=2,20m, incl. montagem estr. mad. 8"x8", c/adesivo "DER-ES" 60x60cm a cada 10m, incl. faixas pint. esmalte sint. cores azul c/ h=30cm e rosa c/ h=10cm (Reaproveitamento 2x) | E15: m | F15: 94.1
D16: INSTALAÇÃO DO CANTEIRO DE OBRAS (UTILIZAÇÃO 2 VEZES), PROJETO PADRÃO LABOR - NR.18 (OBRAS COM PRAZO DE EXECUÇÃO DE 6 A 12 MESES)
B17: IOPES | C17: 20812 | D17: Rede de água, com padrão de entrada d'água diâm. 3/4", conf. espec. CESAN, incl. tubos e conexões para alimentação, distribuição, extravasor e limpeza, cons. o padrão a 25m, conf. projeto (2 utilizações) | E17: m | F17: 6
B18: IOPES | C18: 20713 | D18: Rede de luz, incl. padrão entrada de energia trifás., cabo de ligação até barracões, quadro de distrib., disj. E chave de força (quando necessário), cons. 20m entre padrão entrada e QDG, conf. projeto (1 utilização) | E18: m | F18: 8
B19: MOVIMENTO DE TERRA
D20: ESCAVAÇÕES
B21: IOPES | C21: 30101 | D21: Escavação manual em material de 1a. categoria, até 1.50 m de profundidade | E21: m³ | F21: 3.85
B22: IOPES | C22: 30119 | D22: Apiloamento do fundo de vala com maço de 30 a 60kg | E22: m² | F22: 13.21
B23: IOPES | C23: 30201 | D23: Reaterro apiloado de cavas de fundação, em camadas de 20 cm | E23: m³ | F23: 2.22
D24: TRANSPORTES
B25: IOPES | C25: 30304 | D25: Índice de preço para remoção de entulho decorrente da execução de obras (Classe A CONAMA - NBR 10.004 - Classe II-B), incluindo aluguel da caçamba, carga, transporte e descarga em área licenciada | E25: m³ | F25: 47.62
B26: PAREDES E PAINÉIS
D27: ALVENARIA DE VEDAÇÃO EMPREGANDO ARGAMASSA DE CIMENTO, CAL E AREIA
B28: IOPES | C28: 50601 | D28: Alvenaria de blocos de concreto 9x19x39cm, c/ resist. mínimo a compres. 2.5 MPa, assent. c/ arg. De cimento, cal hidratada CH1 e areia no traço 1:0.5:8 esp. das juntas 10mm e esp. das paredes, s/ rev. 9cm (canteiros) | E28: m² | F28: 13.45
B29: REVESTIMENTO DE PAREDES
D30: REVESTIMENTO COM ARGAMASSA
B31: IOPES | C31: 120101 | D31: Chapisco de argamassa de cimento e areia média ou grossa lavada, no traço 1:3, espessura 5 mm (canteiros) | E31: m² | F31: 26.89
B32: IOPES | C32: 120301 | D32: Emboço de argamassa de cimento, cal hidratada CH1 e areia média ou grossa lavada no traço 1:0.5:6, espessura 20 mm (canteiros) | E32: m² | F32: 26.89
D33: ACABAMENTOS
B34: COMP.04 | D34: Piso porcelanato deck legno maso (ripado), dim. 26x106cm,Biancogres/equiv, utilizando dupla colagem de argamassa colante para porcelanato tipo ACIII e rejunte 1mm para porcelanato (canteiros) | E34: m² | F34: 35.3
B35: IMPERMEABILIZAÇÃO
D36: IMPERMEABILIZAÇÃO CALHAS, LAJES DESCOBERTAS, BALDRAMES, PAREDES E JARDINEIRAS
B37: IOPES | C37: 100203 | D37: Pintura impermeabilizante com igolflex ou equivalente a 3 demãos (canteiros) | E37: m² | F37: 17.75
B38: PISOS INTERNOS E EXTERNOS
D39: ACABAMENTOS
B40: SINAPI | C40: 97087 | D40: Camada separadora para execução de radier, em lona plástica. af_09/2017 | E40: m² | F40: 170.42
B41: ORSE | C41: 3637 | D41: Fornecimento e instalação de tela aço soldada nervurada CA-60, Q-92, malha 15x15cm, ferro 4.2mm (1.48 kg/m2), painel 2,45x6,0m, Telcon ou similar | E41: m² | F41: 170.42
B42: IOPES | C42: 130112 | D42: Lastro de concreto não estrutural, espessura de 6 cm | E42: m² | F42: 170.42
B43: IOPES | C43: 130103 | D43: Regularização de base p/ revestimento cerâmico, com argamassa de cimento e areia no traço 1:5, espessura 3cm | E43: m² | F43: 100.14
B44: Comp. 01 | D44: Piso porcelanato long deck maso 26x106cm, Biancogres/equiv, utilizando dupla colagem de argamassa colante para porcelanato tipo ACIII e rejunte 1mm para porcelanato | E44: m² | F44: 42.91
B45: COMP.02 | D45: Piso argamassa alta resistência tipo granilite ou equiv de qualidade comprovada, esp de 10mm, com juntas plástica em quadros de 1m, na cor cimento queimado, com acabamento anti-derrapante mecanizado, inclusive regularização e=3.0cm | E45: m² | F45: 93.92
B46: COMP.03 | D46: Piso argamassa alta resistência tipo granilite ou equiv de qualidade comprovada, esp de 10mm, com juntas plástica em quadros de 1m, na cor beje, com acabamento anti-derrapante mecanizado, inclusive regularização e=3.0cm | E46: m² | F46: 43.62
B47: SINAPI | C47: 101092 | D47: Piso em granito aplicado em calçadas ou pisos externos. Af_05/2020 | E47: m² | F47: 11.82 | H47: 12.35
D48: DEGRAUS, RODAPÉS, SOLEIRAS E PEITORIS
B49: IOPES | C49: 130317 | D49: Peitoril de granito cinza polido, 15 cm, esp. 3cm | E49: m | F49: 63.22
B50: ORSE | C50: 12246 | D50: Polimento de peitoril marmore | E50: m² | F50: 2.84
B51: IOPES | C51: 130308 | D51: Tabeira de granito esp. 2 cm e largura de 15 cm | E51: m | F51: 75.47
B52: INSTALAÇÕES ELÉTRICAS
D53: CAIXAS DE PASSAGEM
B54: IOPES | C54: 150614 | D54: Caixa de passagem de alvenaria de blocos de concreto 9x19x39cm, dimensões de 30x30x50cm, com revestimento interno em chapisco e reboco, tampa de concreto esp.5cm e lastro de brita 5 cm | E54: und | F54: 3
B55: IOPES | C55: 150628 | D55: Caixa de embutir marca de referência Tigreflex, 4x2" | E55: und | F55: 33
D56: ELETRODUTOS E CONEXÕES
B57: IOPES | C57: 151133 | D57: Eletroduto flexível corrugado 1", marca de referência TIGRE | E57: m | F57: 50
B58: SINAPI | C58: 91850 | D58: Eletroduto flexível corrugado, pead, dn 40 mm (1 1/4"), para circuitos terminais, instalado em laje - fornecimento e instalação. af_12/2015 | E58: m | F58: 20
D59: CHAVES, FUSIVEIS E DISJUNTORES
B60: IOPES | C60: 151301 | D60: Mini-Disjuntor monopolar 16 A, curva C - 5KA 220/127VCA (NBR IEC 60947-2), Ref. Siemens, GE, Schneider ou equivalente | E60: und | F60: 2
B61: IOPES | C61: 151302 | D61: Mini-Disjuntor monopolar 20 A, curva C - 5KA 220/127VCA (NBR IEC 60947-2), Ref. Siemens, GE, Schneider ou equivalente | E61: und | F61: 2
D62: FIOS E CABOS
B63: IOPES | C63: 151402 | D63: Fio de cobre termoplástico, com isolamento para 750V, seção de 2.5 mm2 | E63: m | F63: 59.67
B64: IOPES | C64: 151403 | D64: Fio ou cabo de cobre termoplástico, com isolamento para 750V, seção de 4.0 mm2 | E64: m | F64: 18.32
D65: PONTOS ELETRICOS REVISAO NR-10
B66: IOPES | C66: 151817 | D66: Ponto padrão de tomada de piso - considerando eletroduto PVC rígido de 3/4" inclusive conexões (5.0m), fio isolado PVC de 2.5mm2 (18.0m) e caixa alumínio silício 4x4" (1 und) | E66: und | F66: 5
B67: APARELHOS ELÉTRICOS
D68: LUMINÁRIAS
B69: SEDOP | C69: 170993 | D69: Holofote - 300W (Cônico) | E69: unid. | F69: 9
B70: Comp.05 | D70: Luminária balizador de embutir no piso para lâmpada dicroica de LED 5W GU 10 3000K, em alumínio com pintura eletrostática preta com vidro temperado medidas - 10cm diâmetro x nicho 8cm x profundidade 8,5cm | E70: und | F70: 21
B71: Comp.06 | D71: Refletor Led 50w Holofote Branco Neutro 4000k Avant/equiv .Fornecimento e instalação | E71: und | F71: 4
B72: Comp.07 | D72: Luminaria Painel Led redonda 100-240v Sobrepor 220 Redondo 18w 6500k.Fornecimento e instalação | E72: und | F72: 8
B73: SERVIÇOS COMPLEMENTARES EXTERNOS
D74: PAVIMENTAÇÃO (CALÇADA)
B75: SINAPI | C75: 97087 | D75: Camada separadora para execução de radier, em lona plástica. af_09/2017 (calçada) | E75: m² | F75: 102.34
B76: ORSE | C76: 3637 | D76: Fornecimento e instalação de tela aço soldada nervurada CA-60, Q-92, malha 15x15cm, ferro 4.2mm (1.48 kg/m2), painel 2,45x6,0m, Telcon ou similar (calçada) | E76: m² | F76: 102.34
B77: IOPES | C77: 130112 | D77: Lastro de concreto não estrutural, espessura de 6 cm (calçada) | E77: m² | F77: 102.34
B78: IOPES | C78: 130230 | D78: Piso argamassa alta resistência tipo granilite ou equiv de qualidade comprovada, esp de 10mm, com juntas plástica em quadros de 1m, na cor natural, com acabamento anti-derrapante mecanizado, inclusive regularização e=3.0cm | E78: m² | F78: 71.23
B79: IOPES | C79: 200253 | D79: Fornecimento e assentamento de ladrilho hidráulico pastilhado, vermelho, dim. 20x20 cm, esp. 1.5cm, assentado com pasta de cimento colante, exclusive regularização e lastro | E79: m² | F79: 37.92
B80: IOPES | C80: 200202 | D80: Meio-fio de concreto pré-moldado com dimensões de 15x12x30x100 cm , rejuntados com argamassa de cimento e areia no traço 1:3 | E80: m | F80: 87.11
B81: IOPES | C81: 190205 | D81: Caiação de meio-fio, a três demãos | E81: m² | F81: 26.13
B82: ORSE | C82: 12214 | D82: Rampa padrão para acesso de deficientes a passeio público, em concreto simples Fck=25MPa, desempolada, com pintura indicativa em novacor, 02 demãos | E82: und | F82: 4
D83: PAISAGISMO
B84: SINAPI | C84: 98516 | D84: Plantio de palmeira com altura de muda menor ou igual a 2,00 m. af_05/2018 | E84: und | F84: 4
B85: IOPES | C85: 200326 | D85: Fornecimento e plantio de grama em placas tipo esmeralda, inclusive fornecimento de terra vegetal | E85: m² | F85: 44.62
B86: SEINFRA | C86: C1452 | D86: Herbáceas ornamentais em geral | E86: m² | F86: 20.02
D87: TRATAMENTO, CONSERVAÇÃO E LIMPEZA
B88: IOPES | C88: 200402 | D88: Limpeza geral de obras (quadras, praças e jardins) | E88: m² | F88: 363.8
D89: BANCO DE CONCRETO
B90: IOPES | C90: 050601 | D90: Alvenaria de blocos de concreto 9x19x39cm, c/ resist. mínimo a compres. 2.5 MPa, assent. c/ arg. de cimento, cal hidratada CH1 e areia no traço 1:0.5:8 esp. das juntas 10mm e esp. das paredes, s/ rev. 9cm | E90: m² | F90: 5.21
B91: IOPES | C91: 40231 | D91: Fornecimento, preparo e aplicação de concreto magro com consumo mínimo de cimento de 250 kg/m3 (brita 1 e 2) - (5% de perdas já incluído no custo) | E91: m³ | F91: 0.03
B92: IOPES | C92: 040322 | D92: Fornecimento, preparo e aplicação de concreto Fck=20 MPa (brita 1 e 2) - (5% de perdas já incluído no custo) | E92: m³ | F92: 0.92
B93: IOPES | C93: 040337 | D93: Fôrma em chapa de madeira compensada plastificada 12mm para estrutura em geral, 5 reaproveitamentos, reforçada com sarrafos de madeira 2.5x10cm (incl material, corte, montagem, escoras em eucalipto e desforma) | E93: m² | F93: 12.02
B94: IOPES | C94: 040328 | D94: Fornecimento, dobragem e colocação em fôrma, de armadura CA-50 A média, diâmetro de 6.3 a 10.0 mm | E94: kg | F94: 35.76
B95: IOPES | C95: 40333 | D95: Fornecimento, dobragem e colocação em fôrma, de armadura CA-60 B fina, diâmetro de 4.0 a 7.0mm | E95: kg | F95: 4.07
B96: IOPES | C96: 130103 | D96: Regularização de base p/ revestimento cerâmico, com argamassa de cimento e areia no traço 1:5,espessura 3cm | E96: m² | F96: 6.71
B97: IOPES | C97: 120101 | D97: Chapisco de argamassa de cimento e areia média ou grossa lavada, no traço 1:3, espessura 5 mm | E97: m² | F97: 13.84
B98: IOPES | C98: 120301 | D98: Emboço de argamassa de cimento, cal hidratada CH1 e areia média ou grossa lavada no traço 1:0.5:6, espessura 20 mm | E98: m² | F98: 13.84
B99: IOPES | C99: 130233 | D99: Porcelanato polido, acabamento acetinado, dim. 60x60cm, ref. de cor CIMENTO CINZA BOLD Potobello/equiv, utilizando dupla colagem de argamassa colante para porcelanato tipo ACIII e rejunte 1mm para porcelanato (Banco de concreto) | E99: m² | F99: 20.55
B100: IOPES | C100: 100203 | D100: Pintura impermeabilizante com igolflex ou equivalente a 3 demãos | E100: m² | F100: 11.02
B101: COMP.12 | D101: Fornecimento e instalação de chapa de aço inox 316, inclusive corte, soldagem e instalação ( pingadeiras e testadas dos bancos lineares) | E101: m² | F101: 5.31
D102: DIVERSOS EXTERNOS
B103: IOPES | C103: 200576 | D103: Placa para inauguração de obra em alumínio polido e=4mm, dimensões 40 x 50 cm, gravação em baixo relevo, inclusive pintura e fixação | E103: unid. | F103: 1

Sheet QUANT.PRAÇA BELO HOR.
B3: ESPECIFICAÇÃO DO SERVIÇO
B4: SERVIÇOS PRELIMINARES | E4: PRAÇA BELO HOR.
B5: FONTE | C5: CÓD. | D5: DEMOLIÇÕES E RETIRADAS | E5: UND. | F5: QUANT.
B6: IOPES | C6: 10403 | D6: Corte e destocamento de árvores com diâmetro de até 15 cm | E6: und | F6: 1
B7: IOPES | C7: 10216 | D7: Retirada de meio-fio de concreto | E7: m | F7: 38.83
D8: LIMPEZA DO TERRENO
B9: IOPES | C9: 10402 | D9: Raspagem e limpeza do terreno (manual) | E9: m2 | F9: 105.29
D10: LOCAÇÃO
B11: IOPES | C11: 10501 | D11: Locação de obra com gabarito de madeira | E11: m² | F11: 206.04
B12: INSTALAÇÃO DO CANTEIRO DE OBRAS
D13: TAPUMES, BARRACÕES E COBERTURAS
B14: IOPES | C14: 20305 | D14: Placa de obra nas dimensões de 2.0 x 4.0 m, padrão IOPES | E14: m² | F14: 8
B15: IOPES | C15: 20344 | D15: Mobilização e desmobilização de conteiner locado para barracão de obra | E15: und | F15: 1
B16: IOPES | C16: 20352 | D16: Aluguel mensal container para escritório, dim. 6.00x2.40m, c/ banheiro (vaso+lavat+chuveiro e básc), incl. porta, 2 janelas, abert p/ ar cond., 2 pt iluminação, 2 tom. elét. e 1 tom.telef. Isolam.térmico(teto e paredes), piso em comp. Naval, cert. NR18, incl. laudo descontaminação. | E16: ms | F16: 4
B17: IOPES | C17: 20350 | D17: Tapume Telha Metálica Ondulada em aço galvalume 0,50mm Branca h=2,20m, incl. montagem estr. mad. 8"x8", c/adesivo "IOPES" 60x60cm a cada 10m, incl. faixas pint. esmalte sint. cores azul c/ h=30cm e rosa c/ h=10cm (Reaproveitamento 2x) | E17: m | F17: 60.7
D18: INSTALAÇÃO DO CANTEIRO DE OBRAS (UTILIZAÇÃO 2 VEZES), PROJETO PADRÃO LABOR - NR.18 (OBRAS COM PRAZO DE EXECUÇÃO DE 6 A 12 MESES)
B19: IOPES | C19: 20812 | D19: Rede de água, com padrão de entrada d'água diâm. 3/4", conf. espec. CESAN, incl. tubos e conexões para alimentação, distribuição, extravasor e limpeza, cons. o padrão a 25m, conf. projeto (2 utilizações) | E19: m | F19: 4
B20: IOPES | C20: 20713 | D20: Rede de luz, incl. padrão entrada de energia trifás., cabo de ligação até barracões, quadro de distrib., disj. E chave de força (quando necessário), cons. 20m entre padrão entrada e QDG, conf. projeto (1 utilização) | E20: m | F20: 8
B21: MOVIMENTO DE TERRA
D22: ESCAVAÇÕES
B23: IOPES | C23: 30101 | D23: Escavação manual em material de 1a. categoria, até 1.50 m de profundidade | E23: m³ | F23: 1.94
B24: IOPES | C24: 30119 | D24: Apiloamento do fundo de vala com maço de 30 a 60kg | E24: m² | F24: 3.24
D25: REATERRO E COMPACTAÇÃO
B26: IOPES | C26: 30201 | D26: Reaterro apiloado de cavas de fundação, em camadas de 20 cm | E26: m³ | F26: 1.51
B27: IOPES | C27: 30210 | D27: Aterro compactado utilizando compactador de placa vibratória com reaproveitamento do material | E27: m³ | F27: 26.32
D28: TRANSPORTES
B29: IOPES | C29: 30304 | D29: Índice de preço para remoção de entulho decorrente da execução de obras (Classe A CONAMA - NBR 10.004 - Classe II-B), incluindo aluguel da caçamba, carga, transporte e descarga em área licenciada | E29: m³ | F29: 3.71
B30: PISOS INTERNOS E EXTERNOS
D31: LASTRO DE CONTRAPISO
B32: IOPES | C32: 130112 | D32: Lastro de concreto não estrutural, espessura de 6 cm | E32: m² | F32: 209.76
B33: IOPES | C33: 130103 | D33: Regularização de base p/ revestimento cerâmico, com argamassa de cimento e areia no traço 1:5, espessura 3cm | E33: m² | F33: 55.91
B34: SINAPI | C34: 97087 | D34: Camada separadora para execução de radier, em lona plástica. af_09/2017 (calçada) | E34: m² | F34: 209.76
B35: ORSE | C35: 3637 | D35: Fornecimento e instalação de tela aço soldada nervurada CA-60, Q-92, malha 15x15cm, ferro 4.2mm (1.48 kg/m2), painel 2,45x6,0m, Telcon ou similar | E35: m² | F35: 209.76
D36: ACABAMENTOS
B37: Comp. 01 | D37: Piso porcelanato long deck maso 26x106cm, Biancogres/equiv, utilizando dupla colagem de argamassa colante para porcelanato tipo ACIII e rejunte 1mm para porcelanato | E37: m² | F37: 58.58
B38: Comp. 05 | D38: Piso argamassa alta resistência tipo granilite ou equiv de qualidade comprovada, esp de 10mm, com juntas plástica em quadros de 1m, na cor cimento queimado, com acabamento anti-derrapante mecanizado, inclusive regularização e=3.0cm | E38: m² | F38: 90.46
B39: Comp. 04 | D39: Piso argamassa alta resistência tipo granilite ou equiv de qualidade comprovada, esp de 10mm, com juntas plástica em quadros de 1m, na cor beje, com acabamento anti-derrapante mecanizado, inclusive regularização e=3.0cm | E39: m² | F39: 70.71
D40: DEGRAUS, RODAPÉS, SOLEIRAS E PEITORIS
B41: IOPES | C41: 130308 | D41: Tabeira de granito esp. 2 cm e largura de 15 cm | E41: m | F41: 39.57
B42: INSTALAÇÕES ELÉTRICAS
D43: CAIXAS DE PASSAGEM
B44: IOPES | C44: 150614 | D44: Caixa de passagem de alvenaria de blocos de concreto 9x19x39cm, dimensões de 30x30x50cm, com revestimento interno em chapisco e reboco, tampa de concreto esp.5cm e lastro de brita 5 cm | E44: und | F44: 2
B45: IOPES | C45: 150628 | D45: Caixa de embutir marca de referência Tigreflex, 4x2" | E45: und | F45: 14
D46: ELETRODUTOS E CONEXÕES
B47: IOPES | C47: 151133 | D47: Eletroduto flexível corrugado 1", marca de referência TIGRE | E47: m | F47: 14.87
B48: SINAPI | C48: 91850 | D48: Eletroduto flexível corrugado, pead, dn 40 mm (1 1/4"), para circuitos terminais, instalado em laje - fornecimento e instalação. af_12/2015 | E48: m | F48: 25.12
D49: CHAVES, FUSIVEIS E DISJUNTORES
B50: IOPES | C50: 151301 | D50: Mini-Disjuntor monopolar 16 A, curva C - 5KA 220/127VCA (NBR IEC 60947-2), Ref. Siemens, GE, Schneider ou equivalente | E50: und | F50: 2
B51: IOPES | C51: 151302 | D51: Mini-Disjuntor monopolar 20 A, curva C - 5KA 220/127VCA (NBR IEC 60947-2), Ref. Siemens, GE, Schneider ou equivalente | E51: und | F51: 2
D52: FIOS E CABOS
B53: IOPES | C53: 151402 | D53: Fio de cobre termoplástico, com isolamento para 750V, seção de 2.5 mm2 | E53: m | F53: 30.88
B54: IOPES | C54: 151403 | D54: Fio ou cabo de cobre termoplástico, com isolamento para 750V, seção de 4.0 mm2 | E54: m | F54: 16
D55: PONTOS ELETRICOS REVISAO NR-10
B56: IOPES | C56: 151817 | D56: Ponto padrão de tomada de piso - considerando eletroduto PVC rígido de 3/4" inclusive conexões (5.0m), fio isolado PVC de 2.5mm2 (18.0m) e caixa alumínio silício 4x4" (1 und) | E56: und | F56: 3
B57: APARELHOS ELÉTRICOS
D58: LUMINÁRIAS
B59: Comp.02 | D59: Balizador Spot Luminária Blindado Embutir Led 5w Chão Piso Escada Jardim Gramado - Branco Quente - 3200k Ip66 Smd.Fornecimento e instalação | E59: und | F59: 14
B60: SERVIÇOS COMPLEMENTARES EXTERNOS
D61: PAVIMENTAÇÃO
B62: IOPES | C62: 130112 | D62: Lastro de concreto não estrutural, espessura de 6 cm (calçada) | E62: m² | F62: 27.34
B63: SINAPI | C63: 97087 | D63: Camada separadora para execução de radier, em lona plástica. af_09/2017 (calçada) | E63: m² | F63: 27.34
B64: ORSE | C64: 3637 | D64: Fornecimento e instalação de tela aço soldada nervurada CA-60, Q-92, malha 15x15cm, ferro 4.2mm (1.48 kg/m2), painel 2,45x6,0m, Telcon ou similar(calçada) | E64: m² | F64: 27.34
B65: IOPES | C65: 200202 | D65: Meio-fio de concreto pré-moldado com dimensões de 15x12x30x100 cm , rejuntados com argamassa de cimento e areia no traço 1:3 | E65: m | F65: 69.69
B66: IOPES | C66: 190205 | D66: Caiação de meio-fio, a três demãos | E66: m² | F66: 16.59
B67: IOPES | C67: 200253 | D67: Fornecimento e assentamento de ladrilho hidráulico pastilhado, vermelho, dim. 20x20 cm, esp. 1.5cm, assentado com pasta de cimento colante, exclusive regularização e lastro | E67: m² | F67: 28.64
B68: ORSE | C68: 12214 | D68: Rampa padrão para acesso de deficientes a passeio público, em concreto simples Fck=25MPa, desempolada, com pintura indicativa em novacor, 02 demãos | E68: und | F68: 3
D69: PAISAGISMO
B70: IOPES | C70: 200326 | D70: Fornecimento e plantio de grama em placas tipo esmeralda, inclusive fornecimento de terra vegetal | E70: m² | F70: 36.56
B71: SEINFRA | C71: C1452 | D71: Herbáceas ornamentais em geral | E71: m² | F71: 10.88
B72: SINAPI | C72: 98510 | D72: Plantio de árvore ornamental com altura de muda menor ou igual a 2,00 m. af_05/2018 | E72: und | F72: 2
D73: TRATAMENTO, CONSERVAÇÃO E LIMPEZA
B74: IOPES | C74: 200402 | D74: Limpeza geral de obras (quadras, praças e jardins) | E74: m² | F74: 263.23
D75: BANCO DE CONCRETO
B76: IOPES | C76: 050601 | D76: Alvenaria de blocos de concreto 9x19x39cm, c/ resist. mínimo a compres. 2.5 MPa, assent. c/ arg. de cimento, cal hidratada CH1 e areia no traço 1:0.5:8 esp. das juntas 10mm e esp. das paredes, s/ rev. 9cm | E76: m² | F76: 6.69
B77: IOPES | C77: 40231 | D77: Fornecimento, preparo e aplicação de concreto magro com consumo mínimo de cimento de 250 kg/m3 (brita 1 e 2) - (5% de perdas já incluído no custo) | E77: m³ | F77: 0.16
B78: IOPES | C78: 040322 | D78: Fornecimento, preparo e aplicação de concreto Fck=20 MPa (brita 1 e 2) - (5% de perdas já incluído no custo) | E78: m³ | F78: 1.39
B79: IOPES | C79: 040337 | D79: Fôrma em chapa de madeira compensada plastificada 12mm para estrutura em geral, 5 reaproveitamentos, reforçada com sarrafos de madeira 2.5x10cm (incl material, corte, montagem, escoras em eucalipto e desforma) | E79: m² | F79: 9.63
B80: IOPES | C80: 040328 | D80: Fornecimento, dobragem e colocação em fôrma, de armadura CA-50 A média, diâmetro de 6.3 a 10.0 mm | E80: kg | F80: 48.37
B81: IOPES | C81: 40333 | D81: Fornecimento, dobragem e colocação em fôrma, de armadura CA-60 B fina, diâmetro de 4.0 a 7.0mm | E81: kg | F81: 6.04
B82: IOPES | C82: 120101 | D82: Chapisco de argamassa de cimento e areia média ou grossa lavada, no traço 1:3, espessura 5 mm | E82: m² | F82: 17.58
B83: IOPES | C83: 130103 | D83: Regularização de base p/ revestimento cerâmico, com argamassa de cimento e areia no traço 1:5, espessura 3cm | E83: m² | F83: 8.6
B84: IOPES | C84: 120301 | D84: Emboço de argamassa de cimento, cal hidratada CH1 e areia média ou grossa lavada no traço 1:0.5:6, espessura 20 mm | E84: m² | F84: 17.58
B85: IOPES | C85: 130233 | D85: Porcelanato polido, acabamento acetinado, dim. 60x60cm, ref. de cor CIMENTO CINZA BOLD Potobello/equiv, utilizando dupla colagem de argamassa colante para porcelanato tipo ACIII e rejunte 1mm para porcelanato (Banco de concreto) | E85: m² | F85: 27.03
B86: IOPES | C86: 100203 | D86: Pintura impermeabilizante com igolflex ou equivalente a 3 demãos | E86: m² | F86: 13.19
B87: Comp. 03 | D87: Fornecimento e instalação de chapa de aço inox 316, inclusive corte, soldagem e instalação ( pingadeiras e testadas dos bancos lineares) | E87: m² | F87: 3.3
D88: DIVERSOS EXTERNOS
B89: IOPES | C89: 200576 | D89: Placa para inauguração de obra em alumínio polido e=4mm, dimensões 40 x 50 cm, gravação em baixo relevo, inclusive pintura e fixação | E89: und | F89: 1

Sheet QUANT.RUA MAR
B3: ESPECIFICAÇÃO DO SERVIÇO
B4: SERVIÇOS PRELIMINARES | E4: PRAÇA RUA DA MARINHA
B5: FONTE | C5: CÓD. | D5: DEMOLIÇÕES E RETIRADAS | E5: UND. | F5: QUANT.
B6: IOPES | C6: 10206 | D6: Demolição de revestimento com azulejos | E6: m² | F6: 33.72
B7: IOPES | C7: 10201 | D7: Demolição de piso cimentado inclusive lastro de concreto | E7: m² | F7: 516.31
B8: IOPES | C8: 10326 | D8: Retirada de estrutura em madeira do telhado | E8: m² | F8: 19.32
B9: IOPES | C9: 10331 | D9: Demolição de piso, soleira, peitoris e escadas em mármore ou granito, exclusive regularização | E9: m² | F9: 25.29
B10: IOPES | C10: 10216 | D10: Retirada de meio-fio de concreto | E10: m | F10: 128.14
B11: INSTALAÇÃO DO CANTEIRO DE OBRAS
D12: TAPUMES, BARRACÕES E COBERTURAS
B13: IOPES | C13: 20305 | D13: Placa de obra nas dimensões de 2.0 x 4.0 m, padrão IOPES | E13: m² | F13: 8
B14: IOPES | C14: 20352 | D14: Aluguel mensal container para escritório, dim. 6.00x2.40m, c/ banheiro (vaso+lavat+chuveiro e básc), incl. porta, 2 janelas, abert p/ ar cond., 2 pt iluminação, 2 tom. elét. e 1 tom.telef. Isolam.térmico(teto e paredes), piso em comp. Naval, cert. NR18, incl. laudo descontaminação. | E14: unid. | F14: 6
B15: IOPES | C15: 20344 | D15: Mobilização e desmobilização de conteiner locado para barracão de obra | E15: unid. | F15: 1
B16: IOPES | C16: 20350 | D16: Tapume Telha Metálica Ondulada em aço galvalume 0,50mm Branca h=2,20m, incl. montagem estr. mad. 8"x8", c/adesivo "DER-ES" 60x60cm a cada 10m, incl. faixas pint. esmalte sint. cores azul c/ h=30cm e rosa c/ h=10cm (Reaproveitamento 2x) | E16: m | F16: 124.72
D17: INSTALAÇÃO DO CANTEIRO DE OBRAS (UTILIZAÇÃO 2 VEZES), PROJETO PADRÃO LABOR - NR.18 (OBRAS COM PRAZO DE EXECUÇÃO DE 6 A 12 MESES)
B18: IOPES | C18: 20812 | D18: Rede de água, com padrão de entrada d'água diâm. 3/4", conf. espec. CESAN, incl. tubos e conexões para alimentação, distribuição, extravasor e limpeza, cons. o padrão a 25m, conf. projeto (2 utilizações) | E18: m | F18: 6
B19: IOPES | C19: 20713 | D19: Rede de luz, incl. padrão entrada de energia trifás., cabo de ligação até barracões, quadro de distrib., disj. E chave de força (quando necessário), cons. 20m entre padrão entrada e QDG, conf. projeto (1 utilização) | E19: m | F19: 8
B20: MOVIMENTO DE TERRA
D21: ESCAVAÇÕES
B22: IOPES | C22: 30101 | D22: Escavação manual em material de 1a. categoria, até 1.50 m de profundidade | E22: m³ | F22: 8.83
B23: IOPES | C23: 30119 | D23: Apiloamento do fundo de vala com maço de 30 a 60kg | E23: m² | F23: 33.87
B24: IOPES | C24: 30201 | D24: Reaterro apiloado de cavas de fundação, em camadas de 20 cm | E24: m³ | F24: 5.57
D25: TRANSPORTES
B26: IOPES | C26: 30304 | D26: Índice de preço para remoção de entulho decorrente da execução de obras (Classe A CONAMA - NBR 10.004 - Classe II-B), incluindo aluguel da caçamba, carga, transporte e descarga em área licenciada | E26: m³ | F26: 69.01
B27: REVESTIMENTO DE PAREDES
D28: ACABAMENTOS (canteiros)
B29: Comp.15 | D29: Piso porcelanato long deck maso (ripado), dim. 26x106cm,Biancogres/equiv, utilizando dupla colagem de argamassa colante para porcelanato tipo ACIII e rejunte 1mm para porcelanato (canteiros) | E29: m² | F29: 37.25
B30: IMPERMEABILIZAÇÃO
D31: IMPERMEABILIZAÇÃO CALHAS, LAJES DESCOBERTAS, BALDRAMES, PAREDES E JARDINEIRAS
B32: IOPES | C32: 100203 | D32: Pintura impermeabilizante com igolflex ou equivalente a 3 demãos | E32: m² | F32: 33.87
B33: PISOS INTERNOS E EXTERNOS
D34: ACABAMENTOS
B35: SINAPI | C35: 97087 | D35: Camada separadora para execução de radier, em lona plástica. af_09/2017 (calçada) | E35: m² | F35: 251.04
B36: ORSE | C36: 3638 | D36: Fornecimento e instalação de tela aço soldada nervurada CA-60, Q-196, malha 10x10cm, ferro 5.0mm (3,11 kg/m2), painel 2,45x6,0m, Telcon ou similar (calçada) | E36: m² | F36: 251.04
B37: IOPES | C37: 130110 | D37: Lastro regularizado de concreto não estrutural, espessura de 8 cm | E37: m² | F37: 251.04
B38: IOPES | C38: 130103 | D38: Regularização de base p/ revestimento cerâmico, com argamassa de cimento e areia no traço 1:5, espessura 3cm | E38: m² | F38: 100.14
B39: SINAPI | C39: 101092 | D39: Piso em granito aplicado em calçadas ou pisos externos. Af_05/2020 (pergolado) | E39: m² | F39: 23.6
B40: COMP.02 | D40: Piso argamassa alta resistência tipo granilite ou equiv de qualidade comprovada, esp de 10mm, com juntas plástica em quadros de 1m, na cor amarelo, com acabamento anti-derrapante mecanizado, inclusive regularização e=3.0cm | E40: m² | F40: 165.99
B41: ORSE | C41: 7675 | D41: Piso de borracha reciclada, granulada, tipo"S", da marca HAIAH ou similar, fornecimento e instalação, exclusive lastro de brita e areia | E41: m² | F41: 86.56
D42: DEGRAUS, RODAPÉS, SOLEIRAS E PEITORIS
B43: IOPES | C43: 130317 | D43: Peitoril de granito cinza polido, 15 cm, esp. 3cm | E43: m | F43: 186.26
B44: IOPES | C44: 130308 | D44: Tabeira de granito esp. 2 cm e largura de 15 cm | E44: m | F44: 20.68
B45: INSTALAÇÕES ELÉTRICAS
D46: CAIXAS DE PASSAGEM
B47: IOPES | C47: 150614 | D47: Caixa de passagem de alvenaria de blocos de concreto 9x19x39cm, dimensões de 30x30x50cm, com revestimento interno em chapisco e reboco, tampa de concreto esp.5cm e lastro de brita 5 cm | E47: und | F47: 3
B48: IOPES | C48: 150628 | D48: Caixa de embutir marca de referência Tigreflex, 4x2" | E48: und | F48: 22
D49: ELETRODUTOS E CONEXÕES
B50: IOPES | C50: 151133 | D50: Eletroduto flexível corrugado 1", marca de referência TIGRE | E50: m | F50: 40
B51: SINAPI | C51: 91850 | D51: Eletroduto flexível corrugado, pead, dn 40 mm (1 1/4"), para circuitos terminais, instalado em laje - fornecimento e instalação. af_12/2015 | E51: m | F51: 25
D52: CHAVES, FUSIVEIS E DISJUNTORES
B53: IOPES | C53: 151301 | D53: Mini-Disjuntor monopolar 16 A, curva C - 5KA 220/127VCA (NBR IEC 60947-2), Ref. Siemens, GE, Schneider ou equivalente | E53: und | F53: 2
B54: IOPES | C54: 151302 | D54: Mini-Disjuntor monopolar 20 A, curva C - 5KA 220/127VCA (NBR IEC 60947-2), Ref. Siemens, GE, Schneider ou equivalente | E54: und | F54: 2
D55: FIOS E CABOS
B56: IOPES | C56: 151402 | D56: Fio de cobre termoplástico, com isolamento para 750V, seção de 2.5 mm2 | E56: m | F56: 56
B57: IOPES | C57: 151403 | D57: Fio ou cabo de cobre termoplástico, com isolamento para 750V, seção de 4.0 mm2 | E57: m | F57: 30
D58: PONTOS ELETRICOS REVISAO NR-10
B59: IOPES | C59: 151817 | D59: Ponto padrão de tomada de piso - considerando eletroduto PVC rígido de 3/4" inclusive conexões (5.0m), fio isolado PVC de 2.5mm2 (18.0m) e caixa alumínio silício 4x4" (1 und) | E59: und | F59: 5
B60: APARELHOS ELÉTRICOS
D61: LUMINÁRIAS
B62: SEDOP | C62: 170993 | D62: Holofote - 300W (Cônico) | E62: unid. | F62: 5
B63: SINAPI | C63: 97592 | D63: Luminária tipo plafon, de sobrepor, com 1 lâmpada led de 12/13 w, reator - fornecimento e instalação. Af_02/2020 | E63: unid. | F63: 4
B64: Comp.08 | D64: Balizador Spot Luminária Blindado Embutir Led 5w Chão Piso Escada Jardim Gramado - Branco Quente - 3200k Ip66 Smd.Fornecimento e instalação | E64: und | F64: 20
B65: Comp.09 | D65: Refletor Led 50w Holofote Branco Neutro 4000k Avant/equiv .Fornecimento e instalação | E65: und | F65: 4
B66: SERVIÇOS COMPLEMENTARES EXTERNOS
D67: PAVIMENTAÇÃO
B68: SINAPI | C68: 97087 | D68: Camada separadora para execução de radier, em lona plástica. af_09/2017 (calçada) | E68: m² | F68: 184.52
B69: ORSE | C69: 3637 | D69: Fornecimento e instalação de tela aço soldada nervurada CA-60, Q-92, malha 15x15cm, ferro 4.2mm (1.48 kg/m2), painel 2,45x6,0m, Telcon ou similar (calçada) | E69: m² | F69: 184.52
B70: IOPES | C70: 130112 | D70: Lastro de concreto não estrutural, espessura de 6 cm (calçada) | E70: m² | F70: 184.52
B71: COMP.03 | D71: Piso argamassa alta resistência tipo granilite ou equiv de qualidade comprovada, esp de 10mm, com juntas plástica em quadros de 1m, na cor vermelho, com acabamento anti-derrapante mecanizado, inclusive regularização e=3.0cm | E71: m² | F71: 202.97
B72: IOPES | C72: 200253 | D72: Fornecimento e assentamento de ladrilho hidráulico pastilhado, vermelho, dim. 20x20 cm, esp. 1.5cm, assentado com pasta de cimento colante, exclusive regularização e lastro | E72: m² | F72: 57.02
B73: IOPES | C73: 200202 | D73: Meio-fio de concreto pré-moldado com dimensões de 15x12x30x100 cm , rejuntados com argamassa de cimento e areia no traço 1:3 | E73: m | F73: 134.55
B74: IOPES | C74: 190205 | D74: Caiação de meio-fio, a três demãos | E74: m² | F74: 33.64
B75: ORSE | C75: 12214 | D75: Rampa padrão para acesso de deficientes a passeio público, em concreto simples Fck=25MPa, desempolada, com pintura indicativa em novacor, 02 demãos | E75: und | F75: 1
D76: PAISAGISMO
B77: SINAPI | C77: 98510 | D77: Plantio de árvore ornamental com altura de muda menor ou igual a 2,00 m. af_05/2018 | E77: unid. | F77: 1
B78: IOPES | C78: 200326 | D78: Fornecimento e plantio de grama em placas tipo esmeralda, inclusive fornecimento de terra vegetal | E78: m² | F78: 172.76
D79: TRATAMENTO, CONSERVAÇÃO E LIMPEZA
B80: IOPES | C80: 200402 | D80: Limpeza geral de obras (quadras, praças e jardins) | E80: m² | F80: 675.17
D81: PERGOLADO
B82: COMP.04 | D82: Madeiramento em garapa/madeira de lei, peça serrada 7cm x 20cm, c/ abertura de encaixes (estrutura pergolado) | E82: m | F82: 48
B83: COMP.06 | D83: Estrutura metálica em alumínio anodizado branco com perfis 10 x 15 cm com pintura eletrostática branca. (estrutura pergolado) | E83: m | F83: 20.7
B84: COMP.07 | D84: Estrutura metálica em alumínio anodizado branco com perfis 20 x 15 cm com pintura eletrostática branca. (estrutura pergolado) | E84: m | F84: 17.5
B85: COMP.05 | D85: Fornecimento e Instalação de vidro laminado verde, e = 8,0 mm (cobertura de pergolado) | E85: m² | F85: 21.45
B86: ORSE | C86: 9415 | D86: Fornecimento e assentamento de Ripas Massaranduba/equiv. 5 x1,5cm (cobertura de pergolado) | E86: m | F86: 35
B87: SINAPI | C87: 102234 | D87: Pintura imunizante para madeira, 2 demãos. Af_01/2021 | E87: m² | F87: 33.84
D88: DIVERSOS EXTERNOS
B89: IOPES | C89: 200576 | D89: Placa para inauguração de obra em alumínio polido e=4mm, dimensões 40 x 50 cm, gravação em baixo relevo, inclusive pintura e fixação | E89: unid. | F89: 1
B90: COMP.18 | D90: Conjunto de bancos madeira de demolição encerada com encosto – Dimensões - (94x94x170 cm – 1 und) / (94X94x70 cm 2 und) – Fornecimento | E90: und | F90: 1

Sheet QUANT.PARIS
B3: ESPECIFICAÇÃO DO SERVIÇO
B4: SERVIÇOS PRELIMINARES | E4: PRAÇA PARIS
B5: FONTE | C5: CÓD. | D5: DEMOLIÇÕES E RETIRADAS | E5: UND. | F5: QUANT.
B6: IOPES | C6: 10201 | D6: Demolição de piso cimentado inclusive lastro de concreto | E6: m² | F6: 1157.95
B7: IOPES | C7: 10403 | D7: Corte e destocamento de árvores com diâmetro de até 15 cm | E7: und | F7: 1
B8: IOPES | C8: 10209 | D8: Demolição de alvenaria | E8: m³ | F8: 7.13
B9: IOPES | C9: 10216 | D9: Retirada de meio-fio de concreto | E9: m | F9: 167.35
B10: INSTALAÇÃO DO CANTEIRO DE OBRAS
D11: TAPUMES, BARRACÕES E COBERTURAS
B12: IOPES | C12: 20305 | D12: Placa de obra nas dimensões de 2.0 x 4.0 m, padrão IOPES | E12: m² | F12: 8
B13: IOPES | C13: 20352 | D13: Aluguel mensal container para escritório, dim. 6.00x2.40m, c/ banheiro (vaso+lavat+chuveiro e básc), incl. porta, 2 janelas, abert p/ ar cond., 2 pt iluminação, 2 tom. elét. e 1 tom.telef. Isolam.térmico(teto e paredes), piso em comp. Naval, cert. NR18, incl. laudo descontaminação. | E13: ms | F13: 6
B14: IOPES | C14: 20344 | D14: Mobilização e desmobilização de conteiner locado para barracão de obra | E14: unid. | F14: 1
B15: IOPES | C15: 20350 | D15: Tapume Telha Metálica Ondulada em aço galvalume 0,50mm Branca h=2,20m, incl. montagem estr. mad. 8"x8", c/adesivo "IOPES" 60x60cm a cada 10m, incl. faixas pint. esmalte sint. cores azul c/ h=30cm e rosa c/ h=10cm (Reaproveitamento 2x) | E15: m | F15: 157.82
D16: INSTALAÇÃO DO CANTEIRO DE OBRAS (UTILIZAÇÃO 2 VEZES), PROJETO PADRÃO LABOR - NR.18 (OBRAS COM PRAZO DE EXECUÇÃO DE 6 A 12 MESES)
B17: IOPES | C17: 20812 | D17: Rede de água, com padrão de entrada d'água diâm. 3/4", conf. espec. CESAN, incl. tubos e conexões para alimentação, distribuição, extravasor e limpeza, cons. o padrão a 25m, conf. projeto (2 utilizações) | E17: m | F17: 6
B18: IOPES | C18: 20713 | D18: Rede de luz, incl. padrão entrada de energia trifás., cabo de ligação até barracões, quadro de distrib., disj. e chave de força (quando necessário), cons. 20m entre padrão entrada e QDG, conf. projeto (1 utilização) | E18: m | F18: 8
B19: MOVIMENTO DE TERRA
D20: ESCAVAÇÕES
B21: IOPES | C21: 30101 | D21: Escavação manual em material de 1a. categoria, até 1.50 m de profundidade | E21: m³ | F21: 4.37
B22: IOPES | C22: 30103 | D22: Escavação mecânica em material de 1a. Categoria | E22: m³ | F22: 61.32
B23: IOPES | C23: 30119 | D23: Apiloamento do fundo de vala com maço de 30 a 60kg | E23: m² | F23: 11.01
B24: IOPES | C24: 30201 | D24: Reaterro apiloado de cavas de fundação, em camadas de 20 cm | E24: m³ | F24: 1.93
D25: TRANSPORTES
B26: IOPES | C26: 30304 | D26: Índice de preço para remoção de entulho decorrente da execução de obras (Classe A CONAMA - NBR 10.004 - Classe II-B), incluindo aluguel da caçamba, carga, transporte e descarga em área licenciada | E26: m³ | F26: 137.99
B27: PISOS INTERNOS E EXTERNOS
D28: LASTRO DE CONTRAPISO
B29: IOPES | C29: 130112 | D29: Lastro de concreto não estrutural, espessura de 6 cm | E29: m² | F29: 647.13
B30: IOPES | C30: 130103 | D30: Regularização de base p/ revestimento cerâmico, com argamassa de cimento e areia no traço 1:5, espessura 3cm | E30: m² | F30: 294.85
B31: SINAPI | C31: 97087 | D31: Camada separadora para execução de radier, em lona plástica. af_09/2017 (calçada) | E31: m² | F31: 647.13
B32: ORSE | C32: 3637 | D32: Fornecimento e instalação de tela aço soldada nervurada CA-60, Q-92, malha 15x15cm, ferro 4.2mm (1.48 kg/m2), painel 2,45x6,0m, Telcon ou similar | E32: m² | F32: 647.13
D33: ACABAMENTOS
B34: ORSE | C34: 7675 | D34: Piso de borracha reciclada, granulada, tipo"S", da marca HAIAH ou similar, fornecimento e instalação, exclusive lastro de brita e areia | E34: m² | F34: 140.35
B35: COMP.01 | D35: Piso argamassa alta resistência tipo granilite ou equiv de qualidade comprovada, esp de 10mm, com juntas plástica em quadros de 1m, na cor cimento queimado, com acabamento anti-derrapante mecanizado, inclusive regularização e=3.0cm | E35: m² | F35: 205.44
B36: COMP.02 | D36: Piso argamassa alta resistência tipo granilite ou equiv de qualidade comprovada, esp de 10mm, com juntas plástica em quadros de 1m, na cor bege, com acabamento anti-derrapante mecanizado, inclusive regularização e=3.0cm | E36: m² | F36: 202.64
B37: COMP.04 | D37: Piso em porcelanato long deck maso 26x106cm Biancogres utilizando dupla colagem de argamassa colante para porcelanato tipo ACIII e rejunte 1mm para porcelanato (externo) | E37: m² | F37: 155.87
D38: DEGRAUS, RODAPÉS, SOLEIRAS E PEITORIS
B39: IOPES | C39: 130308 | D39: Tabeira de granito esp. 2 cm e largura de 15 cm | E39: m | F39: 236.83
B40: IOPES | C40: 130317 | D40: Peitoril de granito cinza polido, 15 cm, esp. 3cm | E40: m | F40: 78.5
B41: PAREDES E PAINÉIS
D42: ALVENARIA DE VEDAÇÃO EMPREGANDO ARGAMASSA DE CIMENTO, CAL E AREIA
B43: IOPES | C43: 50601 | D43: Alvenaria de blocos de concreto 9x19x39cm, c/ resist. mínimo a compres. 2.5 MPa, assent. c/ arg. De cimento, cal hidratada CH1 e areia no traço 1:0.5:8 esp. das juntas 10mm e esp. das paredes, s/ rev. 9cm | E43: m² | F43: 28.54
B44: REVESTIMENTO DE PAREDES
D45: REVESTIMENTO COM ARGAMASSA
B46: IOPES | C46: 120101 | D46: Chapisco de argamassa de cimento e areia média ou grossa lavada, no traço 1:3, espessura 5 mm | E46: m² | F46: 57.94
B47: IOPES | C47: 120301 | D47: Emboço de argamassa de cimento, cal hidratada CH1 e areia média ou grossa lavada no traço 1:0.5:6, espessura 20 mm | E47: m² | F47: 57.94
D48: ACABAMENTOS
B49: COMP.04 | D49: Piso em porcelanato long deck maso (RIPADO) 26x106cm Biancogres utilizando dupla colagem de argamassa colante para porcelanato tipo ACIII e rejunte 1mm para porcelanato (externo) | E49: m² | F49: 31.4
B50: IMPERMEABILIZAÇÃO
D51: IMPERMEABILIZAÇÃO CALHAS, LAJES DESCOBERTAS, BALDRAMES, PAREDES E JARDINEIRAS
B52: IOPES | C52: 100203 | D52: Pintura impermeabilizante com igolflex ou equivalente a 3 demãos | E52: m² | F52: 57.94
B53: INSTALAÇÕES ELÉTRICAS
D54: CAIXAS DE PASSAGEM
B55: IOPES | C55: 150614 | D55: Caixa de passagem de alvenaria de blocos de concreto 9x19x39cm, dimensões de 30x30x50cm, com revestimento interno em chapisco e reboco, tampa de concreto esp.5cm e lastro de brita 5 cm | E55: und | F55: 4
B56: IOPES | C56: 150628 | D56: Caixa de embutir marca de referência Tigreflex, 4x2" | E56: und | F56: 70
D57: ELETRODUTOS E CONEXÕES
B58: IOPES | C58: 151133 | D58: Eletroduto flexível corrugado 1", marca de referência TIGRE | E58: m | F58: 50
B59: SINAPI | C59: 91850 | D59: Eletroduto flexível corrugado, pead, dn 40 mm (1 1/4"), para circuitos terminais, instalado em laje - fornecimento e instalação. af_12/2015 | E59: m | F59: 26
D60: CHAVES, FUSIVEIS E DISJUNTORES
B61: IOPES | C61: 151301 | D61: Mini-Disjuntor monopolar 16 A, curva C - 5KA 220/127VCA (NBR IEC 60947-2), Ref. Siemens, GE, Schneider ou equivalente | E61: und | F61: 2
B62: IOPES | C62: 151302 | D62: Mini-Disjuntor monopolar 20 A, curva C - 5KA 220/127VCA (NBR IEC 60947-2), Ref. Siemens, GE, Schneider ou equivalente | E62: und | F62: 2
D63: FIOS E CABOS
B64: IOPES | C64: 151402 | D64: Fio de cobre termoplástico, com isolamento para 750V, seção de 2.5 mm2 | E64: m | F64: 71
B65: IOPES | C65: 151403 | D65: Fio ou cabo de cobre termoplástico, com isolamento para 750V, seção de 4.0 mm2 | E65: m | F65: 48
D66: PONTOS ELETRICOS REVISAO NR-10
B67: IOPES | C67: 151817 | D67: Ponto padrão de tomada de piso - considerando eletroduto PVC rígido de 3/4" inclusive conexões (5.0m), fio isolado PVC de 2.5mm2 (18.0m) e caixa alumínio silício 4x4" (1 und) | E67: und | F67: 11
B68: APARELHOS ELÉTRICOS
D69: LUMINÁRIAS
B70: COMP.09 | D70: Luminária balizador de embutir no piso para lâmpada dicroica de LED 5W GU 10 3000K, em alumínio com pintura eletrostática preta com vidro temperado medidas - 10cm diâmetro x nicho 8cm x profundidade 8,5cm | E70: und | F70: 55
B71: COMP.19 | D71: Luminaria Painel Led redonda 100-240v Sobrepor 220 Redondo 18w 6500k.Fornecimento e instalação | E71: und | F71: 8
B72: SEDOP | C72: 170993 | D72: Holofote - 300W (Cônico) | E72: und | F72: 4
B73: COMP.11 | D73: Refletor Led 50w Holofote Branco Neutro 4000k Avant/equiv .Fornecimento e instalação | E73: und | F73: 16
B74: SERVIÇOS COMPLEMENTARES EXTERNOS
D75: TRATAMENTO, CONSERVAÇÃO E LIMPEZA
B76: IOPES | C76: 200402 | D76: Limpeza geral de obras (quadras, praças e jardins) | E76: m² | F76: 1519.51
D77: PAVIMENTAÇÃO
B78: IOPES | C78: 130112 | D78: Lastro de concreto não estrutural, espessura de 6 cm (calçada) | E78: m² | F78: 434.15
B79: SINAPI | C79: 97087 | D79: Camada separadora para execução de radier, em lona plástica. af_09/2017 (calçada) | E79: m² | F79: 434.15
B80: ORSE | C80: 3637 | D80: Fornecimento e instalação de tela aço soldada nervurada CA-60, Q-92, malha 15x15cm, ferro 4.2mm (1.48 kg/m2), painel 2,45x6,0m, Telcon ou similar (calçada) | E80: m² | F80: 434.15
B81: IOPES | C81: 200253 | D81: Fornecimento e assentamento de ladrilho hidráulico pastilhado, vermelho, dim. 20x20 cm, esp. 1.5cm, assentado com pasta de cimento colante, exclusive regularização e lastro | E81: m² | F81: 44.51
B82: IOPES | C82: 130230 | D82: Piso argamassa alta resistência tipo granilite ou equiv de qualidade comprovada, esp de 10mm, com juntas plástica em quadros de 1m, na cor natural, com acabamento anti-derrapante mecanizado, inclusive regularização e=3.0cm | E82: m² | F82: 407.34
B83: IOPES | C83: 190205 | D83: Caiação de meio-fio, a três demãos | E83: m² | F83: 41.84
B84: IOPES | C84: 200202 | D84: Meio-fio de concreto pré-moldado com dimensões de 15x12x30x100 cm , rejuntados com argamassa de cimento e areia no traço 1:3 | E84: m | F84: 167.35
B85: ORSE | C85: 12214 | D85: Rampa padrão para acesso de deficientes a passeio público, em concreto simples Fck=25MPa, desempolada, com pintura indicativa em novacor, 02 demãos | E85: unid. | F85: 2
D86: PAISAGISMO
B87: IOPES | C87: 200326 | D87: Fornecimento e plantio de grama em placas tipo esmeralda, inclusive fornecimento de terra vegetal | E87: m² | F87: 340.11
B88: SINAPI | C88: 98510 | D88: Plantio de árvore ornamental com altura de muda menor ou igual a 2,00 m. af_05/2018 | E88: unid. | F88: 4
B89: SINAPI | C89: 98516 | D89: Plantio de palmeira com altura de muda menor ou igual a 2,00 m. af_05 2018 | E89: unid. | F89: 2
D90: MÓDULO JARDINEIRA DUPLO
B91: IOPES | C91: 050601 | D91: Alvenaria de blocos de concreto 9x19x39cm, c/ resist. mínimo a compres. 2.5 MPa, assent. c/ arg. de cimento, cal hidratada CH1 e areia no traço 1:0.5:8 esp. das juntas 10mm e esp. das paredes, s/ rev. 9cm | E91: m2 | F91: 6.28
B92: IOPES | C92: 40231 | D92: Fornecimento, preparo e aplicação de concreto magro com consumo mínimo de cimento de 250 kg/m3 (brita 1 e 2) - (5% de perdas já incluído no custo) | E92: m³ | F92: 0.04
B93: IOPES | C93: 040322 | D93: Fornecimento, preparo e aplicação de concreto Fck=20 MPa (brita 1 e 2) - (5% de perdas já incluído no custo) | E93: m3 | F93: 1.17
B94: IOPES | C94: 040337 | D94: Fôrma em chapa de madeira compensada plastificada 12mm para estrutura em geral, 5 reaproveitamentos, reforçada com sarrafos de madeira 2.5x10cm (incl material, corte, montagem, escoras em eucalipto e desforma) | E94: m2 | F94: 8.36
B95: IOPES | C95: 040328 | D95: Fornecimento, dobragem e colocação em fôrma, de armadura CA-50 A média, diâmetro de 6.3 a 10.0 mm | E95: kg | F95: 6.15
B96: IOPES | C96: 120101 | D96: Chapisco de argamassa de cimento e areia média ou grossa lavada, no traço 1:3, espessura 5 mm | E96: m2 | F96: 14.08
B97: IOPES | C97: 120301 | D97: Emboço de argamassa de cimento, cal hidratada CH1 e areia média ou grossa lavada no traço 1:0.5:6, espessura 20 mm | E97: m2 | F97: 14.08
B98: IOPES | C98: 130103 | D98: Regularização de base p/ revestimento cerâmico, com argamassa de cimento e areia no traço 1:5, espessura 3cm | E98: m² | F98: 9.56
B99: IOPES | C99: 100203 | D99: Pintura impermeabilizante com igolflex ou equivalente a 3 demãos | E99: m2 | F99: 9.09
B100: COMP. 17 | D100: Piso porcelanato Carvalho Natural, dim. 26x106cm,Biancogres/equiv, utilizando dupla colagem de argamassa colante para porcelanato tipo ACIII e rejunte 1mm para porcelanato | E100: M2 | F100: 8.58
B101: COMP. 20 | D101: Piso porcelanato Cemento griggio, dim. 60x60cm,Biancogres/equiv, utilizando dupla colagem de argamassa colante para porcelanato tipo ACIII e rejunte 1mm para porcelanato | E101: m² | F101: 8.32
B102: COMP. 18 | D102: Fornecimento e instalação de chapa de aço inox 316, inclusive corte, soldagem e instalação ( pingadeiras e testadas dos bancos lineares) | E102: m2 | F102: 3.69
...

Sheet COMPOSIÇOES
B2: COMPOSIÇÕES DE CUSTOS
B3: Comp. 01
B4: Piso porcelanato long deck maso 26x106cm, Biancogres/equiv, utilizando dupla colagem de argamassa colante para porcelanato tipo ACIII e rejunte 1mm para porcelanato
Q5: Piso porcelanato Deck Legno maso, dim. 60x60cm
B6: Base: sinapi 87263 | Q6: Piso porcelanato Pietra Nicolau Beje, dim. 83x83cm
B7: Unidade: m2 | Q7: Piso porcelanato Chicago grigio, dim. 83x83cm
B8: Levantamento de preços de mercado - Data: 27/09/2021 | Q8: Piso porcelanato Carvalho Natural, dim. 26x106cm, Biancogres
B10: Estabelecimento | C10: Contato | E10: Unid | F10: Pr. Unit.
B11: Stylus Revestimentos e Acabamentos - Guarapari ES | C11: (27)3361-6277 | E11: m2 | F11: 86
B12: Revest Material de Construção - Guarapari ES | C12: (27) 3030-0580 | E12: m2 | F12: 88.5 | N12: JB
B13: Dismágua Comércio e Indústria - Guarapari ES | C13: (27) 3361-8100 | E13: m2 | F13: 91.6
B16: MÃO DE OBRA | C16: Unid | D16: Código | E16: Coefic. | F16: C. Prod. | G16: Pr. Prod. | H16: Pr. Improd. | I16: Pr. Unit. | J16: Fator Ac. | K16: Subtotal
B17: LADRILHISTA | C17: H | D17: 88256 | E17: 0.44 | H17: 0 | I17: 22.59 | J17: - | K17: =E17*I17 -> 9.9396
B18: SERVENTE | C18: H | D18: 88316 | E18: 0.2 | H18: 0 | I18: 15.66 | J18: - | K18: =E18*I18 -> 3.132
B19: SubTotal: | K19: =SUM(K17:K18) -> 13.0716
B21: MATERIAL | C21: Unid | D21: Código | E21: Coefic. | F21: C. Prod. | G21: Pr. Prod. | H21: Pr. Improd. | I21: Pr. Unit. | J21: Fator Ac. | K21: Subtotal
B22: ARGAMASSA COLANTE TIPO AC III | C22: KG | D22: 37595 | E22: 8.62 | I22: 1.69 | J22: - | K22: =E22*I22 -> 14.5678
B23: Piso porcelanato long deck maso 26x106cm, Biancogres/equiv | C23: M2 | D23: MERCADO | E23: 1.02 | I23: =SMALL(F11:F13,1) -> 86 | J23: - | K23: =E23*I23 -> 87.72
B24: REJUNTE CIMENTICIO, QUALQUER CORT | C24: KG | D24: 34357 | E24: 0.14 | I24: 3.22 | J24: - | K24: =E24*I24 -> 0.4508
B25: SubTotal: | K25: =SUM(K22:K24) -> 102.7386
B27: RESUMO
B28: DISCRIMINAÇÃO | E28: TAXA(%) | F28: VALORES
B29: Mão-de-Obra(A) | E29: 157.27 | F29: =K19 -> 13.0716
B30: Materiais(B) | F30: =K25 -> 102.7386
B31: Equipamentos(C) | F31: 0
B32: Produção da Equipe(D) | F32: 1
B33: Custo Horário Total(A+C) | F33: =F29+F31 -> 13.0716
B34: Custo Unitário da Execução[(A/D)+(C/D)] = E | F34: =((F29/F32)+(F31/F32)) -> 13.0716
B35: Custo Direto Total(B+E) | F35: =F30+F34 -> 115.8102
B36: Bonificações e Despesas Indiretas - BDI | E36: 0 | F36: =F35*(E36/100) -> 0
B37: CUSTO UNITÁRIO (Adotado) | F37: =F35+F36 -> 115.8102
B42: Comp. 03
B43: Piso argamassa alta resistência tipo granilite ou equiv de qualidade comprovada, esp de 10mm, com juntas plástica em quadros de 1m, na cor cimento queimado, com acabamento anti-derrapante mecanizado, inclusive regularização e=3.0cm
B46: Base: IOPES 130230
B47: Unidade: m2
